Workbook

Sheet HYP 1 
B1: N
B2: Budget de ventes N | W2: Apport initial trésorerie | X2: 15000
C3: Janvier | D3: Février | E3: Mars | F3: Avril | G3: Mai | H3: Juin | I3: Juillet | J3: Août | K3: Septembre | L3: Octobre | M3: Novembre | N3: Décembre | O3: à reporter au bilan ou CDR | S3: Compte de résultat Société Red au 31.12.N+1 | W3: Emprunt (principal) | X3: 100000
O4: élément | P4: Montant | S4: Prestation de services | T4: =P5 -> 140000 | W4: Taux d'intérêt annuel | X4: 0.05
B5: CA HT | C5: =($X$7*POWER(1+$X$8,0))/12 -> 11666.667 | D5: =($X$7*POWER(1+$X$8,0))/12 -> 11666.667 | E5: =($X$7*POWER(1+$X$8,0))/12 -> 11666.667 | F5: =($X$7*POWER(1+$X$8,0))/12 -> 11666.667 | G5: =($X$7*POWER(1+$X$8,0))/12 -> 11666.667 | H5: =($X$7*POWER(1+$X$8,0))/12 -> 11666.667 | I5: =($X$7*POWER(1+$X$8,0))/12 -> 11666.667 | J5: =($X$7*POWER(1+$X$8,0))/12 -> 11666.667 | ... N5: =($X$7*POWER(1+$X$8,0))/12 -> 11666.667 | O5: Prestation de services | P5: =SUM(C5:N5) -> 140000 | S5: Subvention d'exploitation | T5: 0 | W5: Durée emprunt (mois) | X5: 60
B6: TVA collectée | C6: =C5*20% -> 2333.3333 | D6: =D5*20% -> 2333.3333 | E6: =E5*20% -> 2333.3333 | F6: =F5*20% -> 2333.3333 | G6: =G5*20% -> 2333.3333 | H6: =H5*20% -> 2333.3333 | I6: =I5*20% -> 2333.3333 | J6: =J5*20% -> 2333.3333 | ... N6: =N5*20% -> 2333.3333 | S6: Total produits d'exploitation | T6: =T4+T5 -> 140000 | W6: Mensualité emprunt (calcul) | X6: =X3*(X4/12)/(1-POWER(1+(X4/12),-X5)) -> 1887.1234
B7: CA TTC | C7: =C5+C6 -> 14000 | D7: =D5+D6 -> 14000 | E7: =E5+E6 -> 14000 | F7: =F5+F6 -> 14000 | G7: =G5+G6 -> 14000 | H7: =H5+H6 -> 14000 | I7: =I5+I6 -> 14000 | J7: =J5+J6 -> 14000 | ... N7: =N5+N6 -> 14000 | S7: Achats de MP | T7: =P14 -> 42000 | W7: CA Année N (HT) | X7: 140000
B8: Règlement | C8: =C7 -> 14000 | D8: =D7 -> 14000 | E8: =E7 -> 14000 | F8: =F7 -> 14000 | G8: =G7 -> 14000 | H8: =H7 -> 14000 | I8: =I7 -> 14000 | J8: =J7 -> 14000 | ... N8: =N7 -> 14000 | O8: Clients | P8: =SUM(C8:N8) -> 168000 | S8: Autres achats et charges externes | T8: =P23 -> 85200 | W8: Croissance CA annuelle | X8: 0.2
S9: Impots, taxes et versements assimilés | T9: =P39 -> 8200 | W9: TVA (taux) | X9: 0.2
S10: Salaires et traitements | T10: =P31 -> 307500 | W10: Charges variables (% CA HT) | X10: 0.3
B11: Budget de achats N | S11: Charges sociales | T11: =P32 -> 123000 | W11: Loyer annuel (HT) | X11: 18000
C12: Janvier | D12: Février | E12: Mars | F12: Avril | G12: Mai | H12: Juin | I12: Juillet | J12: Août | K12: Septembre | L12: Octobre | M12: Novembre | N12: Décembre | O12: à reporter au bilan ou CDR | S12: Dotations d'exploitation | T12: =P28 -> 10714.286 | W12: Autres charges fixes annuelles (HT) | X12: 21000
O13: élément | P13: Montant | S13: Total charges d'exploitation | T13: =SUM(T7:T12) -> 576614.29 | W13: Salaires annuels BRUT | X13: 24000
B14: ACHATS HT | C14: =C5*30% -> 3500 | D14: =D5*30% -> 3500 | E14: =E5*30% -> 3500 | F14: =F5*30% -> 3500 | G14: =G5*30% -> 3500 | H14: =H5*30% -> 3500 | I14: =I5*30% -> 3500 | J14: =J5*30% -> 3500 | ... N14: =N5*30% -> 3500 | O14: Achats | P14: =SUM(C14:N14) -> 42000 | S14: Résultat d'exploitation | T14: =T6-T13 -> -436614.29 | W14: Charges patronales (%) | X14: 0.42
B15: TVA ded sur achats | C15: =C14*20% -> 700 | D15: =D14*20% -> 700 | E15: =E14*20% -> 700 | F15: =F14*20% -> 700 | G15: =G14*20% -> 700 | H15: =H14*20% -> 700 | I15: =I14*20% -> 700 | J15: =J14*20% -> 700 | ... N15: =N14*20% -> 700 | S15: Total produits financiers | T15: 0 | W15: TVA sur autres charges fixes ? (0/1) | X15: 0
B16: Total achat TTC | C16: =C14+C15 -> 4200 | D16: =D14+D15 -> 4200 | E16: =E14+E15 -> 4200 | F16: =F14+F15 -> 4200 | G16: =G14+G15 -> 4200 | H16: =H14+H15 -> 4200 | I16: =I14+I15 -> 4200 | J16: =J14+J15 -> 4200 | ... N16: =N14+N15 -> 4200 | S16: Intérêts et charges assimilées | T16: =P41 -> 4200 | W16: Mois investissement initial (1-12) | X16: 1
B17: Règlement | C17: =C16+'Bilan et CDR N'!K14 -> 27700 | D17: =D16 -> 4200 | E17: =E16 -> 4200 | F17: =F16 -> 4200 | G17: =G16 -> 4200 | H17: =H16 -> 4200 | I17: =I16 -> 4200 | J17: =J16 -> 4200 | K17: =K16 -> 4200 | ... N17: =N16 -> 4200 | O17: Fournisseurs | P17: 0 | S17: Total charges financières | T17: =T16 -> 4200 | W17: Invest. matériel initial (HT) | X17: 45000
S18: Résultat financier | T18: =T15-T17 -> -4200 | W18: Invest. travaux initial (HT) | X18: 55000
S19: Résultat courant avant impôt | T19: =T14-(-T18) -> -440814.29
B20: Budget de production N | S20: Résultat exceptionnel
C21: Janvier | D21: Février | E21: Mars | F21: Avril | G21: Mai | H21: Juin | I21: Juillet | J21: Août | K21: Septembre | L21: Octobre | M21: Novembre | N21: Décembre | O21: à reporter au bilan ou CDR | S21: Résultat net | T21: =T19 -> -440814.29
O22: élément | P22: Montant
B23: Coûts fixes HT | C23: 7100 | D23: 7100 | E23: 7100 | F23: 7100 | G23: 7100 | H23: 7100 | I23: 7100 | J23: 7100 | K23: 7100 | L23: 7100 | M23: 7100 | N23: 7100 | O23: Autres achats & charges externes | P23: =SUM(C23:N23) -> 85200
B24: TVA sur CF | C24: =C23*20% -> 1420 | D24: =D23*20% -> 1420 | E24: =E23*20% -> 1420 | F24: =F23*20% -> 1420 | G24: =G23*20% -> 1420 | H24: =H23*20% -> 1420 | I24: =I23*20% -> 1420 | J24: =J23*20% -> 1420 | ... N24: =N23*20% -> 1420
B25: Total TTC des CF hors amortissement | C25: =C23+C24 -> 8520 | D25: =D23+D24 -> 8520 | E25: =E23+E24 -> 8520 | F25: =F23+F24 -> 8520 | G25: =G23+G24 -> 8520 | H25: =H23+H24 -> 8520 | I25: =I23+I24 -> 8520 | J25: =J23+J24 -> 8520 | ... N25: =N23+N24 -> 8520 | S25: Bilan société Red au 31.12.N +1
B26: Règlement | C26: =+C23+C24 -> 8520 | D26: =+D23+D24 -> 8520 | E26: =+E23+E24 -> 8520 | F26: =+F23+F24 -> 8520 | G26: =+G23+G24 -> 8520 | H26: =+H23+H24 -> 8520 | I26: =+I23+I24 -> 8520 | J26: =+J23+J24 -> 8520 | ... N26: =+N23+N24 -> 8520 | S26: Actif | T26: Brut | U26: Amort et Dep | V26: Net | W26: Passif | X26: Net
B27: Amortissemements | N27: 7500 | O27: Amortissement nouveau mat | P27: =Emprunt!K4 -> 3214.2857 | S27: Immobilisations | T27: =SUM(T28:T31) -> 236500 | U27: =SUM(U28:U29) -> 42314.286 | V27: =SUM(V28:V29) -> 194185.71 | W27: Capitaux propres | X27: =SUM(X28:X31) -> -363086.29
B28: Nouvel amortissement | N28: =P27 -> 3214.2857 | O28: Dotations aux amortissements | P28: =SUM(C29:N29) -> 10714.286 | S28: Installations techniques, matériel et out. ind | T28: 159000 | U28: =8500+AB31 -> 8500 | V28: =T28-U28 -> 150500 | W28: Capital | X28: 50000
B29: Total des amortissements | C29: =C27+C28 -> 0 | D29: =D27+D28 -> 0 | E29: =E27+E28 -> 0 | F29: =F27+F28 -> 0 | G29: =G27+G28 -> 0 | H29: =H27+H28 -> 0 | I29: =I27+I28 -> 0 | J29: =J27+J28 -> 0 | ... N29: =N27+N28 -> 10714.286 | S29: Autres immobilisations corporelles | T29: =55000+22500 -> 77500 | U29: =30600+AA30+P27 -> 33814.286 | V29: =T29-U29 -> 43685.714 | W29: Réserve légale | X29: 5000
B30: Salaire Net | C30: =307500/12 -> 25625 | D30: =307500/12 -> 25625 | E30: =307500/12 -> 25625 | F30: =307500/12 -> 25625 | G30: =307500/12 -> 25625 | H30: =307500/12 -> 25625 | I30: =307500/12 -> 25625 | J30: =307500/12 -> 25625 | ... N30: =307500/12 -> 25625 | W30: Autres réserves et report à nouveau | X30: =17900+'Bilan et CDR N'!C23 -> 22728
B31: Décaissement salaires nets | C31: =C30 -> 25625 | D31: =D30 -> 25625 | E31: =E30 -> 25625 | F31: =F30 -> 25625 | G31: =G30 -> 25625 | H31: =H30 -> 25625 | I31: =I30 -> 25625 | J31: =J30 -> 25625 | ... N31: =N30 -> 25625 | O31: Salaire | P31: =SUM(C31:N31) -> 307500 | W31: Résultat de l'exercice | X31: =T21 -> -440814.29
B32: Charges sociales | C32: =C30*0.4 -> 10250 | D32: =D30*0.4 -> 10250 | E32: =E30*0.4 -> 10250 | F32: =F30*0.4 -> 10250 | G32: =G30*0.4 -> 10250 | H32: =H30*0.4 -> 10250 | I32: =I30*0.4 -> 10250 | J32: =J30*0.4 -> 10250 | ... N32: =N30*0.4 -> 10250 | O32: Charges sociales | P32: =SUM(C32:N32) -> 123000
B33: Décaissement charges sociales | C33: 16000 | D33: =C32 -> 10250 | E33: =D32 -> 10250 | F33: =E32 -> 10250 | G33: =F32 -> 10250 | H33: =G32 -> 10250 | I33: =H32 -> 10250 | J33: =I32 -> 10250 | K33: =J32 -> 10250 | ... N33: =M32 -> 10250 | O33: Dette URSSAF | P33: =N32 -> 10250 | S33: Actif circulant | T33: =SUM(T34:T36) -> -340286.67 | U33: =SUM(U34:U36) -> 0 | V33: =SUM(V34:V36) -> -340286.67 | W33: Dettes | X33: =SUM(X34:X37) -> 100463.33
S34: Stock de matières premières | T34: 15000 | V34: =T34-U34 -> 15000 | W34: Emprunts et dettes auprès des établiss. de crédit | X34: =Emprunt!G9 -> 90000
S35: Créances clients et comptes rattachés | T35: =P8 -> 168000 | V35: =T35-U35 -> 168000 | W35: Dettes fournisseurs et comptes rattachés | X35: =P64+P33 -> 10463.333
B36: Budget des autres frais, de l'IS et de l'emprunt N | S36: Disponibilités | T36: =N85 -> -523286.67 | V36: =T36-U36 -> -523286.67 | W36: Dettes fiscales et sociales (2) | X36: ='HYP 1 '!AC85+'HYP 1 '!AC54 -> 0
C37: Janvier | D37: Février | E37: Mars | F37: Avril | G37: Mai | H37: Juin | I37: Juillet | J37: Août | K37: Septembre | L37: Octobre | M37: Novembre | N37: Décembre | O37: à reporter au bilan ou CDR
O38: élément | P38: Montant | S38: TOTAL ACTIF | T38: =T27+T33 -> -103786.67 | U38: =U27 -> 42314.286 | V38: =T38-U38 -> -146100.95 | W38: TOTAL PASSIF | X38: =X27+X33 -> -262622.95
B39: Impôts et taxes | L39: 8200 | O39: Frais généraux / impôts et taxes | P39: =SUM(C39:N39) -> 8200 | W39: Ecart | X39: =V38-X38 -> 116522
B40: Règlement frais généraux | L40: 8200
B41: Intérêts | C41: =$P$41/12 -> 350 | D41: =$P$41/12 -> 350 | E41: =$P$41/12 -> 350 | F41: =$P$41/12 -> 350 | G41: =$P$41/12 -> 350 | H41: =$P$41/12 -> 350 | I41: =$P$41/12 -> 350 | J41: =$P$41/12 -> 350 | ... N41: =$P$41/12 -> 350 | O41: Intérêts et charges assimilés | P41: =Emprunt!D9 -> 4200
B42: Remboursement de l'emprunt | C42: =$P$42/12 -> 2500 | D42: =$P$42/12 -> 2500 | E42: =$P$42/12 -> 2500 | F42: =$P$42/12 -> 2500 | G42: =$P$42/12 -> 2500 | H42: =$P$42/12 -> 2500 | I42: =$P$42/12 -> 2500 | J42: =$P$42/12 -> 2500 | ... N42: =$P$42/12 -> 2500 | O42: Emprunt | P42: =Emprunt!E9 -> 30000
B43: Règlement | C43: =C41+C42 -> 2850 | D43: =D41+D42 -> 2850 | E43: =E41+E42 -> 2850 | F43: =F41+F42 -> 2850 | G43: =G41+G42 -> 2850 | H43: =H41+H42 -> 2850 | I43: =I41+I42 -> 2850 | J43: =J41+J42 -> 2850 | ... N43: =N41+N42 -> 2850
B46: Budget des investissements N
C47: Janvier | D47: Février | E47: Mars | F47: Avril | G47: Mai | H47: Juin | I47: Juillet | J47: Août | K47: Septembre | L47: Octobre | M47: Novembre | N47: Décembre | O47: à reporter au bilan ou CDR
O48: élément | P48: Montant
B49: Acquisitions HT | C49: =Emprunt!J4 -> 22500 | O49: Immobilisation | P49: =SUM(C49:N49) -> 22500
B50: TVA ded sur immo | C50: =C49*20% -> 4500
B51: Total TTC | C51: =C49+C50 -> 27000
B52: Règlement | C52: =C51 -> 27000 | O52: Fournisseurs Immobilisation | P52: 0
B55: Budget de TVA N+1
C56: Janvier | D56: Février | E56: Mars | F56: Avril | G56: Mai | H56: Juin | I56: Juillet | J56: Août | K56: Septembre | L56: Octobre | M56: Novembre | N56: Décembre | O56: à reporter au bilan ou CDR
O57: élément | P57: Montant
B58: TVA collectée | C58: =C6 -> 2333.3333 | D58: =D6 -> 2333.3333 | E58: =E6 -> 2333.3333 | F58: =F6 -> 2333.3333 | G58: =G6 -> 2333.3333 | H58: =H6 -> 2333.3333 | I58: =I6 -> 2333.3333 | J58: =J6 -> 2333.3333 | ... N58: =N6 -> 2333.3333
B59: TVA ded sur achats | C59: =C15 -> 700 | D59: =D15 -> 700 | E59: =E15 -> 700 | F59: =F15 -> 700 | G59: =G15 -> 700 | H59: =H15 -> 700 | I59: =I15 -> 700 | J59: =J15 -> 700 | ... N59: =N15 -> 700
B60: TVA sur CF | C60: =C24 -> 1420 | D60: =D24 -> 1420 | E60: =E24 -> 1420 | F60: =F24 -> 1420 | G60: =G24 -> 1420 | H60: =H24 -> 1420 | I60: =I24 -> 1420 | J60: =J24 -> 1420 | ... N60: =N24 -> 1420
B61: TVA ded sur immo | C61: =C50 -> 4500 | D61: =D50 -> 0 | E61: =E50 -> 0 | F61: =F50 -> 0 | G61: =G50 -> 0 | H61: =H50 -> 0 | I61: =I50 -> 0 | J61: =J50 -> 0 | ... N61: =N50 -> 0
B62: Total TVA déductible | C62: =C59+C60+C61 -> 6620 | D62: =D59+D60+D61 -> 2120 | E62: =E59+E60+E61 -> 2120 | F62: =F59+F60+F61 -> 2120 | G62: =G59+G60+G61 -> 2120 | H62: =H59+H60+H61 -> 2120 | I62: =I59+I60+I61 -> 2120 | J62: =J59+J60+J61 -> 2120 | ... N62: =N59+N60+N61 -> 2120
B63: TVA à décaisser / crédit de TVA | C63: =C58-C62 -> -4286.6667 | D63: =D58-D62 -> 213.33333 | E63: =E58-E62 -> 213.33333 | F63: =F58-F62 -> 213.33333 | G63: =G58-G62 -> 213.33333 | H63: =H58-H62 -> 213.33333 | I63: =I58-I62 -> 213.33333 | J63: =J58-J62 -> 213.33333 | ... N63: =N58-N62 -> 213.33333
B64: Règlement | C64: 15000 | D64: =C63 -> -4286.6667 | E64: =D63 -> 213.33333 | F64: =E63 -> 213.33333 | G64: =F63 -> 213.33333 | H64: =G63 -> 213.33333 | I64: =H63 -> 213.33333 | J64: =I63 -> 213.33333 | K64: =J63 -> 213.33333 | ... N64: =M63 -> 213.33333 | O64: TVA à décaisser / dettes fiscales | P64: =N63 -> 213.33333
B67: Budget de trésorerie N+1
C68: Janvier | D68: Février | E68: Mars | F68: Avril | G68: Mai | H68: Juin | I68: Juillet | J68: Août | K68: Septembre | L68: Octobre | M68: Novembre | N68: Décembre | O68: à reporter au bilan ou CDR
O69: élément | P69: Montant
B70: Ventes | C70: =C8 -> 14000 | D70: =D8 -> 14000 | E70: =E8 -> 14000 | F70: =F8 -> 14000 | G70: =G8 -> 14000 | H70: =H8 -> 14000 | I70: =I8 -> 14000 | J70: =J8 -> 14000 | ... N70: =N8 -> 14000
B71: Autres créances | H71: 1500
B72: Encaissements des ventes | C72: =C71+C70 -> 14000 | D72: =D71+D70 -> 14000 | E72: =E71+E70 -> 14000 | F72: =F71+F70 -> 14000 | G72: =G71+G70 -> 14000 | H72: =H71+H70 -> 15500 | I72: =I71+I70 -> 14000 | J72: =J71+J70 -> 14000 | ... N72: =N71+N70 -> 14000
B73: Décaissements des achats | C73: =C17 -> 27700 | D73: =D17 -> 4200 | E73: =E17 -> 4200 | F73: =F17 -> 4200 | G73: =G17 -> 4200 | H73: =H17 -> 4200 | I73: =I17 -> 4200 | J73: =J17 -> 4200 | ... N73: =N17 -> 4200
B74: Autres dettes | C74: ='Bilan et CDR N'!$K$16/12 -> 375 | D74: ='Bilan et CDR N'!$K$16/12 -> 375 | E74: ='Bilan et CDR N'!$K$16/12 -> 375 | F74: ='Bilan et CDR N'!$K$16/12 -> 375 | G74: ='Bilan et CDR N'!$K$16/12 -> 375 | H74: ='Bilan et CDR N'!$K$16/12 -> 375 | I74: ='Bilan et CDR N'!$K$16/12 -> 375 | J74: ='Bilan et CDR N'!$K$16/12 -> 375 | ... N74: ='Bilan et CDR N'!$K$16/12 -> 375
B75: Salaires nets | C75: =C31 -> 25625 | D75: =D31 -> 25625 | E75: =E31 -> 25625 | F75: =F31 -> 25625 | G75: =G31 -> 25625 | H75: =H31 -> 25625 | I75: =I31 -> 25625 | J75: =J31 -> 25625 | ... N75: =N31 -> 25625
B76: Charges sociales | C76: =C33 -> 16000 | D76: =D33 -> 10250 | E76: =E33 -> 10250 | F76: =F33 -> 10250 | G76: =G33 -> 10250 | H76: =H33 -> 10250 | I76: =I33 -> 10250 | J76: =J33 -> 10250 | ... N76: =N33 -> 10250
B77: Impôts et taxes | C77: =C40 -> 0 | D77: =D40 -> 0 | E77: =E40 -> 0 | F77: =F40 -> 0 | G77: =G40 -> 0 | H77: =H40 -> 0 | I77: =I40 -> 0 | J77: =J40 -> 0 | ... N77: =N40 -> 0
B78: Décaissements CF | C78: =C26 -> 8520 | D78: =D26 -> 8520 | E78: =E26 -> 8520 | F78: =F26 -> 8520 | G78: =G26 -> 8520 | H78: =H26 -> 8520 | I78: =I26 -> 8520 | J78: =J26 -> 8520 | ... N78: =N26 -> 8520
B79: Décaissements financiers | C79: =C43 -> 2850 | D79: =D43 -> 2850 | E79: =E43 -> 2850 | F79: =F43 -> 2850 | G79: =G43 -> 2850 | H79: =H43 -> 2850 | I79: =I43 -> 2850 | J79: =J43 -> 2850 | ... N79: =N43 -> 2850
B80: Décaissements investissements | C80: =C51 -> 27000 | D80: =D51 -> 0 | E80: =E51 -> 0 | F80: =F51 -> 0 | G80: =G51 -> 0 | H80: =H51 -> 0 | I80: =I51 -> 0 | J80: =J51 -> 0 | ... N80: =N51 -> 0
B81: Décaissements TVA | C81: =C64 -> 15000 | D81: =D64 -> -4286.6667 | E81: =E64 -> 213.33333 | F81: =F64 -> 213.33333 | G81: =G64 -> 213.33333 | H81: =H64 -> 213.33333 | I81: =I64 -> 213.33333 | J81: =J64 -> 213.33333 | ... N81: =N64 -> 213.33333
B82: Total décaissements | C82: =SUM(C73:C81) -> 123070 | D82: =SUM(D73:D81) -> 47533.333 | E82: =SUM(E73:E81) -> 52033.333 | F82: =SUM(F73:F81) -> 52033.333 | G82: =SUM(G73:G81) -> 52033.333 | H82: =SUM(H73:H81) -> 52033.333 | I82: =SUM(I73:I81) -> 52033.333 | J82: =SUM(J73:J81) -> 52033.333 | ... N82: =SUM(N73:N81) -> 52033.333
B83: Solde initial | C83: ='Bilan et CDR N'!I16 -> 6350 | D83: =C85 -> -102720 | E83: =D85 -> -136253.33 | F83: =E85 -> -174286.67 | G83: =F85 -> -212320 | H83: =G85 -> -250353.33 | I83: =H85 -> -286886.67 | J83: =I85 -> -324920 | K83: =J85 -> -362953.33 | ... N83: =M85 -> -485253.33
B84: Mouvement du mois | C84: =C72-C82 -> -109070 | D84: =D72-D82 -> -33533.333 | E84: =E72-E82 -> -38033.333 | F84: =F72-F82 -> -38033.333 | G84: =G72-G82 -> -38033.333 | H84: =H72-H82 -> -36533.333 | I84: =I72-I82 -> -38033.333 | J84: =J72-J82 -> -38033.333 | ... N84: =N72-N82 -> -38033.333
B85: Solde final | C85: =C83+C84 -> -102720 | D85: =D83+D84 -> -136253.33 | E85: =E83+E84 -> -174286.67 | F85: =F83+F84 -> -212320 | G85: =G83+G84 -> -250353.33 | H85: =H83+H84 -> -286886.67 | I85: =I83+I84 -> -324920 | J85: =J83+J84 -> -362953.33 | ... N85: =N83+N84 -> -523286.67 | O85: Disponibilité | P85: =N85 -> -523286.67
B87: N+1
B89: Budget de ventes N+2
C90: Janvier | D90: Février | E90: Mars | F90: Avril | G90: Mai | H90: Juin | I90: Juillet | J90: Août | K90: Septembre | L90: Octobre | M90: Novembre | N90: Décembre | O90: à reporter au bilan ou CDR | S90: Compte de résultat Société Red au 31.12.N+2
O91: élément | P91: Montant | S91: Prestation de services | T91: =P92 -> 144200
B92: CA HT | C92: =$P$5*1.03/12 -> 12016.667 | D92: =$P$5*1.03/12 -> 12016.667 | E92: =$P$5*1.03/12 -> 12016.667 | F92: =$P$5*1.03/12 -> 12016.667 | G92: =$P$5*1.03/12 -> 12016.667 | H92: =$P$5*1.03/12 -> 12016.667 | I92: =$P$5*1.03/12 -> 12016.667 | J92: =$P$5*1.03/12 -> 12016.667 | ... N92: =$P$5*1.03/12 -> 12016.667 | O92: Prestation de services | P92: =SUM(C92:N92) -> 144200 | S92: Subvention d'exploitation | T92: 0
B93: TVA collectée | C93: =C92*20% -> 2403.3333 | D93: =D92*20% -> 2403.3333 | E93: =E92*20% -> 2403.3333 | F93: =F92*20% -> 2403.3333 | G93: =G92*20% -> 2403.3333 | H93: =H92*20% -> 2403.3333 | I93: =I92*20% -> 2403.3333 | J93: =J92*20% -> 2403.3333 | ... N93: =N92*20% -> 2403.3333 | S93: Total produits d'exploitation | T93: =T91+T92 -> 144200
B94: CA TTC | C94: =C92+C93 -> 14420 | D94: =D92+D93 -> 14420 | E94: =E92+E93 -> 14420 | F94: =F92+F93 -> 14420 | G94: =G92+G93 -> 14420 | H94: =H92+H93 -> 14420 | I94: =I92+I93 -> 14420 | J94: =J92+J93 -> 14420 | ... N94: =N92+N93 -> 14420 | S94: Achats de MP | T94: =P101 -> 46144
B95: Règlement reçu | C95: =V35 -> 168000 | D95: =C94 -> 14420 | E95: =D94 -> 14420 | F95: =E94 -> 14420 | G95: =F94 -> 14420 | H95: =G94 -> 14420 | I95: =H94 -> 14420 | J95: =I94 -> 14420 | K95: =J94 -> 14420 | ... N95: =M94 -> 14420 | O95: Clients | P95: =N94 -> 14420 | S95: Autres achats et charges externes | T95: =P110 -> 85200
S96: Impots, taxes et versements assimilés | T96: =P127 -> 8200
S97: Salaires et traitements | T97: =P119 -> 307500
B98: Budget de achats N+2 | S98: Charges sociales | T98: =P120 -> 123000
C99: Janvier | D99: Février | E99: Mars | F99: Avril | G99: Mai | H99: Juin | I99: Juillet | J99: Août | K99: Septembre | L99: Octobre | M99: Novembre | N99: Décembre | O99: à reporter au bilan ou CDR | S99: Dotations d'exploitation | T99: =P117 -> 11705.952 | W99: repartion 7500 d amortissement immo
O100: élément | P100: Montant | S100: Total charges d'exploitation | T100: =SUM(T94:T99) -> 581749.95 | W100: 55
B101: ACHATS HT | C101: =C92*32% -> 3845.3333 | D101: =D92*32% -> 3845.3333 | E101: =E92*32% -> 3845.3333 | F101: =F92*32% -> 3845.3333 | G101: =G92*32% -> 3845.3333 | H101: =H92*32% -> 3845.3333 | I101: =I92*32% -> 3845.3333 | J101: =J92*32% -> 3845.3333 | ... N101: =N92*32% -> 3845.3333 | O101: Achats | P101: =SUM(C101:N101) -> 46144 | S101: Résultat d'exploitation | T101: =T93-T100 -> -437549.95 | X101: 159
B102: TVA ded sur achats | C102: =C101*20% -> 769.06667 | D102: =D101*20% -> 769.06667 | E102: =E101*20% -> 769.06667 | F102: =F101*20% -> 769.06667 | G102: =G101*20% -> 769.06667 | H102: =H101*20% -> 769.06667 | I102: =I101*20% -> 769.06667 | J102: =J101*20% -> 769.06667 | ... N102: =N101*20% -> 769.06667 | S102: Total produits financiers | T102: 0 | W102: =W100/X102*7500 -> 1927.5701 | X102: 214
B103: Total achat TTC | C103: =C101+C102 -> 4614.4 | D103: =D101+D102 -> 4614.4 | E103: =E101+E102 -> 4614.4 | F103: =F101+F102 -> 4614.4 | G103: =G101+G102 -> 4614.4 | H103: =H101+H102 -> 4614.4 | I103: =I101+I102 -> 4614.4 | J103: =J101+J102 -> 4614.4 | ... N103: =N101+N102 -> 4614.4 | S103: Intérêts et charges assimilées | T103: =P129 -> 3150 | X103: =X101/X102*7500 -> 5572.4299
B104: Règlement | C104: =C103 -> 4614.4 | D104: =D103 -> 4614.4 | E104: =E103 -> 4614.4 | F104: =F103 -> 4614.4 | G104: =G103 -> 4614.4 | H104: =H103 -> 4614.4 | I104: =I103 -> 4614.4 | J104: =J103 -> 4614.4 | ... N104: =N103 -> 4614.4 | O104: Fournisseurs | P104: 0 | S104: Total charges financières | T104: =T103 -> 3150
S105: Résultat financier | T105: =T102-T104 -> -3150
S106: Résultat courant avant impôt | T106: =T101-(-T105) -> -440699.95
B107: Budget de prouduction N+2 | S107: Résultat exceptionnel
C108: Janvier | D108: Février | E108: Mars | F108: Avril | G108: Mai | H108: Juin | I108: Juillet | J108: Août | K108: Septembre | L108: Octobre | M108: Novembre | N108: Décembre | O108: à reporter au bilan ou CDR | S108: Résultat net | T108: =T106 -> -440699.95
...

Sheet Bilan et CDR N
B4: Compte de résultat CAFE PHILO au 31.12.N | F4: Bilan société CAFE PHILO au 31.12.N
B5: Vente de marchandises | C5: 62400 | F5: Actif | G5: Brut | H5: Amort et Dep | I5: Net | J5: Passif | K5: Net
B6: Subventions d'exploitation | F6: Immobilisations | G6: =SUM(G7:G10) -> 214000 | H6: =SUM(H7:H8) -> 39100 | I6: =SUM(I7:I8) -> 174900 | J6: Capitaux propres | K6: =SUM(K7:K10) -> 96750
B7: Total produits d'exploitation | C7: =SUM(C5:C6) -> 62400 | F7: Installations techniques, matériel et out. ind | G7: 159000 | H7: 8500 | I7: 150500 | J7: Capital | K7: 50000
B8: Achats de MP | C8: 18720 | F8: Autres immobilisations corporelles | G8: 55000 | H8: 30600 | I8: 24400 | J8: Réserve légale | K8: 5000
B9: Autres achats et charges externes | C9: 21000 | J9: Autres réserves et report à nouveau | K9: 17900
B10: Impots, taxes et versements assimilés | C10: 1200 | J10: Résultat de l'exercice | K10: 23850
B11: Salaires et traitements | C11: 0
B12: Charges sociales | C12: 0 | F12: Actif circulant | G12: =SUM(G13:G16) -> 100850 | H12: =SUM(H13:H16) -> 0 | I12: =SUM(I13:I16) -> 100850 | J12: Dettes | K12: =SUM(K13:K16) -> 179000
B13: Dotations d'exploitation | C13: 12000 | F13: Stock de matières premières | G13: 15000 | I13: =G13 -> 15000 | J13: Emprunts et dettes auprès des établiss. de crédit | K13: 120000
B14: Total charges d'exploitation | C14: =SUM(C8:C13) -> 52920 | F14: Créances clients et comptes rattachés | G14: 78000 | I14: 78000 | J14: Dettes fournisseurs et comptes rattachés | K14: 23500
B15: Résultat d'exploitation | C15: =C7-C14 -> 9480 | F15: Autres créances (1) | G15: 1500 | I15: 1500 | J15: Dettes fiscales et sociales (2) | K15: 31000
B16: Total produits financiers | C16: 0 | F16: Disponibilités | G16: 6350 | I16: 6350 | J16: Autres dettes (3) | K16: 4500
B17: Intérêts et charges assimilées | C17: 3800
B18: Total charges financières | C18: =C17 -> 3800 | F18: TOTAL ACTIF | G18: =G6+G12 -> 314850 | H18: =H6 -> 39100 | I18: =G18-H18 -> 275750 | J18: TOTAL PASSIF | K18: =K6+K12 -> 275750
B19: Résultat financier | C19: =C16-C18 -> -3800 | F19: (1) Réglées en Juin N+1 | J19: ECART | K19: =I18-K18 -> 0
B20: Résultat courant avant impôt | C20: =C15-C18 -> 5680
B21: Impot sur les sociétés | C21: =C20*15/100 -> 852 | F21: (2) Dette URSSAF: 16 000 € et TVA à décaisser: 15 000 € (payés en janv N+1)
B22: Résultat exceptionnel | C22: 0 | F22: (3) Paiement étalé sur 12 mois en N+1
B23: Résultat net | C23: =C20-C21 -> 4828
B26: HYPOTHESE PESSIMISSTE
B35: HYPOTHESE MOYENNE
B40: Compte de résultat CAFE PHILO au 31.12.N | F40: Bilan société CAFE PHILO au 31.12.N
B41: Prestation de services | C41: 785500 | F41: Actif | G41: Brut | H41: Amort et Dep | I41: Net | J41: Passif | K41: Net
B42: Subventions d'exploitation | C42: 8000 | F42: Immobilisations | G42: =SUM(G43:G46) -> 214000 | H42: =SUM(H43:H44) -> 39100 | I42: =SUM(I43:I44) -> 174900 | J42: Capitaux propres | K42: =SUM(K43:K46) -> 96750
B43: Total produits d'exploitation | C43: =SUM(C41:C42) -> 793500 | F43: Installations techniques, matériel et out. ind | G43: 159000 | H43: 8500 | I43: 150500 | J43: Capital | K43: 50000
B44: Achats de MP | C44: 235000 | F44: Autres immobilisations corporelles | G44: 55000 | H44: 30600 | I44: 24400 | J44: Réserve légale | K44: 5000
B45: Autres achats et charges externes | C45: 85000 | J45: Autres réserves et report à nouveau | K45: 17900
B46: Impots, taxes et versements assimilés | C46: 6400 | J46: Résultat de l'exercice | K46: 23850
B47: Salaires et traitements | C47: 307500
B48: Charges sociales | C48: 123000 | F48: Actif circulant | G48: =SUM(G49:G52) -> 100850 | H48: =SUM(H49:H52) -> 0 | I48: =SUM(I49:I52) -> 100850 | J48: Dettes | K48: =SUM(K49:K52) -> 179000
B49: Dotations d'exploitation | C49: 7500 | F49: Stock de matières premières | G49: 15000 | I49: =G49 -> 15000 | J49: Emprunts et dettes auprès des établiss. de crédit | K49: 120000
B50: Total charges d'exploitation | C50: =SUM(C44:C49) -> 764400 | F50: Créances clients et comptes rattachés | G50: 78000 | I50: 78000 | J50: Dettes fournisseurs et comptes rattachés | K50: 23500
B51: Résultat d'exploitation | C51: =C43-C50 -> 29100 | F51: Autres créances (1) | G51: 1500 | I51: 1500 | J51: Dettes fiscales et sociales (2) | K51: 31000
B52: Total produits financiers | C52: 0 | F52: Disponibilités | G52: 6350 | I52: 6350 | J52: Autres dettes (3) | K52: 4500
B53: Intérêts et charges assimilées | C53: 5250
B54: Total charges financières | C54: 5250 | F54: TOTAL ACTIF | G54: =G42+G48 -> 314850 | H54: =H42 -> 39100 | I54: =G54-H54 -> 275750 | J54: TOTAL PASSIF | K54: =K42+K48 -> 275750
B55: Résultat financier | C55: -5250 | F55: (1) Réglées en Juin N+1 | J55: ECART | K55: =I54-K54 -> 0
B56: Résultat courant avant impôt | C56: 23850 | F56: (2) Dette URSSAF: 16 000 € et TVA à décaisser: 15 000 € (payés en janv N+1)
B57: Résultat exceptionnel | C57: 0 | F57: (3) Paiement étalé sur 12 mois en N+1
B58: Résultat net | C58: 23850
B63: HYPOTHESE OPTIMISTE
B70: Compte de résultat CAFE PHILO au 31.12.N | F70: Bilan société CAFE PHILO au 31.12.N
B71: Prestation de services | C71: 785500 | F71: Actif | G71: Brut | H71: Amort et Dep | I71: Net | J71: Passif | K71: Net
B72: Subventions d'exploitation | C72: 8000 | F72: Immobilisations | G72: =SUM(G73:G76) -> 214000 | H72: =SUM(H73:H74) -> 39100 | I72: =SUM(I73:I74) -> 174900 | J72: Capitaux propres | K72: =SUM(K73:K76) -> 96750
B73: Total produits d'exploitation | C73: =SUM(C71:C72) -> 793500 | F73: Installations techniques, matériel et out. ind | G73: 159000 | H73: 8500 | I73: 150500 | J73: Capital | K73: 50000
B74: Achats de MP | C74: 235000 | F74: Autres immobilisations corporelles | G74: 55000 | H74: 30600 | I74: 24400 | J74: Réserve légale | K74: 5000
B75: Autres achats et charges externes | C75: 85000 | J75: Autres réserves et report à nouveau | K75: 17900
B76: Impots, taxes et versements assimilés | C76: 6400 | J76: Résultat de l'exercice | K76: 23850
B77: Salaires et traitements | C77: 307500
B78: Charges sociales | C78: 123000 | F78: Actif circulant | G78: =SUM(G79:G82) -> 100850 | H78: =SUM(H79:H82) -> 0 | I78: =SUM(I79:I82) -> 100850 | J78: Dettes | K78: =SUM(K79:K82) -> 179000
B79: Dotations d'exploitation | C79: 7500 | F79: Stock de matières premières | G79: 15000 | I79: =G79 -> 15000 | J79: Emprunts et dettes auprès des établiss. de crédit | K79: 120000
B80: Total charges d'exploitation | C80: =SUM(C74:C79) -> 764400 | F80: Créances clients et comptes rattachés | G80: 78000 | I80: 78000 | J80: Dettes fournisseurs et comptes rattachés | K80: 23500
B81: Résultat d'exploitation | C81: =C73-C80 -> 29100 | F81: Autres créances (1) | G81: 1500 | I81: 1500 | J81: Dettes fiscales et sociales (2) | K81: 31000
B82: Total produits financiers | C82: 0 | F82: Disponibilités | G82: 6350 | I82: 6350 | J82: Autres dettes (3) | K82: 4500
B83: Intérêts et charges assimilées | C83: 5250
B84: Total charges financières | C84: 5250 | F84: TOTAL ACTIF | G84: =G72+G78 -> 314850 | H84: =H72 -> 39100 | I84: =G84-H84 -> 275750 | J84: TOTAL PASSIF | K84: =K72+K78 -> 275750
B85: Résultat financier | C85: -5250 | F85: (1) Réglées en Juin N+1 | J85: ECART | K85: =I84-K84 -> 0
B86: Résultat courant avant impôt | C86: 23850 | F86: (2) Dette URSSAF: 16 000 € et TVA à décaisser: 15 000 € (payés en janv N+1)
B87: Résultat exceptionnel | C87: 0 | F87: (3) Paiement étalé sur 12 mois en N+1
B88: Résultat net | C88: 23850

Sheet Feuil1
B1: HYPOTHÈSE — Pessimiste — Paris 11ème
A4: Apport initial trésorerie | B4: 15000
A5: Emprunt (principal) | B5: 100000
A6: Taux d'intérêt annuel | B6: 0.05
A7: Durée emprunt (mois) | B7: 60
A8: Mensualité emprunt (calcul) | B8: =$B$5*($B$6/12)/(1-POWER(1+($B$6/12),-$B$7)) -> 1887.1234
A9: CA Année N (HT) | B9: 265000
A10: Croissance CA annuelle | B10: 0.2
A11: TVA (taux) | B11: 0.2
A12: Charges variables (% CA HT) | B12: 0.3
A13: Loyer annuel (HT) | B13: 12960
A14: Autres charges fixes annuelles (HT) | B14: 21000
A15: Salaires annuels BRUT | B15: 31000
A16: Charges patronales (%) | B16: 0.42
A17: TVA sur autres charges fixes ? (0/1) | B17: 0
A18: Mois investissement initial (1-12) | B18: 1
A19: Invest. matériel initial (HT) | B19: 35000
A20: Invest. travaux initial (HT) | B20: 65000
A26: N
A27: Ligne | B27: Jan | C27: Fév | D27: Mar | E27: Avr | F27: Mai | G27: Jun | H27: Jul | I27: Aoû | J27: Sep | K27: Oct | L27: Nov | M27: Déc | N27: TOTAL
A28: CA (HT)
A29: TVA collectée
A30: CA (TTC)
A31: Encaissements clients (TTC)
A36: Ligne | B36: Jan | C36: Fév | D36: Mar | E36: Avr | F36: Mai | G36: Jun | H36: Jul | I36: Aoû | J36: Sep | K36: Oct | L36: Nov | M36: Déc | N36: TOTAL
A37: Achats / charges variables (HT)
A38: TVA déductible sur achats
A39: Achats (TTC)
A40: Décaissements fournisseurs (TTC)
A44: Ligne | B44: Jan | C44: Fév | D44: Mar | E44: Avr | F44: Mai | G44: Jun | H44: Jul | I44: Aoû | J44: Sep | K44: Oct | L44: Nov | M44: Déc | N44: TOTAL
A45: Loyer (HT)
A46: Autres charges fixes (HT)
A47: TVA sur autres charges fixes
A48: Autres charges fixes (TTC)
A49: Salaires + charges patronales
A50: Décaissements production (total)
A54: Ligne | B54: Jan | C54: Fév | D54: Mar | E54: Avr | F54: Mai | G54: Jun | H54: Jul | I54: Aoû | J54: Sep | K54: Oct | L54: Nov | M54: Déc | N54: TOTAL
A55: Solde emprunt début
A56: Intérêts
A57: Remboursement capital
A58: Mensualité (capital+int.)
A59: Solde emprunt fin
A60: Résultat avant IS (EBT) (mensuel)
A61: IS (provision mensuelle) (taux 25%)
A62: Décaissements autres (IS + mensualité)
A66: Ligne | B66: Jan | C66: Fév | D66: Mar | E66: Avr | F66: Mai | G66: Jun | H66: Jul | I66: Aoû | J66: Sep | K66: Oct | L66: Nov | M66: Déc | N66: TOTAL
A67: Matériel (HT)
A68: Travaux (HT)
A69: Investissements (HT) total
A70: TVA déductible sur immo
A71: Investissements (TTC)
A72: Décaissements investissements (TTC)
A76: Ligne | B76: Jan | C76: Fév | D76: Mar | E76: Avr | F76: Mai | G76: Jun | H76: Jul | I76: Aoû | J76: Sep | K76: Oct | L76: Nov | M76: Déc | N76: TOTAL
A77: TVA collectée
A78: TVA déductible achats
A79: TVA déductible autres (fixes+immo)
A80: TVA nette
A81: TVA à payer (décaissement, lag 1 mois)
A85: Ligne | B85: Jan | C85: Fév | D85: Mar | E85: Avr | F85: Mai | G85: Jun | H85: Jul | I85: Aoû | J85: Sep | K85: Oct | L85: Nov | M85: Déc | N85: TOTAL
A86: Trésorerie début de mois
A87: Encaissements (clients TTC)
A88: Décaissements (total)
A89: Solde mensuel
A90: Trésorerie fin de mois
A96: N+1
A97: Ligne | B97: Jan | C97: Fév | D97: Mar | E97: Avr | F97: Mai | G97: Jun | H97: Jul | I97: Aoû | J97: Sep | K97: Oct | L97: Nov | M97: Déc | N97: TOTAL
A98: CA (HT)
A99: TVA collectée
A100: CA (TTC)
A101: Encaissements clients (TTC)
A106: Ligne | B106: Jan | C106: Fév | D106: Mar | E106: Avr | F106: Mai | G106: Jun | H106: Jul | I106: Aoû | J106: Sep | K106: Oct | L106: Nov | M106: Déc | N106: TOTAL
A107: Achats / charges variables (HT)
A108: TVA déductible sur achats
A109: Achats (TTC)
A110: Décaissements fournisseurs (TTC)
A114: Ligne | B114: Jan | C114: Fév | D114: Mar | E114: Avr | F114: Mai | G114: Jun | H114: Jul | I114: Aoû | J114: Sep | K114: Oct | L114: Nov | M114: Déc | N114: TOTAL
A115: Loyer (HT)
A116: Autres charges fixes (HT)
A117: TVA sur autres charges fixes
A118: Autres charges fixes (TTC)
A119: Salaires + charges patronales
A120: Décaissements production (total)
A124: Ligne | B124: Jan | C124: Fév | D124: Mar | E124: Avr | F124: Mai | G124: Jun | H124: Jul | I124: Aoû | J124: Sep | K124: Oct | L124: Nov | M124: Déc | N124: TOTAL
A125: Solde emprunt début
A126: Intérêts
A127: Remboursement capital
A128: Mensualité (capital+int.)
A129: Solde emprunt fin
A130: Résultat avant IS (EBT) (mensuel)
A131: IS (provision mensuelle) (taux 25%)
A132: Décaissements autres (IS + mensualité)
A136: Ligne | B136: Jan | C136: Fév | D136: Mar | E136: Avr | F136: Mai | G136: Jun | H136: Jul | I136: Aoû | J136: Sep | K136: Oct | L136: Nov | M136: Déc | N136: TOTAL
A137: Matériel (HT)
A138: Travaux (HT)
A139: Investissements (HT) total
A140: TVA déductible sur immo
A141: Investissements (TTC)
A142: Décaissements investissements (TTC)
A146: Ligne | B146: Jan | C146: Fév | D146: Mar | E146: Avr | F146: Mai | G146: Jun | H146: Jul | I146: Aoû | J146: Sep | K146: Oct | L146: Nov | M146: Déc | N146: TOTAL
A147: TVA collectée
...

Sheet Feuil2
B1: HYPOTHÈSE — Moyenne — Paris 19/20ème
A26: N
A27: Ligne | B27: Jan | C27: Fév | D27: Mar | E27: Avr | F27: Mai | G27: Jun | H27: Jul | I27: Aoû | J27: Sep | K27: Oct | L27: Nov | M27: Déc | N27: TOTAL
A28: CA (HT)
A29: TVA collectée
A30: CA (TTC)
A31: Encaissements clients (TTC)
A36: Ligne | B36: Jan | C36: Fév | D36: Mar | E36: Avr | F36: Mai | G36: Jun | H36: Jul | I36: Aoû | J36: Sep | K36: Oct | L36: Nov | M36: Déc | N36: TOTAL
A37: Achats / charges variables (HT)
A38: TVA déductible sur achats
A39: Achats (TTC)
A40: Décaissements fournisseurs (TTC)
A44: Ligne | B44: Jan | C44: Fév | D44: Mar | E44: Avr | F44: Mai | G44: Jun | H44: Jul | I44: Aoû | J44: Sep | K44: Oct | L44: Nov | M44: Déc | N44: TOTAL
A45: Loyer (HT)
A46: Autres charges fixes (HT)
A47: TVA sur autres charges fixes
A48: Autres charges fixes (TTC)
A49: Salaires + charges patronales
A50: Décaissements production (total)
A54: Ligne | B54: Jan | C54: Fév | D54: Mar | E54: Avr | F54: Mai | G54: Jun | H54: Jul | I54: Aoû | J54: Sep | K54: Oct | L54: Nov | M54: Déc | N54: TOTAL
A55: Solde emprunt début
A56: Intérêts
A57: Remboursement capital
A58: Mensualité (capital+int.)
A59: Solde emprunt fin
A60: Résultat avant IS (EBT) (mensuel)
A61: IS (provision mensuelle) (taux 25%)
A62: Décaissements autres (IS + mensualité)
A66: Ligne | B66: Jan | C66: Fév | D66: Mar | E66: Avr | F66: Mai | G66: Jun | H66: Jul | I66: Aoû | J66: Sep | K66: Oct | L66: Nov | M66: Déc | N66: TOTAL
A67: Matériel (HT)
A68: Travaux (HT)
A69: Investissements (HT) total
A70: TVA déductible sur immo
A71: Investissements (TTC)
A72: Décaissements investissements (TTC)
A76: Ligne | B76: Jan | C76: Fév | D76: Mar | E76: Avr | F76: Mai | G76: Jun | H76: Jul | I76: Aoû | J76: Sep | K76: Oct | L76: Nov | M76: Déc | N76: TOTAL
A77: TVA collectée
A78: TVA déductible achats
A79: TVA déductible autres (fixes+immo)
A80: TVA nette
A81: TVA à payer (décaissement, lag 1 mois)
A85: Ligne | B85: Jan | C85: Fév | D85: Mar | E85: Avr | F85: Mai | G85: Jun | H85: Jul | I85: Aoû | J85: Sep | K85: Oct | L85: Nov | M85: Déc | N85: TOTAL
A86: Trésorerie début de mois
A87: Encaissements (clients TTC)
A88: Décaissements (total)
A89: Solde mensuel
A90: Trésorerie fin de mois
A96: N+1
A97: Ligne | B97: Jan | C97: Fév | D97: Mar | E97: Avr | F97: Mai | G97: Jun | H97: Jul | I97: Aoû | J97: Sep | K97: Oct | L97: Nov | M97: Déc | N97: TOTAL
A98: CA (HT)
A99: TVA collectée
A100: CA (TTC)
A101: Encaissements clients (TTC)
A106: Ligne | B106: Jan | C106: Fév | D106: Mar | E106: Avr | F106: Mai | G106: Jun | H106: Jul | I106: Aoû | J106: Sep | K106: Oct | L106: Nov | M106: Déc | N106: TOTAL
A107: Achats / charges variables (HT)
A108: TVA déductible sur achats
A109: Achats (TTC)
A110: Décaissements fournisseurs (TTC)
A114: Ligne | B114: Jan | C114: Fév | D114: Mar | E114: Avr | F114: Mai | G114: Jun | H114: Jul | I114: Aoû | J114: Sep | K114: Oct | L114: Nov | M114: Déc | N114: TOTAL
A115: Loyer (HT)
A116: Autres charges fixes (HT)
A117: TVA sur autres charges fixes
A118: Autres charges fixes (TTC)
A119: Salaires + charges patronales
A120: Décaissements production (total)
A124: Ligne | B124: Jan | C124: Fév | D124: Mar | E124: Avr | F124: Mai | G124: Jun | H124: Jul | I124: Aoû | J124: Sep | K124: Oct | L124: Nov | M124: Déc | N124: TOTAL
A125: Solde emprunt début
A126: Intérêts
A127: Remboursement capital
A128: Mensualité (capital+int.)
A129: Solde emprunt fin
A130: Résultat avant IS (EBT) (mensuel)
A131: IS (provision mensuelle) (taux 25%)
A132: Décaissements autres (IS + mensualité)
A136: Ligne | B136: Jan | C136: Fév | D136: Mar | E136: Avr | F136: Mai | G136: Jun | H136: Jul | I136: Aoû | J136: Sep | K136: Oct | L136: Nov | M136: Déc | N136: TOTAL
A137: Matériel (HT)
A138: Travaux (HT)
A139: Investissements (HT) total
A140: TVA déductible sur immo
A141: Investissements (TTC)
A142: Décaissements investissements (TTC)
A146: Ligne | B146: Jan | C146: Fév | D146: Mar | E146: Avr | F146: Mai | G146: Jun | H146: Jul | I146: Aoû | J146: Sep | K146: Oct | L146: Nov | M146: Déc | N146: TOTAL
A147: TVA collectée
A148: TVA déductible achats
A149: TVA déductible autres (fixes+immo)
A150: TVA nette
A151: TVA à payer (décaissement, lag 1 mois)
A155: Ligne | B155: Jan | C155: Fév | D155: Mar | E155: Avr | F155: Mai | G155: Jun | H155: Jul | I155: Aoû | J155: Sep | K155: Oct | L155: Nov | M155: Déc | N155: TOTAL
A156: Trésorerie début de mois
A157: Encaissements (clients TTC)
A158: Décaissements (total)
A159: Solde mensuel
A160: Trésorerie fin de mois
A167: ANNEE 1
A168: Ligne | B168: Jan | C168: Fév | D168: Mar | E168: Avr | F168: Mai | G168: Jun | H168: Jul | I168: Aoû | J168: Sep | K168: Oct | L168: Nov | M168: Déc | N168: TOTAL
A169: CA (HT)
A170: TVA collectée
A171: CA (TTC)
A172: Encaissements clients (TTC)
A177: Ligne | B177: Jan | C177: Fév | D177: Mar | E177: Avr | F177: Mai | G177: Jun | H177: Jul | I177: Aoû | J177: Sep | K177: Oct | L177: Nov | M177: Déc | N177: TOTAL
...

Sheet Feuil3
B1: HYPOTHÈSE — Optimiste — Saint-Ouen
A26: ANNEE 1
A27: Ligne | B27: Jan | C27: Fév | D27: Mar | E27: Avr | F27: Mai | G27: Jun | H27: Jul | I27: Aoû | J27: Sep | K27: Oct | L27: Nov | M27: Déc | N27: TOTAL
A28: CA (HT)
A29: TVA collectée
A30: CA (TTC)
A31: Encaissements clients (TTC)
A36: Ligne | B36: Jan | C36: Fév | D36: Mar | E36: Avr | F36: Mai | G36: Jun | H36: Jul | I36: Aoû | J36: Sep | K36: Oct | L36: Nov | M36: Déc | N36: TOTAL
A37: Achats / charges variables (HT)
A38: TVA déductible sur achats
A39: Achats (TTC)
A40: Décaissements fournisseurs (TTC)
A44: Ligne | B44: Jan | C44: Fév | D44: Mar | E44: Avr | F44: Mai | G44: Jun | H44: Jul | I44: Aoû | J44: Sep | K44: Oct | L44: Nov | M44: Déc | N44: TOTAL
A45: Loyer (HT)
A46: Autres charges fixes (HT)
A47: TVA sur autres charges fixes
A48: Autres charges fixes (TTC)
A49: Salaires + charges patronales
A50: Décaissements production (total)
A54: Ligne | B54: Jan | C54: Fév | D54: Mar | E54: Avr | F54: Mai | G54: Jun | H54: Jul | I54: Aoû | J54: Sep | K54: Oct | L54: Nov | M54: Déc | N54: TOTAL
A55: Solde emprunt début
A56: Intérêts
A57: Remboursement capital
A58: Mensualité (capital+int.)
A59: Solde emprunt fin
A60: Résultat avant IS (EBT) (mensuel)
A61: IS (provision mensuelle) (taux 25%)
A62: Décaissements autres (IS + mensualité)
A66: Ligne | B66: Jan | C66: Fév | D66: Mar | E66: Avr | F66: Mai | G66: Jun | H66: Jul | I66: Aoû | J66: Sep | K66: Oct | L66: Nov | M66: Déc | N66: TOTAL
A67: Matériel (HT)
A68: Travaux (HT)
A69: Investissements (HT) total
A70: TVA déductible sur immo
A71: Investissements (TTC)
A72: Décaissements investissements (TTC)
A76: Ligne | B76: Jan | C76: Fév | D76: Mar | E76: Avr | F76: Mai | G76: Jun | H76: Jul | I76: Aoû | J76: Sep | K76: Oct | L76: Nov | M76: Déc | N76: TOTAL
A77: TVA collectée
A78: TVA déductible achats
A79: TVA déductible autres (fixes+immo)
A80: TVA nette
A81: TVA à payer (décaissement, lag 1 mois)
A85: Ligne | B85: Jan | C85: Fév | D85: Mar | E85: Avr | F85: Mai | G85: Jun | H85: Jul | I85: Aoû | J85: Sep | K85: Oct | L85: Nov | M85: Déc | N85: TOTAL
A86: Trésorerie début de mois
A87: Encaissements (clients TTC)
A88: Décaissements (total)
A89: Solde mensuel
A90: Trésorerie fin de mois
A96: ANNEE 1
A97: Ligne | B97: Jan | C97: Fév | D97: Mar | E97: Avr | F97: Mai | G97: Jun | H97: Jul | I97: Aoû | J97: Sep | K97: Oct | L97: Nov | M97: Déc | N97: TOTAL
A98: CA (HT)
A99: TVA collectée
A100: CA (TTC)
A101: Encaissements clients (TTC)
A106: Ligne | B106: Jan | C106: Fév | D106: Mar | E106: Avr | F106: Mai | G106: Jun | H106: Jul | I106: Aoû | J106: Sep | K106: Oct | L106: Nov | M106: Déc | N106: TOTAL
A107: Achats / charges variables (HT)
A108: TVA déductible sur achats
A109: Achats (TTC)
A110: Décaissements fournisseurs (TTC)
A114: Ligne | B114: Jan | C114: Fév | D114: Mar | E114: Avr | F114: Mai | G114: Jun | H114: Jul | I114: Aoû | J114: Sep | K114: Oct | L114: Nov | M114: Déc | N114: TOTAL
A115: Loyer (HT)
A116: Autres charges fixes (HT)
A117: TVA sur autres charges fixes
A118: Autres charges fixes (TTC)
A119: Salaires + charges patronales
A120: Décaissements production (total)
A124: Ligne | B124: Jan | C124: Fév | D124: Mar | E124: Avr | F124: Mai | G124: Jun | H124: Jul | I124: Aoû | J124: Sep | K124: Oct | L124: Nov | M124: Déc | N124: TOTAL
A125: Solde emprunt début
A126: Intérêts
A127: Remboursement capital
A128: Mensualité (capital+int.)
A129: Solde emprunt fin
A130: Résultat avant IS (EBT) (mensuel)
A131: IS (provision mensuelle) (taux 25%)
A132: Décaissements autres (IS + mensualité)
A136: Ligne | B136: Jan | C136: Fév | D136: Mar | E136: Avr | F136: Mai | G136: Jun | H136: Jul | I136: Aoû | J136: Sep | K136: Oct | L136: Nov | M136: Déc | N136: TOTAL
A137: Matériel (HT)
A138: Travaux (HT)
A139: Investissements (HT) total
A140: TVA déductible sur immo
A141: Investissements (TTC)
A142: Décaissements investissements (TTC)
A146: Ligne | B146: Jan | C146: Fév | D146: Mar | E146: Avr | F146: Mai | G146: Jun | H146: Jul | I146: Aoû | J146: Sep | K146: Oct | L146: Nov | M146: Déc | N146: TOTAL
A147: TVA collectée
A148: TVA déductible achats
A149: TVA déductible autres (fixes+immo)
A150: TVA nette
A151: TVA à payer (décaissement, lag 1 mois)
A155: Ligne | B155: Jan | C155: Fév | D155: Mar | E155: Avr | F155: Mai | G155: Jun | H155: Jul | I155: Aoû | J155: Sep | K155: Oct | L155: Nov | M155: Déc | N155: TOTAL
A156: Trésorerie début de mois
A157: Encaissements (clients TTC)
A158: Décaissements (total)
A159: Solde mensuel
A160: Trésorerie fin de mois
A167: ANNEE 1
A168: Ligne | B168: Jan | C168: Fév | D168: Mar | E168: Avr | F168: Mai | G168: Jun | H168: Jul | I168: Aoû | J168: Sep | K168: Oct | L168: Nov | M168: Déc | N168: TOTAL
A169: CA (HT)
A170: TVA collectée
A171: CA (TTC)
A172: Encaissements clients (TTC)
A177: Ligne | B177: Jan | C177: Fév | D177: Mar | E177: Avr | F177: Mai | G177: Jun | H177: Jul | I177: Aoû | J177: Sep | K177: Oct | L177: Nov | M177: Déc | N177: TOTAL
...

Sheet Budget Prev 3 années SANS PRECO
B1: N+1
B2: Budget de ventes N+1
C3: Janvier | D3: Février | E3: Mars | F3: Avril | G3: Mai | H3: Juin | I3: Juillet | J3: Août | K3: Septembre | L3: Octobre | M3: Novembre | N3: Décembre | O3: à reporter au bilan ou CDR | S3: Compte de résultat Société Red au 31.12.N+1
O4: élément | P4: Montant | S4: Prestation de services | T4: =P5 -> 63024
B5: CA HT | C5: ='Bilan et CDR N'!$C$5*1.01/12 -> 5252 | D5: ='Bilan et CDR N'!$C$5*1.01/12 -> 5252 | E5: ='Bilan et CDR N'!$C$5*1.01/12 -> 5252 | F5: ='Bilan et CDR N'!$C$5*1.01/12 -> 5252 | G5: ='Bilan et CDR N'!$C$5*1.01/12 -> 5252 | H5: ='Bilan et CDR N'!$C$5*1.01/12 -> 5252 | I5: ='Bilan et CDR N'!$C$5*1.01/12 -> 5252 | J5: ='Bilan et CDR N'!$C$5*1.01/12 -> 5252 | ... N5: ='Bilan et CDR N'!$C$5*1.01/12 -> 5252 | O5: Prestation de services | P5: =SUM(C5:N5) -> 63024 | S5: Subvention d'exploitation | T5: 0
B6: TVA collectée | C6: =C5*20% -> 1050.4 | D6: =D5*20% -> 1050.4 | E6: =E5*20% -> 1050.4 | F6: =F5*20% -> 1050.4 | G6: =G5*20% -> 1050.4 | H6: =H5*20% -> 1050.4 | I6: =I5*20% -> 1050.4 | J6: =J5*20% -> 1050.4 | ... N6: =N5*20% -> 1050.4 | S6: Total produits d'exploitation | T6: =T4+T5 -> 63024
B7: CA TTC | C7: =C5+C6 -> 6302.4 | D7: =D5+D6 -> 6302.4 | E7: =E5+E6 -> 6302.4 | F7: =F5+F6 -> 6302.4 | G7: =G5+G6 -> 6302.4 | H7: =H5+H6 -> 6302.4 | I7: =I5+I6 -> 6302.4 | J7: =J5+J6 -> 6302.4 | ... N7: =N5+N6 -> 6302.4 | S7: Achats de MP | T7: =P14 -> 18907.2
B8: Règlement | C8: ='Bilan et CDR N'!I14 -> 78000 | D8: =C7 -> 6302.4 | E8: =D7 -> 6302.4 | F8: =E7 -> 6302.4 | G8: =F7 -> 6302.4 | H8: =G7 -> 6302.4 | I8: =H7 -> 6302.4 | J8: =I7 -> 6302.4 | K8: =J7 -> 6302.4 | ... N8: =M7 -> 6302.4 | O8: Clients | P8: =N7 -> 6302.4 | S8: Autres achats et charges externes | T8: =P23 -> 85200
S9: Impots, taxes et versements assimilés | T9: =P39 -> 8200
S10: Salaires et traitements | T10: =P31 -> 307500
B11: Budget de achats N+1 | S11: Charges sociales | T11: =P32 -> 123000
C12: Janvier | D12: Février | E12: Mars | F12: Avril | G12: Mai | H12: Juin | I12: Juillet | J12: Août | K12: Septembre | L12: Octobre | M12: Novembre | N12: Décembre | O12: à reporter au bilan ou CDR | S12: Dotations d'exploitation | T12: =P28 -> 10714.286
O13: élément | P13: Montant | S13: Total charges d'exploitation | T13: =SUM(T7:T12) -> 553521.49
B14: ACHATS HT | C14: =C5*30% -> 1575.6 | D14: =D5*30% -> 1575.6 | E14: =E5*30% -> 1575.6 | F14: =F5*30% -> 1575.6 | G14: =G5*30% -> 1575.6 | H14: =H5*30% -> 1575.6 | I14: =I5*30% -> 1575.6 | J14: =J5*30% -> 1575.6 | ... N14: =N5*30% -> 1575.6 | O14: Achats | P14: =SUM(C14:N14) -> 18907.2 | S14: Résultat d'exploitation | T14: =T6-T13 -> -490497.49
B15: TVA ded sur achats | C15: =C14*20% -> 315.12 | D15: =D14*20% -> 315.12 | E15: =E14*20% -> 315.12 | F15: =F14*20% -> 315.12 | G15: =G14*20% -> 315.12 | H15: =H14*20% -> 315.12 | I15: =I14*20% -> 315.12 | J15: =J14*20% -> 315.12 | ... N15: =N14*20% -> 315.12 | S15: Total produits financiers | T15: 0
B16: Total achat TTC | C16: =C14+C15 -> 1890.72 | D16: =D14+D15 -> 1890.72 | E16: =E14+E15 -> 1890.72 | F16: =F14+F15 -> 1890.72 | G16: =G14+G15 -> 1890.72 | H16: =H14+H15 -> 1890.72 | I16: =I14+I15 -> 1890.72 | J16: =J14+J15 -> 1890.72 | ... N16: =N14+N15 -> 1890.72 | S16: Intérêts et charges assimilées | T16: =P41 -> 4200
B17: Règlement | C17: =C16+'Bilan et CDR N'!K14 -> 25390.72 | D17: =D16 -> 1890.72 | E17: =E16 -> 1890.72 | F17: =F16 -> 1890.72 | G17: =G16 -> 1890.72 | H17: =H16 -> 1890.72 | I17: =I16 -> 1890.72 | J17: =J16 -> 1890.72 | K17: =K16 -> 1890.72 | ... N17: =N16 -> 1890.72 | O17: Fournisseurs | P17: 0 | S17: Total charges financières | T17: =T16 -> 4200
S18: Résultat financier | T18: =T15-T17 -> -4200
S19: Résultat courant avant impôt | T19: =T14-(-T18) -> -494697.49
B20: Budget de production N+1 | S20: Résultat exceptionnel
C21: Janvier | D21: Février | E21: Mars | F21: Avril | G21: Mai | H21: Juin | I21: Juillet | J21: Août | K21: Septembre | L21: Octobre | M21: Novembre | N21: Décembre | O21: à reporter au bilan ou CDR | S21: Résultat net | T21: =T19 -> -494697.49
O22: élément | P22: Montant
B23: Coûts fixes HT | C23: 7100 | D23: 7100 | E23: 7100 | F23: 7100 | G23: 7100 | H23: 7100 | I23: 7100 | J23: 7100 | K23: 7100 | L23: 7100 | M23: 7100 | N23: 7100 | O23: Autres achats & charges externes | P23: =SUM(C23:N23) -> 85200
B24: TVA sur CF | C24: =C23*20% -> 1420 | D24: =D23*20% -> 1420 | E24: =E23*20% -> 1420 | F24: =F23*20% -> 1420 | G24: =G23*20% -> 1420 | H24: =H23*20% -> 1420 | I24: =I23*20% -> 1420 | J24: =J23*20% -> 1420 | ... N24: =N23*20% -> 1420
B25: Total TTC des CF hors amortissement | C25: =C23+C24 -> 8520 | D25: =D23+D24 -> 8520 | E25: =E23+E24 -> 8520 | F25: =F23+F24 -> 8520 | G25: =G23+G24 -> 8520 | H25: =H23+H24 -> 8520 | I25: =I23+I24 -> 8520 | J25: =J23+J24 -> 8520 | ... N25: =N23+N24 -> 8520 | S25: Bilan société Red au 31.12.N +1
B26: Règlement | C26: =+C23+C24 -> 8520 | D26: =+D23+D24 -> 8520 | E26: =+E23+E24 -> 8520 | F26: =+F23+F24 -> 8520 | G26: =+G23+G24 -> 8520 | H26: =+H23+H24 -> 8520 | I26: =+I23+I24 -> 8520 | J26: =+J23+J24 -> 8520 | ... N26: =+N23+N24 -> 8520 | S26: Actif | T26: Brut | U26: Amort et Dep | V26: Net | W26: Passif | X26: Net
B27: Amortissemements | N27: 7500 | O27: Amortissement nouveau mat | P27: =Emprunt!K4 -> 3214.2857 | S27: Immobilisations | T27: =SUM(T28:T31) -> 236500 | U27: =SUM(U28:U29) -> 49814.286 | V27: =SUM(V28:V29) -> 186685.71 | W27: Capitaux propres | X27: =SUM(X28:X31) -> -416969.49 | AA27: repartion 7500 d'amortissement immo
B28: Nouvel amortissement | N28: =P27 -> 3214.2857 | O28: Dotations aux amortissements | P28: =SUM(C29:N29) -> 10714.286 | S28: Installations techniques, matériel et out. ind | T28: 159000 | U28: =8500+AB31 -> 14072.43 | V28: =T28-U28 -> 144927.57 | W28: Capital | X28: 50000 | AA28: 55
B29: Total des amortissements | C29: =C27+C28 -> 0 | D29: =D27+D28 -> 0 | E29: =E27+E28 -> 0 | F29: =F27+F28 -> 0 | G29: =G27+G28 -> 0 | H29: =H27+H28 -> 0 | I29: =I27+I28 -> 0 | J29: =J27+J28 -> 0 | ... N29: =N27+N28 -> 10714.286 | S29: Autres immobilisations corporelles | T29: =55000+22500 -> 77500 | U29: =30600+AA30+P27 -> 35741.856 | V29: =T29-U29 -> 41758.144 | W29: Réserve légale | X29: 5000 | AB29: 159
B30: Salaire Net | C30: =307500/12 -> 25625 | D30: =307500/12 -> 25625 | E30: =307500/12 -> 25625 | F30: =307500/12 -> 25625 | G30: =307500/12 -> 25625 | H30: =307500/12 -> 25625 | I30: =307500/12 -> 25625 | J30: =307500/12 -> 25625 | ... N30: =307500/12 -> 25625 | W30: Autres réserves et report à nouveau | X30: =17900+'Bilan et CDR N'!C23 -> 22728 | AA30: =AA28/AB30*7500 -> 1927.5701 | AB30: 214
B31: Décaissement salaires nets | C31: =C30 -> 25625 | D31: =D30 -> 25625 | E31: =E30 -> 25625 | F31: =F30 -> 25625 | G31: =G30 -> 25625 | H31: =H30 -> 25625 | I31: =I30 -> 25625 | J31: =J30 -> 25625 | ... N31: =N30 -> 25625 | O31: Salaire | P31: =SUM(C31:N31) -> 307500 | W31: Résultat de l'exercice | X31: =T21 -> -494697.49 | AB31: =AB29/AB30*7500 -> 5572.4299
B32: Charges sociales | C32: =C30*0.4 -> 10250 | D32: =D30*0.4 -> 10250 | E32: =E30*0.4 -> 10250 | F32: =F30*0.4 -> 10250 | G32: =G30*0.4 -> 10250 | H32: =H30*0.4 -> 10250 | I32: =I30*0.4 -> 10250 | J32: =J30*0.4 -> 10250 | ... N32: =N30*0.4 -> 10250 | O32: Charges sociales | P32: =SUM(C32:N32) -> 123000
B33: Décaissement charges sociales | C33: 16000 | D33: =C32 -> 10250 | E33: =D32 -> 10250 | F33: =E32 -> 10250 | G33: =F32 -> 10250 | H33: =G32 -> 10250 | I33: =H32 -> 10250 | J33: =I32 -> 10250 | K33: =J32 -> 10250 | ... N33: =M32 -> 10250 | O33: Dette URSSAF | P33: =N32 -> 10250 | S33: Actif circulant | T33: =SUM(T34:T36) -> -485067.92 | U33: =SUM(U34:U36) -> 0 | V33: =SUM(V34:V36) -> -485067.92 | W33: Dettes | X33: =SUM(X34:X37) -> 99565.28
S34: Stock de matières premières | T34: 15000 | V34: =T34-U34 -> 15000 | W34: Emprunts et dettes auprès des établiss. de crédit | X34: =Emprunt!G9 -> 90000
S35: Créances clients et comptes rattachés | T35: =P8 -> 6302.4 | V35: =T35-U35 -> 6302.4 | W35: Dettes fournisseurs et comptes rattachés | X35: =P64+P33 -> 9565.28
B36: Budget des autres frais, de l'IS et de l'emprunt N+1 | S36: Disponibilités | T36: =N85 -> -506370.32 | V36: =T36-U36 -> -506370.32 | W36: Dettes fiscales et sociales (2) | X36: ='Budget Prev 3 années SANS PRECO'!AC85+'Budget Prev 3 années SANS PRECO'!AC54 -> 0
C37: Janvier | D37: Février | E37: Mars | F37: Avril | G37: Mai | H37: Juin | I37: Juillet | J37: Août | K37: Septembre | L37: Octobre | M37: Novembre | N37: Décembre | O37: à reporter au bilan ou CDR
O38: élément | P38: Montant | S38: TOTAL ACTIF | T38: =T27+T33 -> -248567.92 | U38: =U27 -> 49814.286 | V38: =T38-U38 -> -298382.21 | W38: TOTAL PASSIF | X38: =X27+X33 -> -317404.21
B39: Impôts et taxes | L39: 8200 | O39: Frais généraux / impôts et taxes | P39: =SUM(C39:N39) -> 8200 | W39: Ecart | X39: =V38-X38 -> 19022
B40: Règlement frais généraux | L40: 8200
B41: Intérêts | C41: =$P$41/12 -> 350 | D41: =$P$41/12 -> 350 | E41: =$P$41/12 -> 350 | F41: =$P$41/12 -> 350 | G41: =$P$41/12 -> 350 | H41: =$P$41/12 -> 350 | I41: =$P$41/12 -> 350 | J41: =$P$41/12 -> 350 | ... N41: =$P$41/12 -> 350 | O41: Intérêts et charges assimilés | P41: =Emprunt!D9 -> 4200
B42: Remboursement de l'emprunt | C42: =$P$42/12 -> 2500 | D42: =$P$42/12 -> 2500 | E42: =$P$42/12 -> 2500 | F42: =$P$42/12 -> 2500 | G42: =$P$42/12 -> 2500 | H42: =$P$42/12 -> 2500 | I42: =$P$42/12 -> 2500 | J42: =$P$42/12 -> 2500 | ... N42: =$P$42/12 -> 2500 | O42: Emprunt | P42: =Emprunt!E9 -> 30000
B43: Règlement | C43: =C41+C42 -> 2850 | D43: =D41+D42 -> 2850 | E43: =E41+E42 -> 2850 | F43: =F41+F42 -> 2850 | G43: =G41+G42 -> 2850 | H43: =H41+H42 -> 2850 | I43: =I41+I42 -> 2850 | J43: =J41+J42 -> 2850 | ... N43: =N41+N42 -> 2850
B46: Budget des investissements N+1
C47: Janvier | D47: Février | E47: Mars | F47: Avril | G47: Mai | H47: Juin | I47: Juillet | J47: Août | K47: Septembre | L47: Octobre | M47: Novembre | N47: Décembre | O47: à reporter au bilan ou CDR
O48: élément | P48: Montant
B49: Acquisitions HT | C49: =Emprunt!J4 -> 22500 | O49: Immobilisation | P49: =SUM(C49:N49) -> 22500
B50: TVA ded sur immo | C50: =C49*20% -> 4500
B51: Total TTC | C51: =C49+C50 -> 27000
B52: Règlement | C52: =C51 -> 27000 | O52: Fournisseurs Immobilisation | P52: 0
B55: Budget de TVA N+1
C56: Janvier | D56: Février | E56: Mars | F56: Avril | G56: Mai | H56: Juin | I56: Juillet | J56: Août | K56: Septembre | L56: Octobre | M56: Novembre | N56: Décembre | O56: à reporter au bilan ou CDR
O57: élément | P57: Montant
B58: TVA collectée | C58: =C6 -> 1050.4 | D58: =D6 -> 1050.4 | E58: =E6 -> 1050.4 | F58: =F6 -> 1050.4 | G58: =G6 -> 1050.4 | H58: =H6 -> 1050.4 | I58: =I6 -> 1050.4 | J58: =J6 -> 1050.4 | ... N58: =N6 -> 1050.4
B59: TVA ded sur achats | C59: =C15 -> 315.12 | D59: =D15 -> 315.12 | E59: =E15 -> 315.12 | F59: =F15 -> 315.12 | G59: =G15 -> 315.12 | H59: =H15 -> 315.12 | I59: =I15 -> 315.12 | J59: =J15 -> 315.12 | ... N59: =N15 -> 315.12
B60: TVA sur CF | C60: =C24 -> 1420 | D60: =D24 -> 1420 | E60: =E24 -> 1420 | F60: =F24 -> 1420 | G60: =G24 -> 1420 | H60: =H24 -> 1420 | I60: =I24 -> 1420 | J60: =J24 -> 1420 | ... N60: =N24 -> 1420
B61: TVA ded sur immo | C61: =C50 -> 4500 | D61: =D50 -> 0 | E61: =E50 -> 0 | F61: =F50 -> 0 | G61: =G50 -> 0 | H61: =H50 -> 0 | I61: =I50 -> 0 | J61: =J50 -> 0 | ... N61: =N50 -> 0
B62: Total TVA déductible | C62: =C59+C60+C61 -> 6235.12 | D62: =D59+D60+D61 -> 1735.12 | E62: =E59+E60+E61 -> 1735.12 | F62: =F59+F60+F61 -> 1735.12 | G62: =G59+G60+G61 -> 1735.12 | H62: =H59+H60+H61 -> 1735.12 | I62: =I59+I60+I61 -> 1735.12 | J62: =J59+J60+J61 -> 1735.12 | ... N62: =N59+N60+N61 -> 1735.12
B63: TVA à décaisser / crédit de TVA | C63: =C58-C62 -> -5184.72 | D63: =D58-D62 -> -684.72 | E63: =E58-E62 -> -684.72 | F63: =F58-F62 -> -684.72 | G63: =G58-G62 -> -684.72 | H63: =H58-H62 -> -684.72 | I63: =I58-I62 -> -684.72 | J63: =J58-J62 -> -684.72 | ... N63: =N58-N62 -> -684.72
B64: Règlement | C64: 15000 | D64: =C63 -> -5184.72 | E64: =D63 -> -684.72 | F64: =E63 -> -684.72 | G64: =F63 -> -684.72 | H64: =G63 -> -684.72 | I64: =H63 -> -684.72 | J64: =I63 -> -684.72 | K64: =J63 -> -684.72 | ... N64: =M63 -> -684.72 | O64: TVA à décaisser / dettes fiscales | P64: =N63 -> -684.72
B67: Budget de trésorerie N+1
C68: Janvier | D68: Février | E68: Mars | F68: Avril | G68: Mai | H68: Juin | I68: Juillet | J68: Août | K68: Septembre | L68: Octobre | M68: Novembre | N68: Décembre | O68: à reporter au bilan ou CDR
O69: élément | P69: Montant
B70: Ventes | C70: =C8 -> 78000 | D70: =D8 -> 6302.4 | E70: =E8 -> 6302.4 | F70: =F8 -> 6302.4 | G70: =G8 -> 6302.4 | H70: =H8 -> 6302.4 | I70: =I8 -> 6302.4 | J70: =J8 -> 6302.4 | ... N70: =N8 -> 6302.4
B71: Autres créances | H71: 1500
B72: Encaissements des ventes | C72: =C71+C70 -> 78000 | D72: =D71+D70 -> 6302.4 | E72: =E71+E70 -> 6302.4 | F72: =F71+F70 -> 6302.4 | G72: =G71+G70 -> 6302.4 | H72: =H71+H70 -> 7802.4 | I72: =I71+I70 -> 6302.4 | J72: =J71+J70 -> 6302.4 | ... N72: =N71+N70 -> 6302.4
B73: Décaissements des achats | C73: =C17 -> 25390.72 | D73: =D17 -> 1890.72 | E73: =E17 -> 1890.72 | F73: =F17 -> 1890.72 | G73: =G17 -> 1890.72 | H73: =H17 -> 1890.72 | I73: =I17 -> 1890.72 | J73: =J17 -> 1890.72 | ... N73: =N17 -> 1890.72
B74: Autres dettes | C74: ='Bilan et CDR N'!$K$16/12 -> 375 | D74: ='Bilan et CDR N'!$K$16/12 -> 375 | E74: ='Bilan et CDR N'!$K$16/12 -> 375 | F74: ='Bilan et CDR N'!$K$16/12 -> 375 | G74: ='Bilan et CDR N'!$K$16/12 -> 375 | H74: ='Bilan et CDR N'!$K$16/12 -> 375 | I74: ='Bilan et CDR N'!$K$16/12 -> 375 | J74: ='Bilan et CDR N'!$K$16/12 -> 375 | ... N74: ='Bilan et CDR N'!$K$16/12 -> 375
B75: Salaires nets | C75: =C31 -> 25625 | D75: =D31 -> 25625 | E75: =E31 -> 25625 | F75: =F31 -> 25625 | G75: =G31 -> 25625 | H75: =H31 -> 25625 | I75: =I31 -> 25625 | J75: =J31 -> 25625 | ... N75: =N31 -> 25625
B76: Charges sociales | C76: =C33 -> 16000 | D76: =D33 -> 10250 | E76: =E33 -> 10250 | F76: =F33 -> 10250 | G76: =G33 -> 10250 | H76: =H33 -> 10250 | I76: =I33 -> 10250 | J76: =J33 -> 10250 | ... N76: =N33 -> 10250
B77: Impôts et taxes | C77: =C40 -> 0 | D77: =D40 -> 0 | E77: =E40 -> 0 | F77: =F40 -> 0 | G77: =G40 -> 0 | H77: =H40 -> 0 | I77: =I40 -> 0 | J77: =J40 -> 0 | ... N77: =N40 -> 0
B78: Décaissements CF | C78: =C26 -> 8520 | D78: =D26 -> 8520 | E78: =E26 -> 8520 | F78: =F26 -> 8520 | G78: =G26 -> 8520 | H78: =H26 -> 8520 | I78: =I26 -> 8520 | J78: =J26 -> 8520 | ... N78: =N26 -> 8520
B79: Décaissements financiers | C79: =C43 -> 2850 | D79: =D43 -> 2850 | E79: =E43 -> 2850 | F79: =F43 -> 2850 | G79: =G43 -> 2850 | H79: =H43 -> 2850 | I79: =I43 -> 2850 | J79: =J43 -> 2850 | ... N79: =N43 -> 2850
B80: Décaissements investissements | C80: =C51 -> 27000 | D80: =D51 -> 0 | E80: =E51 -> 0 | F80: =F51 -> 0 | G80: =G51 -> 0 | H80: =H51 -> 0 | I80: =I51 -> 0 | J80: =J51 -> 0 | ... N80: =N51 -> 0
B81: Décaissements TVA | C81: =C64 -> 15000 | D81: =D64 -> -5184.72 | E81: =E64 -> -684.72 | F81: =F64 -> -684.72 | G81: =G64 -> -684.72 | H81: =H64 -> -684.72 | I81: =I64 -> -684.72 | J81: =J64 -> -684.72 | ... N81: =N64 -> -684.72
B82: Total décaissements | C82: =SUM(C73:C81) -> 120760.72 | D82: =SUM(D73:D81) -> 44326 | E82: =SUM(E73:E81) -> 48826 | F82: =SUM(F73:F81) -> 48826 | G82: =SUM(G73:G81) -> 48826 | H82: =SUM(H73:H81) -> 48826 | I82: =SUM(I73:I81) -> 48826 | J82: =SUM(J73:J81) -> 48826 | ... N82: =SUM(N73:N81) -> 48826
B83: Solde initial | C83: ='Bilan et CDR N'!I16 -> 6350 | D83: =C85 -> -36410.72 | E83: =D85 -> -74434.32 | F83: =E85 -> -116957.92 | G83: =F85 -> -159481.52 | H83: =G85 -> -202005.12 | I83: =H85 -> -243028.72 | J83: =I85 -> -285552.32 | K83: =J85 -> -328075.92 | ... N83: =M85 -> -463846.72
B84: Mouvement du mois | C84: =C72-C82 -> -42760.72 | D84: =D72-D82 -> -38023.6 | E84: =E72-E82 -> -42523.6 | F84: =F72-F82 -> -42523.6 | G84: =G72-G82 -> -42523.6 | H84: =H72-H82 -> -41023.6 | I84: =I72-I82 -> -42523.6 | J84: =J72-J82 -> -42523.6 | ... N84: =N72-N82 -> -42523.6
B85: Solde final | C85: =C83+C84 -> -36410.72 | D85: =D83+D84 -> -74434.32 | E85: =E83+E84 -> -116957.92 | F85: =F83+F84 -> -159481.52 | G85: =G83+G84 -> -202005.12 | H85: =H83+H84 -> -243028.72 | I85: =I83+I84 -> -285552.32 | J85: =J83+J84 -> -328075.92 | ... N85: =N83+N84 -> -506370.32 | O85: Disponibilité | P85: =N85 -> -506370.32
B87: N+2
B89: Budget de ventes N+2
C90: Janvier | D90: Février | E90: Mars | F90: Avril | G90: Mai | H90: Juin | I90: Juillet | J90: Août | K90: Septembre | L90: Octobre | M90: Novembre | N90: Décembre | O90: à reporter au bilan ou CDR | S90: Compte de résultat Société Red au 31.12.N+2
O91: élément | P91: Montant | S91: Prestation de services | T91: =P92 -> 64914.72
B92: CA HT | C92: =$P$5*1.03/12 -> 5409.56 | D92: =$P$5*1.03/12 -> 5409.56 | E92: =$P$5*1.03/12 -> 5409.56 | F92: =$P$5*1.03/12 -> 5409.56 | G92: =$P$5*1.03/12 -> 5409.56 | H92: =$P$5*1.03/12 -> 5409.56 | I92: =$P$5*1.03/12 -> 5409.56 | J92: =$P$5*1.03/12 -> 5409.56 | ... N92: =$P$5*1.03/12 -> 5409.56 | O92: Prestation de services | P92: =SUM(C92:N92) -> 64914.72 | S92: Subvention d'exploitation | T92: 0
B93: TVA collectée | C93: =C92*20% -> 1081.912 | D93: =D92*20% -> 1081.912 | E93: =E92*20% -> 1081.912 | F93: =F92*20% -> 1081.912 | G93: =G92*20% -> 1081.912 | H93: =H92*20% -> 1081.912 | I93: =I92*20% -> 1081.912 | J93: =J92*20% -> 1081.912 | ... N93: =N92*20% -> 1081.912 | S93: Total produits d'exploitation | T93: =T91+T92 -> 64914.72
B94: CA TTC | C94: =C92+C93 -> 6491.472 | D94: =D92+D93 -> 6491.472 | E94: =E92+E93 -> 6491.472 | F94: =F92+F93 -> 6491.472 | G94: =G92+G93 -> 6491.472 | H94: =H92+H93 -> 6491.472 | I94: =I92+I93 -> 6491.472 | J94: =J92+J93 -> 6491.472 | ... N94: =N92+N93 -> 6491.472 | S94: Achats de MP | T94: =P101 -> 20772.71
B95: Règlement reçu | C95: =V35 -> 6302.4 | D95: =C94 -> 6491.472 | E95: =D94 -> 6491.472 | F95: =E94 -> 6491.472 | G95: =F94 -> 6491.472 | H95: =G94 -> 6491.472 | I95: =H94 -> 6491.472 | J95: =I94 -> 6491.472 | K95: =J94 -> 6491.472 | ... N95: =M94 -> 6491.472 | O95: Clients | P95: =N94 -> 6491.472 | S95: Autres achats et charges externes | T95: =P110 -> 85200
S96: Impots, taxes et versements assimilés | T96: =P127 -> 8200
S97: Salaires et traitements | T97: =P119 -> 307500
B98: Budget de achats N+2 | S98: Charges sociales | T98: =P120 -> 123000
C99: Janvier | D99: Février | E99: Mars | F99: Avril | G99: Mai | H99: Juin | I99: Juillet | J99: Août | K99: Septembre | L99: Octobre | M99: Novembre | N99: Décembre | O99: à reporter au bilan ou CDR | S99: Dotations d'exploitation | T99: =P117 -> 11705.952 | W99: repartion 7500 d amortissement immo
O100: élément | P100: Montant | S100: Total charges d'exploitation | T100: =SUM(T94:T99) -> 556378.66 | W100: 55
B101: ACHATS HT | C101: =C92*32% -> 1731.0592 | D101: =D92*32% -> 1731.0592 | E101: =E92*32% -> 1731.0592 | F101: =F92*32% -> 1731.0592 | G101: =G92*32% -> 1731.0592 | H101: =H92*32% -> 1731.0592 | I101: =I92*32% -> 1731.0592 | J101: =J92*32% -> 1731.0592 | ... N101: =N92*32% -> 1731.0592 | O101: Achats | P101: =SUM(C101:N101) -> 20772.71 | S101: Résultat d'exploitation | T101: =T93-T100 -> -491463.94 | X101: 159
B102: TVA ded sur achats | C102: =C101*20% -> 346.21184 | D102: =D101*20% -> 346.21184 | E102: =E101*20% -> 346.21184 | F102: =F101*20% -> 346.21184 | G102: =G101*20% -> 346.21184 | H102: =H101*20% -> 346.21184 | I102: =I101*20% -> 346.21184 | J102: =J101*20% -> 346.21184 | ... N102: =N101*20% -> 346.21184 | S102: Total produits financiers | T102: 0 | W102: =W100/X102*7500 -> 1927.5701 | X102: 214
B103: Total achat TTC | C103: =C101+C102 -> 2077.271 | D103: =D101+D102 -> 2077.271 | E103: =E101+E102 -> 2077.271 | F103: =F101+F102 -> 2077.271 | G103: =G101+G102 -> 2077.271 | H103: =H101+H102 -> 2077.271 | I103: =I101+I102 -> 2077.271 | J103: =J101+J102 -> 2077.271 | ... N103: =N101+N102 -> 2077.271 | S103: Intérêts et charges assimilées | T103: =P129 -> 3150 | X103: =X101/X102*7500 -> 5572.4299
B104: Règlement | C104: =C103 -> 2077.271 | D104: =D103 -> 2077.271 | E104: =E103 -> 2077.271 | F104: =F103 -> 2077.271 | G104: =G103 -> 2077.271 | H104: =H103 -> 2077.271 | I104: =I103 -> 2077.271 | J104: =J103 -> 2077.271 | ... N104: =N103 -> 2077.271 | O104: Fournisseurs | P104: 0 | S104: Total charges financières | T104: =T103 -> 3150
S105: Résultat financier | T105: =T102-T104 -> -3150
S106: Résultat courant avant impôt | T106: =T101-(-T105) -> -494613.94
B107: Budget de prouduction N+2 | S107: Résultat exceptionnel
C108: Janvier | D108: Février | E108: Mars | F108: Avril | G108: Mai | H108: Juin | I108: Juillet | J108: Août | K108: Septembre | L108: Octobre | M108: Novembre | N108: Décembre | O108: à reporter au bilan ou CDR | S108: Résultat net | T108: =T106 -> -494613.94
...

Sheet Bilan et CDR N+1
B4: Compte de résultat Société Red au 31.12.N | F4: Bilan société Red au 31.12.N +1
B5: Prestation de services | C5: ='Budget Prev 3 années SANS PRECO'!P5 -> 63024 | F5: Actif | G5: Brut | H5: Amort et Dep | I5: Net | J5: Passif | K5: Net
B6: Subvention d'exploitation | C6: 0 | F6: Immobilisations | G6: =SUM(G7:G10) -> 236500 | H6: =SUM(H7:H8) -> 49814.286 | I6: =SUM(I7:I8) -> 186685.71 | J6: Capitaux propres | K6: =SUM(K7:K10) -> -416969.49
B7: Total produits d'exploitation | C7: =C5+C6 -> 63024 | F7: Installations techniques, matériel et out. ind | G7: 159000 | H7: =8500+J25 -> 14072.43 | I7: =G7-H7 -> 144927.57 | J7: Capital | K7: 50000
B8: Achats de MP | C8: ='Budget Prev 3 années SANS PRECO'!P14 -> 18907.2 | F8: Autres immobilisations corporelles | G8: =55000+22500 -> 77500 | H8: =30600+'Budget Prev 3 années SANS PRECO'!P27+I24 -> 35741.856 | I8: =G8-H8 -> 41758.144 | J8: Réserve légale | K8: 5000
B9: Autres achats et charges externes | C9: ='Budget Prev 3 années SANS PRECO'!P23 -> 85200 | J9: Autres réserves et report à nouveau | K9: =17900+'Bilan et CDR N'!C23 -> 22728
B10: Impots, taxes et versements assimilés | C10: ='Budget Prev 3 années SANS PRECO'!P39 -> 8200 | J10: Résultat de l'exercice | K10: =C22 -> -494697.49
B11: Salaires et traitements | C11: ='Budget Prev 3 années SANS PRECO'!P31 -> 307500
B12: Charges sociales | C12: ='Budget Prev 3 années SANS PRECO'!P32 -> 123000 | F12: Actif circulant | G12: =SUM(G13:G15) -> -485067.92 | H12: =SUM(H13:H15) -> 0 | I12: =SUM(I13:I15) -> -485067.92 | J12: Dettes | K12: =SUM(K13:K16) -> 99565.28
B13: Dotations d'exploitation | C13: ='Budget Prev 3 années SANS PRECO'!P28 -> 10714.286 | F13: Stock de matières premières | G13: 15000 | I13: =G13-H13 -> 15000 | J13: Emprunts et dettes auprès des établiss. de crédit | K13: =Emprunt!G9 -> 90000
B14: Total charges d'exploitation | C14: =SUM(C8:C13) -> 553521.49 | F14: Créances clients et comptes rattachés | G14: ='Budget Prev 3 années SANS PRECO'!P8 -> 6302.4 | I14: =G14-H14 -> 6302.4 | J14: Dettes fournisseurs et comptes rattachés | K14: =0 -> 0
B15: Résultat d'exploitation | C15: =C7-C14 -> -490497.49 | F15: Disponibilités | G15: ='Budget Prev 3 années SANS PRECO'!N85 -> -506370.32 | I15: =G15-H15 -> -506370.32 | J15: Dettes fiscales et sociales (2) | K15: ='Budget Prev 3 années SANS PRECO'!P64+'Budget Prev 3 années SANS PRECO'!P33 -> 9565.28
B16: Total produits financiers | C16: 0
B17: Intérêts et charges assimilées | C17: ='Budget Prev 3 années SANS PRECO'!P41 -> 4200 | F17: TOTAL ACTIF | G17: =G6+G12 -> -248567.92 | H17: =H6 -> 49814.286 | I17: =G17-H17 -> -298382.21 | J17: TOTAL PASSIF | K17: =K6+K12 -> -317404.21
B18: Total charges financières | C18: =C17 -> 4200 | J18: ECART | K18: =I17-K17 -> 19022
B19: Résultat financier | C19: =C16-C18 -> -4200
B20: Résultat courant avant impôt | C20: =C15-(-C19) -> -494697.49
B21: Résultat exceptionnel | I21: repartion 7500 d'amortissement immo
B22: Résultat net | C22: =C20 -> -494697.49 | I22: 55
J23: 159
I24: =I22/J24*7500 -> 1927.5701 | J24: 214
J25: =J23/J24*7500 -> 5572.4299

Sheet Bilan et CDR N+1 (2)
B4: Compte de résultat Société Red au 31.12.N | F4: Bilan société Red au 31.12.N +1
B5: Prestation de services | C5: ='Budget Prev 3 années SANS PRECO'!P5 -> 63024 | F5: Actif | G5: Brut | H5: Amort et Dep | I5: Net | J5: Passif | K5: Net
B6: Subvention d'exploitation | C6: 0 | F6: Immobilisations | G6: =SUM(G7:G10) -> 236500 | H6: =SUM(H7:H8) -> 49814.286 | I6: =SUM(I7:I8) -> 186685.71 | J6: Capitaux propres | K6: =SUM(K7:K10) -> -396126.79
B7: Total produits d'exploitation | C7: =C5+C6 -> 63024 | F7: Installations techniques, matériel et out. ind | G7: 159000 | H7: =8500+J25 -> 14072.43 | I7: =G7-H7 -> 144927.57 | J7: Capital | K7: =50000+25000 -> 75000
B8: Achats de MP | C8: ='Budget Prev 3 années SANS PRECO'!P14 -> 18907.2 | F8: Autres immobilisations corporelles | G8: =55000+22500 -> 77500 | H8: =30600+'Budget Prev 3 années SANS PRECO'!P27+I24 -> 35741.856 | I8: =G8-H8 -> 41758.144 | J8: Réserve légale | K8: 5000
B9: Autres achats et charges externes | C9: ='Budget Prev 3 années SANS PRECO'!P23 -> 85200 | J9: Autres réserves et report à nouveau | K9: =17900+'Bilan et CDR N'!C23 -> 22728
B10: Impots, taxes et versements assimilés | C10: ='Budget Prev 3 années SANS PRECO'!P39 -> 8200 | J10: Résultat de l'exercice | K10: =C22 -> -498854.79
B11: Salaires et traitements | C11: ='Budget Prev 3 années SANS PRECO'!P31 -> 307500
B12: Charges sociales | C12: ='Budget Prev 3 années SANS PRECO'!P32 -> 123000 | F12: Actif circulant | G12: =SUM(G13:G15) -> -414835.22 | H12: =SUM(H13:H15) -> 0 | I12: =SUM(I13:I15) -> -414835.22 | J12: Dettes | K12: =SUM(K13:K16) -> 148955.28
B13: Dotations d'exploitation | C13: ='Budget Prev 3 années SANS PRECO'!P28 -> 10714.286 | F13: Stock de matières premières | G13: 15000 | I13: =G13-H13 -> 15000 | J13: Emprunts et dettes auprès des établiss. de crédit | K13: =80000 -> 80000
B14: Total charges d'exploitation | C14: =SUM(C8:C13) -> 553521.49 | F14: Créances clients et comptes rattachés | G14: ='Budget Prev 3 années SANS PRECO'!P8 -> 6302.4 | I14: =G14-H14 -> 6302.4 | J14: Dettes fournisseurs et comptes rattachés | K14: =0 -> 0
B15: Résultat d'exploitation | C15: =C7-C14 -> -490497.49 | F15: Disponibilités | G15: ='Budget Prev 3 années SANS PRECO'!N85-C17+4200+25000-10000+K16 -> -436137.62 | I15: =G15-H15 -> -436137.62 | J15: Dettes fiscales et sociales (2) | K15: ='Budget Prev 3 années SANS PRECO'!P64+'Budget Prev 3 années SANS PRECO'!P33 -> 9565.28
B16: Total produits financiers | C16: 0 | J16: cbc | K16: ='Hypothèse | 3 ans'!T51+'Hypothèse | 3 ans'!U51 -> 59390
B17: Intérêts et charges assimilées | C17: ='Budget Prev 3 années SANS PRECO'!P41+'Hypothèse | 3 ans'!U54+'Hypothèse | 3 ans'!V54 -> 8357.3 | F17: TOTAL ACTIF | G17: =G6+G12 -> -178335.22 | H17: =H6 -> 49814.286 | I17: =G17-H17 -> -228149.51 | J17: TOTAL PASSIF | K17: =K6+K12 -> -247171.51
B18: Total charges financières | C18: =C17 -> 8357.3 | J18: ECART | K18: =I17-K17 -> 19022
B19: Résultat financier | C19: =C16-C18 -> -8357.3
B20: Résultat courant avant impôt | C20: =C15-(-C19) -> -498854.79
B21: Résultat exceptionnel | I21: repartion 7500 d'amortissement immo
B22: Résultat net | C22: =C20 -> -498854.79 | I22: 55
J23: 159
I24: =I22/J24*7500 -> 1927.5701 | J24: 214
J25: =J23/J24*7500 -> 5572.4299

Sheet N+2 
B2: Budget de ventes N+2
C3: Janvier | D3: Février | E3: Mars | F3: Avril | G3: Mai | H3: Juin | I3: Juillet | J3: Août | K3: Septembre | L3: Octobre | M3: Novembre | N3: Décembre | O3: à reporter au bilan ou CDR
O4: élément | P4: Montant
B5: CA HT | C5: ='Bilan et CDR N+1'!$C$5*1.03/12 -> 5409.56 | D5: ='Bilan et CDR N+1'!$C$5*1.03/12 -> 5409.56 | E5: ='Bilan et CDR N+1'!$C$5*1.03/12 -> 5409.56 | F5: ='Bilan et CDR N+1'!$C$5*1.03/12 -> 5409.56 | G5: ='Bilan et CDR N+1'!$C$5*1.03/12 -> 5409.56 | H5: ='Bilan et CDR N+1'!$C$5*1.03/12 -> 5409.56 | I5: ='Bilan et CDR N+1'!$C$5*1.03/12 -> 5409.56 | J5: ='Bilan et CDR N+1'!$C$5*1.03/12 -> 5409.56 | ... N5: ='Bilan et CDR N+1'!$C$5*1.03/12 -> 5409.56 | O5: Prestation de services | P5: =SUM(C5:N5) -> 64914.72
B6: TVA collectée | C6: =C5*20% -> 1081.912 | D6: =D5*20% -> 1081.912 | E6: =E5*20% -> 1081.912 | F6: =F5*20% -> 1081.912 | G6: =G5*20% -> 1081.912 | H6: =H5*20% -> 1081.912 | I6: =I5*20% -> 1081.912 | J6: =J5*20% -> 1081.912 | ... N6: =N5*20% -> 1081.912
B7: CA TTC | C7: =C5+C6 -> 6491.472 | D7: =D5+D6 -> 6491.472 | E7: =E5+E6 -> 6491.472 | F7: =F5+F6 -> 6491.472 | G7: =G5+G6 -> 6491.472 | H7: =H5+H6 -> 6491.472 | I7: =I5+I6 -> 6491.472 | J7: =J5+J6 -> 6491.472 | ... N7: =N5+N6 -> 6491.472
B8: Règlement reçu | C8: ='Bilan et CDR N+1'!I14 -> 6302.4 | D8: =C7 -> 6491.472 | E8: =D7 -> 6491.472 | F8: =E7 -> 6491.472 | G8: =F7 -> 6491.472 | H8: =G7 -> 6491.472 | I8: =H7 -> 6491.472 | J8: =I7 -> 6491.472 | K8: =J7 -> 6491.472 | ... N8: =M7 -> 6491.472 | O8: Clients | P8: =N7 -> 6491.472
B11: Budget de achats N+2
C12: Janvier | D12: Février | E12: Mars | F12: Avril | G12: Mai | H12: Juin | I12: Juillet | J12: Août | K12: Septembre | L12: Octobre | M12: Novembre | N12: Décembre | O12: à reporter au bilan ou CDR
O13: élément | P13: Montant
B14: ACHATS HT | C14: =C5*32% -> 1731.0592 | D14: =D5*32% -> 1731.0592 | E14: =E5*32% -> 1731.0592 | F14: =F5*32% -> 1731.0592 | G14: =G5*32% -> 1731.0592 | H14: =H5*32% -> 1731.0592 | I14: =I5*32% -> 1731.0592 | J14: =J5*32% -> 1731.0592 | ... N14: =N5*32% -> 1731.0592 | O14: Achats | P14: =SUM(C14:N14) -> 20772.71
B15: TVA ded sur achats | C15: =C14*20% -> 346.21184 | D15: =D14*20% -> 346.21184 | E15: =E14*20% -> 346.21184 | F15: =F14*20% -> 346.21184 | G15: =G14*20% -> 346.21184 | H15: =H14*20% -> 346.21184 | I15: =I14*20% -> 346.21184 | J15: =J14*20% -> 346.21184 | ... N15: =N14*20% -> 346.21184
B16: Total achat TTC | C16: =C14+C15 -> 2077.271 | D16: =D14+D15 -> 2077.271 | E16: =E14+E15 -> 2077.271 | F16: =F14+F15 -> 2077.271 | G16: =G14+G15 -> 2077.271 | H16: =H14+H15 -> 2077.271 | I16: =I14+I15 -> 2077.271 | J16: =J14+J15 -> 2077.271 | ... N16: =N14+N15 -> 2077.271
B17: Règlement | C17: =C16 -> 2077.271 | D17: =D16 -> 2077.271 | E17: =E16 -> 2077.271 | F17: =F16 -> 2077.271 | G17: =G16 -> 2077.271 | H17: =H16 -> 2077.271 | I17: =I16 -> 2077.271 | J17: =J16 -> 2077.271 | ... N17: =N16 -> 2077.271 | O17: Fournisseurs | P17: 0
B20: Budget de prouduction N+2
C21: Janvier | D21: Février | E21: Mars | F21: Avril | G21: Mai | H21: Juin | I21: Juillet | J21: Août | K21: Septembre | L21: Octobre | M21: Novembre | N21: Décembre | O21: à reporter au bilan ou CDR
O22: élément | P22: Montant
B23: Coûts fixes HT | C23: 7100 | D23: 7100 | E23: 7100 | F23: 7100 | G23: 7100 | H23: 7100 | I23: 7100 | J23: 7100 | K23: 7100 | L23: 7100 | M23: 7100 | N23: 7100 | O23: Autres achats & charges externes | P23: =SUM(C23:N23) -> 85200
B24: TVA sur CF | C24: =C23*20% -> 1420 | D24: =D23*20% -> 1420 | E24: =E23*20% -> 1420 | F24: =F23*20% -> 1420 | G24: =G23*20% -> 1420 | H24: =H23*20% -> 1420 | I24: =I23*20% -> 1420 | J24: =J23*20% -> 1420 | ... N24: =N23*20% -> 1420
B25: Total TTC des CF hors amortissement | C25: =C23+C24 -> 8520 | D25: =D23+D24 -> 8520 | E25: =E23+E24 -> 8520 | F25: =F23+F24 -> 8520 | G25: =G23+G24 -> 8520 | H25: =H23+H24 -> 8520 | I25: =I23+I24 -> 8520 | J25: =J23+J24 -> 8520 | ... N25: =N23+N24 -> 8520
B26: Règlement | C26: =+C23+C24 -> 8520 | D26: =+D23+D24 -> 8520 | E26: =+E23+E24 -> 8520 | F26: =+F23+F24 -> 8520 | G26: =+G23+G24 -> 8520 | H26: =+H23+H24 -> 8520 | I26: =+I23+I24 -> 8520 | J26: =+J23+J24 -> 8520 | ... N26: =+N23+N24 -> 8520
B27: Amortissemements | N27: 7500 | Q27: une fois par an ou une fois par mois les amort
B28: Amortissement Véhicule de tourisme | N28: =P28 -> 3214.2857 | O28: Amortissement nouveau mat | P28: =Emprunt!K4 -> 3214.2857
B29: Amortissement Matériel et outillage | N29: =P29 -> 991.66667 | O29: Amortissement nouveau mat | P29: =Emprunt!K14 -> 991.66667
B30: Total des amortissements | C30: =C27+C28 -> 0 | D30: =D27+D28 -> 0 | E30: =E27+E28 -> 0 | F30: =F27+F28 -> 0 | G30: =G27+G28 -> 0 | H30: =H27+H28 -> 0 | I30: =I27+I28 -> 0 | J30: =J27+J28 -> 0 | ... M30: =M27+M28 -> 0 | N30: =N27+N28+N29 -> 11705.952 | O30: Dotations aux amortissements | P30: =SUM(C30:N30) -> 11705.952
B31: Salaire Net | C31: =307500/12 -> 25625 | D31: =307500/12 -> 25625 | E31: =307500/12 -> 25625 | F31: =307500/12 -> 25625 | G31: =307500/12 -> 25625 | H31: =307500/12 -> 25625 | I31: =307500/12 -> 25625 | J31: =307500/12 -> 25625 | ... N31: =307500/12 -> 25625
B32: Décaissement salaires nets | C32: =C31 -> 25625 | D32: =D31 -> 25625 | E32: =E31 -> 25625 | F32: =F31 -> 25625 | G32: =G31 -> 25625 | H32: =H31 -> 25625 | I32: =I31 -> 25625 | J32: =J31 -> 25625 | ... N32: =N31 -> 25625 | O32: Salaire | P32: =SUM(C32:N32) -> 307500
B33: Charges sociales | C33: =C31*0.4 -> 10250 | D33: =D31*0.4 -> 10250 | E33: =E31*0.4 -> 10250 | F33: =F31*0.4 -> 10250 | G33: =G31*0.4 -> 10250 | H33: =H31*0.4 -> 10250 | I33: =I31*0.4 -> 10250 | J33: =J31*0.4 -> 10250 | ... N33: =N31*0.4 -> 10250 | O33: Charges sociales | P33: =SUM(C33:N33) -> 123000
B34: Décaissement charges sociales | C34: ='Budget Prev 3 années SANS PRECO'!P33 -> 10250 | D34: =C33 -> 10250 | E34: =D33 -> 10250 | F34: =E33 -> 10250 | G34: =F33 -> 10250 | H34: =G33 -> 10250 | I34: =H33 -> 10250 | J34: =I33 -> 10250 | K34: =J33 -> 10250 | ... N34: =M33 -> 10250 | O34: Dette URSSAF | P34: =N33 -> 10250
B37: Budget des autres frais, de l'IS et de l'emprunt N+2
C38: Janvier | D38: Février | E38: Mars | F38: Avril | G38: Mai | H38: Juin | I38: Juillet | J38: Août | K38: Septembre | L38: Octobre | M38: Novembre | N38: Décembre | O38: à reporter au bilan ou CDR
O39: élément | P39: Montant
B40: Impôts et taxes | L40: 8200 | O40: Frais généraux / impôts et taxes | P40: =SUM(C40:N40) -> 8200
B41: Règlement frais généraux | L41: 8200
B42: Intérêts | C42: =$P$42/12 -> 262.5 | D42: =$P$42/12 -> 262.5 | E42: =$P$42/12 -> 262.5 | F42: =$P$42/12 -> 262.5 | G42: =$P$42/12 -> 262.5 | H42: =$P$42/12 -> 262.5 | I42: =$P$42/12 -> 262.5 | J42: =$P$42/12 -> 262.5 | ... N42: =$P$42/12 -> 262.5 | O42: Intérêts et charges assimilés | P42: =Emprunt!D10 -> 3150
B43: Remboursement de l'emprunt | C43: =$P$43/12 -> 2500 | D43: =$P$43/12 -> 2500 | E43: =$P$43/12 -> 2500 | F43: =$P$43/12 -> 2500 | G43: =$P$43/12 -> 2500 | H43: =$P$43/12 -> 2500 | I43: =$P$43/12 -> 2500 | J43: =$P$43/12 -> 2500 | ... N43: =$P$43/12 -> 2500 | O43: Emprunt | P43: =Emprunt!E9 -> 30000 | Q43: a mettre en négatif sans changé le calcul
B44: Règlement | C44: =C42+C43 -> 2762.5 | D44: =D42+D43 -> 2762.5 | E44: =E42+E43 -> 2762.5 | F44: =F42+F43 -> 2762.5 | G44: =G42+G43 -> 2762.5 | H44: =H42+H43 -> 2762.5 | I44: =I42+I43 -> 2762.5 | J44: =J42+J43 -> 2762.5 | ... N44: =N42+N43 -> 2762.5
B47: Budget des investissements N+2
C48: Janvier | D48: Février | E48: Mars | F48: Avril | G48: Mai | H48: Juin | I48: Juillet | J48: Août | K48: Septembre | L48: Octobre | M48: Novembre | N48: Décembre | O48: à reporter au bilan ou CDR
O49: élément | P49: Montant
B50: Acquisitions HT | H50: =Emprunt!J14 -> 17000 | O50: Immobilisation | P50: =SUM(C50:N50) -> 17000
B51: TVA ded sur immo | C51: =C50*20% -> 0 | D51: =D50*20% -> 0 | E51: =E50*20% -> 0 | F51: =F50*20% -> 0 | G51: =G50*20% -> 0 | H51: =H50*20% -> 3400 | I51: =I50*20% -> 0 | J51: =J50*20% -> 0 | ... N51: =N50*20% -> 0
B52: Total TTC | C52: =C50+C51 -> 0 | D52: =D50+D51 -> 0 | E52: =E50+E51 -> 0 | F52: =F50+F51 -> 0 | G52: =G50+G51 -> 0 | H52: =H50+H51 -> 20400 | I52: =I50+I51 -> 0 | J52: =J50+J51 -> 0 | ... N52: =N50+N51 -> 0
B53: Règlement | C53: =C52 -> 0 | D53: =D52 -> 0 | E53: =E52 -> 0 | F53: =F52 -> 0 | G53: =G52 -> 0 | H53: =H52 -> 20400 | I53: =I52 -> 0 | J53: =J52 -> 0 | ... N53: =N52 -> 0 | O53: Fournisseurs Immobilisation | P53: 0
C54: /
B56: Budget de TVA N+2
C57: Janvier | D57: Février | E57: Mars | F57: Avril | G57: Mai | H57: Juin | I57: Juillet | J57: Août | K57: Septembre | L57: Octobre | M57: Novembre | N57: Décembre | O57: à reporter au bilan ou CDR
O58: élément | P58: Montant
B59: TVA collectée | C59: =C6 -> 1081.912 | D59: =D6 -> 1081.912 | E59: =E6 -> 1081.912 | F59: =F6 -> 1081.912 | G59: =G6 -> 1081.912 | H59: =H6 -> 1081.912 | I59: =I6 -> 1081.912 | J59: =J6 -> 1081.912 | ... N59: =N6 -> 1081.912
B60: TVA ded sur achats | C60: =C15 -> 346.21184 | D60: =D15 -> 346.21184 | E60: =E15 -> 346.21184 | F60: =F15 -> 346.21184 | G60: =G15 -> 346.21184 | H60: =H15 -> 346.21184 | I60: =I15 -> 346.21184 | J60: =J15 -> 346.21184 | ... N60: =N15 -> 346.21184
B61: TVA sur CF | C61: =C24 -> 1420 | D61: =D24 -> 1420 | E61: =E24 -> 1420 | F61: =F24 -> 1420 | G61: =G24 -> 1420 | H61: =H24 -> 1420 | I61: =I24 -> 1420 | J61: =J24 -> 1420 | ... N61: =N24 -> 1420
B62: TVA ded sur immo | C62: =C51 -> 0 | D62: =D51 -> 0 | E62: =E51 -> 0 | F62: =F51 -> 0 | G62: =G51 -> 0 | H62: =H51 -> 3400 | I62: =I51 -> 0 | J62: =J51 -> 0 | ... N62: =N51 -> 0
B63: Total TVA déductible | C63: =C60+C61+C62 -> 1766.2118 | D63: =D60+D61+D62 -> 1766.2118 | E63: =E60+E61+E62 -> 1766.2118 | F63: =F60+F61+F62 -> 1766.2118 | G63: =G60+G61+G62 -> 1766.2118 | H63: =H60+H61+H62 -> 5166.2118 | I63: =I60+I61+I62 -> 1766.2118 | J63: =J60+J61+J62 -> 1766.2118 | ... N63: =N60+N61+N62 -> 1766.2118
B64: TVA à décaisser / crédit de TVA | C64: =C59-C63 -> -684.29984 | D64: =D59-D63 -> -684.29984 | E64: =E59-E63 -> -684.29984 | F64: =F59-F63 -> -684.29984 | G64: =G59-G63 -> -684.29984 | H64: =H59-H63 -> -4084.2998 | I64: =I59-I63 -> -684.29984 | J64: =J59-J63 -> -684.29984 | ... N64: =N59-N63 -> -684.29984
B65: Règlement | C65: ='Budget Prev 3 années SANS PRECO'!P64 -> -684.72 | D65: =C64 -> -684.29984 | E65: =D64 -> -684.29984 | F65: =E64 -> -684.29984 | G65: =F64 -> -684.29984 | H65: =G64 -> -684.29984 | I65: =H64 -> -4084.2998 | J65: =I64 -> -684.29984 | K65: =J64 -> -684.29984 | ... N65: =M64 -> -684.29984 | O65: TVA à décaisser / dettes fiscales | P65: =N64 -> -684.29984
B68: Budget de trésorerie N+2
C69: Janvier | D69: Février | E69: Mars | F69: Avril | G69: Mai | H69: Juin | I69: Juillet | J69: Août | K69: Septembre | L69: Octobre | M69: Novembre | N69: Décembre | O69: à reporter au bilan ou CDR
O70: élément | P70: Montant
B71: Ventes | C71: =C8 -> 6302.4 | D71: =D8 -> 6491.472 | E71: =E8 -> 6491.472 | F71: =F8 -> 6491.472 | G71: =G8 -> 6491.472 | H71: =H8 -> 6491.472 | I71: =I8 -> 6491.472 | J71: =J8 -> 6491.472 | ... N71: =N8 -> 6491.472
B72: Autres créances
B73: Encaissements des ventes | C73: =C72+C71 -> 6302.4 | D73: =D72+D71 -> 6491.472 | E73: =E72+E71 -> 6491.472 | F73: =F72+F71 -> 6491.472 | G73: =G72+G71 -> 6491.472 | H73: =H72+H71 -> 6491.472 | I73: =I72+I71 -> 6491.472 | J73: =J72+J71 -> 6491.472 | ... N73: =N72+N71 -> 6491.472
B74: Décaissements des achats | C74: =C17 -> 2077.271 | D74: =D17 -> 2077.271 | E74: =E17 -> 2077.271 | F74: =F17 -> 2077.271 | G74: =G17 -> 2077.271 | H74: =H17 -> 2077.271 | I74: =I17 -> 2077.271 | J74: =J17 -> 2077.271 | ... N74: =N17 -> 2077.271
B75: Autres dettes
B76: Salaires nets | C76: =C32 -> 25625 | D76: =D32 -> 25625 | E76: =E32 -> 25625 | F76: =F32 -> 25625 | G76: =G32 -> 25625 | H76: =H32 -> 25625 | I76: =I32 -> 25625 | J76: =J32 -> 25625 | ... N76: =N32 -> 25625
B77: Charges sociales | C77: =C34 -> 10250 | D77: =D34 -> 10250 | E77: =E34 -> 10250 | F77: =F34 -> 10250 | G77: =G34 -> 10250 | H77: =H34 -> 10250 | I77: =I34 -> 10250 | J77: =J34 -> 10250 | ... N77: =N34 -> 10250
B78: Impôts et taxes | C78: =C41 -> 0 | D78: =D41 -> 0 | E78: =E41 -> 0 | F78: =F41 -> 0 | G78: =G41 -> 0 | H78: =H41 -> 0 | I78: =I41 -> 0 | J78: =J41 -> 0 | ... N78: =N41 -> 0
B79: Décaissements CF | C79: =C26 -> 8520 | D79: =D26 -> 8520 | E79: =E26 -> 8520 | F79: =F26 -> 8520 | G79: =G26 -> 8520 | H79: =H26 -> 8520 | I79: =I26 -> 8520 | J79: =J26 -> 8520 | ... N79: =N26 -> 8520
B80: Décaissements financiers | C80: =C44 -> 2762.5 | D80: =D44 -> 2762.5 | E80: =E44 -> 2762.5 | F80: =F44 -> 2762.5 | G80: =G44 -> 2762.5 | H80: =H44 -> 2762.5 | I80: =I44 -> 2762.5 | J80: =J44 -> 2762.5 | ... N80: =N44 -> 2762.5
B81: Décaissements investissements | C81: =C52 -> 0 | D81: =D52 -> 0 | E81: =E52 -> 0 | F81: =F52 -> 0 | G81: =G52 -> 0 | H81: =H53 -> 20400 | I81: =I52 -> 0 | J81: =J52 -> 0 | K81: =K52 -> 0 | L81: =L52 -> 0 | M81: =M52 -> 0 | N81: =N52 -> 0
B82: Décaissements TVA | C82: =C65 -> -684.72 | D82: =D65 -> -684.29984 | E82: =E65 -> -684.29984 | F82: =F65 -> -684.29984 | G82: =G65 -> -684.29984 | H82: =H65 -> -684.29984 | I82: =I65 -> -4084.2998 | J82: =J65 -> -684.29984 | ... N82: =N65 -> -684.29984
B83: Total décaissements | C83: =SUM(C74:C82) -> 48550.051 | D83: =SUM(D74:D82) -> 48550.471 | E83: =SUM(E74:E82) -> 48550.471 | F83: =SUM(F74:F82) -> 48550.471 | G83: =SUM(G74:G82) -> 48550.471 | H83: =SUM(H74:H82) -> 68950.471 | I83: =SUM(I74:I82) -> 45150.471 | J83: =SUM(J74:J82) -> 48550.471 | ... N83: =SUM(N74:N82) -> 48550.471
B84: Solde initial | C84: ='Budget Prev 3 années SANS PRECO'!N85 -> -506370.32 | D84: =C86 -> -548617.97 | E84: =D86 -> -590676.97 | F84: =E86 -> -632735.97 | G84: =F86 -> -674794.97 | H84: =G86 -> -716853.97 | I84: =H86 -> -779312.97 | J84: =I86 -> -817971.97 | K84: =J86 -> -860030.97 | ... N84: =M86 -> -994407.96
B85: Mouvement du mois | C85: =C73-C83 -> -42247.651 | D85: =D73-D83 -> -42058.999 | E85: =E73-E83 -> -42058.999 | F85: =F73-F83 -> -42058.999 | G85: =G73-G83 -> -42058.999 | H85: =H73-H83 -> -62458.999 | I85: =I73-I83 -> -38658.999 | J85: =J73-J83 -> -42058.999 | ... N85: =N73-N83 -> -42058.999
B86: Solde final | C86: =C84+C85 -> -548617.97 | D86: =D84+D85 -> -590676.97 | E86: =E84+E85 -> -632735.97 | F86: =F84+F85 -> -674794.97 | G86: =G84+G85 -> -716853.97 | H86: =H84+H85 -> -779312.97 | I86: =I84+I85 -> -817971.97 | J86: =J84+J85 -> -860030.97 | ... N86: =N84+N85 -> -1036467 | O86: Dispoonibilité | P86: =N86 -> -1036467

Sheet Bilan et CDR N+2
B3: Compte de résultat Société Red au 31.12.N | F3: Bilan société Red au 31.12.N +2
B4: Prestation de services | C4: ='N+2 '!P5 -> 64914.72 | F4: Actif | G4: Brut | H4: Amort et Dep | I4: Net | J4: Passif | K4: Net
B5: Subvention d'exploitation | C5: 0 | F5: Immobilisations | G5: =SUM(G6:G9) -> 253500 | H5: =SUM(H6:H7) -> 61520.238 | I5: =SUM(I6:I7) -> 191979.76 | J5: Capitaux propres | K5: =SUM(K6:K9) -> -911583.43
B6: Total produits d'exploitation | C6: =C4+C5 -> 64914.72 | F6: Installations techniques, matériel et out. ind | G6: ='N+2 '!H50+159000 -> 176000 | H6: ='Bilan et CDR N+1'!H7+J24+'N+2 '!N29 -> 20636.526 | I6: =G6-H6 -> 155363.47 | J6: Capital | K6: 50000
B7: Achats de MP | C7: ='N+2 '!P14 -> 20772.71 | F7: Autres immobilisations corporelles | G7: ='Bilan et CDR N+1'!G8 -> 77500 | H7: ='Bilan et CDR N+1'!H8+I23+Emprunt!K5 -> 40883.712 | I7: =G7-H7 -> 36616.288 | J7: Réserve légale | K7: 5000
B8: Autres achats et charges externes | C8: ='N+2 '!P23 -> 85200 | J8: Autres réserves et report à nouveau | K8: ='Bilan et CDR N+1'!K9+'Bilan et CDR N+1'!K10 -> -471969.49
B9: Impots, taxes et versements assimilés | C9: ='Budget Prev 3 années SANS PRECO'!P39 -> 8200 | J9: Résultat de l'exercice | K9: =C21 -> -494613.94
B10: Salaires et traitements | C10: ='N+2 '!P32 -> 307500
B11: Charges sociales | C11: ='N+2 '!P33 -> 123000 | F11: Actif circulant | G11: =SUM(G12:G14) -> -1014975.5 | H11: =SUM(H12:H14) -> 0 | I11: =SUM(I12:I14) -> -1014975.5 | J11: Dettes | K11: =SUM(K12:K15) -> 69565.7
B12: Dotations d'exploitation | C12: ='N+2 '!N30 -> 11705.952 | F12: Stock de matières premières | G12: 15000 | I12: =G12-H12 -> 15000 | J12: Emprunts et dettes auprès des établiss. de crédit | K12: =Emprunt!C11 -> 60000
B13: Total charges d'exploitation | C13: =SUM(C7:C12) -> 556378.66 | F13: Créances clients et comptes rattachés | G13: ='N+2 '!P8 -> 6491.472 | I13: =G13-H13 -> 6491.472 | J13: Dettes fournisseurs et comptes rattachés | K13: =0 -> 0
B14: Résultat d'exploitation | C14: =C6-C13 -> -491463.94 | F14: Disponibilités | G14: ='N+2 '!N86 -> -1036467 | I14: =G14-H14 -> -1036467 | J14: Dettes fiscales et sociales | K14: ='N+2 '!P34+'N+2 '!P65 -> 9565.7002
B15: Total produits financiers | C15: 0
B16: Intérêts et charges assimilées | C16: ='N+2 '!P42 -> 3150 | F16: TOTAL ACTIF | G16: =G5+G11 -> -761475.49 | H16: =H5 -> 61520.238 | I16: =G16-H16 -> -822995.73 | J16: TOTAL PASSIF | K16: =K5+K11 -> -842017.73
B17: Total charges financières | C17: =C16 -> 3150 | J17: ECART | K17: =I16-K16 -> 19022
B18: Résultat financier | C18: =C15-C17 -> -3150
B19: Résultat courant avant impôt | C19: =C14-(-C18) -> -494613.94
B20: Résultat exceptionnel | I20: repartion 7500 d amortissement immo
B21: Résultat net | C21: =C19 -> -494613.94 | I21: 55
J22: 159
I23: =I21/J23*7500 -> 1927.5701 | J23: 214
J24: =J22/J23*7500 -> 5572.4299

Sheet N+3
B2: Budget de ventes N+1
C3: Janvier | D3: Février | E3: Mars | F3: Avril | G3: Mai | H3: Juin | I3: Juillet | J3: Août | K3: Septembre | L3: Octobre | M3: Novembre | N3: Décembre | O3: à reporter au bilan ou CDR
O4: élément | P4: Montant
B5: CA HT | C5: ='Bilan et CDR N+2'!$C$4*1.04/12 -> 5625.9424 | D5: ='Bilan et CDR N+2'!$C$4*1.04/12 -> 5625.9424 | E5: ='Bilan et CDR N+2'!$C$4*1.04/12 -> 5625.9424 | F5: ='Bilan et CDR N+2'!$C$4*1.04/12 -> 5625.9424 | G5: ='Bilan et CDR N+2'!$C$4*1.04/12 -> 5625.9424 | H5: ='Bilan et CDR N+2'!$C$4*1.04/12 -> 5625.9424 | I5: ='Bilan et CDR N+2'!$C$4*1.04/12 -> 5625.9424 | J5: ='Bilan et CDR N+2'!$C$4*1.04/12 -> 5625.9424 | ... N5: ='Bilan et CDR N+2'!$C$4*1.04/12 -> 5625.9424 | O5: Prestation de services | P5: =SUM(C5:N5) -> 67511.309
B6: TVA collectée | C6: =C5*20% -> 1125.1885 | D6: =D5*20% -> 1125.1885 | E6: =E5*20% -> 1125.1885 | F6: =F5*20% -> 1125.1885 | G6: =G5*20% -> 1125.1885 | H6: =H5*20% -> 1125.1885 | I6: =I5*20% -> 1125.1885 | J6: =J5*20% -> 1125.1885 | ... N6: =N5*20% -> 1125.1885
B7: CA TTC | C7: =C5+C6 -> 6751.1309 | D7: =D5+D6 -> 6751.1309 | E7: =E5+E6 -> 6751.1309 | F7: =F5+F6 -> 6751.1309 | G7: =G5+G6 -> 6751.1309 | H7: =H5+H6 -> 6751.1309 | I7: =I5+I6 -> 6751.1309 | J7: =J5+J6 -> 6751.1309 | ... N7: =N5+N6 -> 6751.1309
B8: Règlement reçu | C8: ='Bilan et CDR N+2'!I13 -> 6491.472 | D8: =C7 -> 6751.1309 | E8: =D7 -> 6751.1309 | F8: =E7 -> 6751.1309 | G8: =F7 -> 6751.1309 | H8: =G7 -> 6751.1309 | I8: =H7 -> 6751.1309 | J8: =I7 -> 6751.1309 | K8: =J7 -> 6751.1309 | ... N8: =M7 -> 6751.1309 | O8: Clients | P8: =N7 -> 6751.1309
B11: Budget de achats N+1
C12: Janvier | D12: Février | E12: Mars | F12: Avril | G12: Mai | H12: Juin | I12: Juillet | J12: Août | K12: Septembre | L12: Octobre | M12: Novembre | N12: Décembre | O12: à reporter au bilan ou CDR
O13: élément | P13: Montant
B14: ACHATS HT | C14: =C5*34% -> 1912.8204 | D14: =D5*34% -> 1912.8204 | E14: =E5*34% -> 1912.8204 | F14: =F5*34% -> 1912.8204 | G14: =G5*34% -> 1912.8204 | H14: =H5*34% -> 1912.8204 | I14: =I5*34% -> 1912.8204 | J14: =J5*34% -> 1912.8204 | ... N14: =N5*34% -> 1912.8204 | O14: Achats | P14: =SUM(C14:N14) -> 22953.845
B15: TVA ded sur achats | C15: =C14*20% -> 382.56408 | D15: =D14*20% -> 382.56408 | E15: =E14*20% -> 382.56408 | F15: =F14*20% -> 382.56408 | G15: =G14*20% -> 382.56408 | H15: =H14*20% -> 382.56408 | I15: =I14*20% -> 382.56408 | J15: =J14*20% -> 382.56408 | ... N15: =N14*20% -> 382.56408
B16: Total achat TTC | C16: =C14+C15 -> 2295.3845 | D16: =D14+D15 -> 2295.3845 | E16: =E14+E15 -> 2295.3845 | F16: =F14+F15 -> 2295.3845 | G16: =G14+G15 -> 2295.3845 | H16: =H14+H15 -> 2295.3845 | I16: =I14+I15 -> 2295.3845 | J16: =J14+J15 -> 2295.3845 | ... N16: =N14+N15 -> 2295.3845
B17: Règlement | C17: =C16 -> 2295.3845 | D17: =D16 -> 2295.3845 | E17: =E16 -> 2295.3845 | F17: =F16 -> 2295.3845 | G17: =G16 -> 2295.3845 | H17: =H16 -> 2295.3845 | I17: =I16 -> 2295.3845 | J17: =J16 -> 2295.3845 | ... N17: =N16 -> 2295.3845 | O17: Fournisseurs | P17: 0
B20: Budget de prouduction N+1
C21: Janvier | D21: Février | E21: Mars | F21: Avril | G21: Mai | H21: Juin | I21: Juillet | J21: Août | K21: Septembre | L21: Octobre | M21: Novembre | N21: Décembre | O21: à reporter au bilan ou CDR
O22: élément | P22: Montant
B23: Coûts fixes HT | C23: 7100 | D23: 7100 | E23: 7100 | F23: 7100 | G23: 7100 | H23: 7100 | I23: 7100 | J23: 7100 | K23: 7100 | L23: 7100 | M23: 7100 | N23: 7100 | O23: Autres achats & charges externes | P23: =SUM(C23:N23) -> 85200
B24: TVA sur CF | C24: =C23*20% -> 1420 | D24: =D23*20% -> 1420 | E24: =E23*20% -> 1420 | F24: =F23*20% -> 1420 | G24: =G23*20% -> 1420 | H24: =H23*20% -> 1420 | I24: =I23*20% -> 1420 | J24: =J23*20% -> 1420 | ... N24: =N23*20% -> 1420
B25: Total TTC des CF hors amortissement | C25: =C23+C24 -> 8520 | D25: =D23+D24 -> 8520 | E25: =E23+E24 -> 8520 | F25: =F23+F24 -> 8520 | G25: =G23+G24 -> 8520 | H25: =H23+H24 -> 8520 | I25: =I23+I24 -> 8520 | J25: =J23+J24 -> 8520 | ... N25: =N23+N24 -> 8520
B26: Règlement | C26: =+C23+C24 -> 8520 | D26: =+D23+D24 -> 8520 | E26: =+E23+E24 -> 8520 | F26: =+F23+F24 -> 8520 | G26: =+G23+G24 -> 8520 | H26: =+H23+H24 -> 8520 | I26: =+I23+I24 -> 8520 | J26: =+J23+J24 -> 8520 | ... N26: =+N23+N24 -> 8520
B27: Amortissemements | N27: 7500 | Q27: une fois par an ou une fois par mois les amort
B28: Amortissement Véhicule de tourisme | N28: =P28 -> 3214.2857 | O28: Amortissement nouveau mat | P28: =Emprunt!K4 -> 3214.2857
B29: Amortissement Matériel et outillage | N29: =Emprunt!K15 -> 1700 | O29: Amortissement nouveau mat | P29: =N29 -> 1700
B30: Amortissement Camionnette | N30: =P30 -> 3200 | O30: Amortissement nouveau mat | P30: =Emprunt!K28 -> 3200
B31: Total des amortissements | C31: =C27+C28 -> 0 | D31: =D27+D28 -> 0 | E31: =E27+E28 -> 0 | F31: =F27+F28 -> 0 | G31: =G27+G28 -> 0 | H31: =H27+H28 -> 0 | I31: =I27+I28 -> 0 | J31: =J27+J28 -> 0 | ... M31: =M27+M28 -> 0 | N31: =N27+N28+N29+N30 -> 15614.286 | O31: Dotations aux amortissements | P31: =SUM(C31:N31) -> 15614.286
B32: Salaire Net | C32: =307500/12 -> 25625 | D32: =307500/12 -> 25625 | E32: =307500/12 -> 25625 | F32: =307500/12 -> 25625 | G32: =307500/12 -> 25625 | H32: =307500/12 -> 25625 | I32: =307500/12 -> 25625 | J32: =307500/12 -> 25625 | ... N32: =307500/12 -> 25625
B33: Décaissement salaires nets | C33: =C32 -> 25625 | D33: =D32 -> 25625 | E33: =E32 -> 25625 | F33: =F32 -> 25625 | G33: =G32 -> 25625 | H33: =H32 -> 25625 | I33: =I32 -> 25625 | J33: =J32 -> 25625 | ... N33: =N32 -> 25625 | O33: Salaire | P33: =SUM(C33:N33) -> 307500
B34: Charges sociales | C34: =C32*0.4 -> 10250 | D34: =D32*0.4 -> 10250 | E34: =E32*0.4 -> 10250 | F34: =F32*0.4 -> 10250 | G34: =G32*0.4 -> 10250 | H34: =H32*0.4 -> 10250 | I34: =I32*0.4 -> 10250 | J34: =J32*0.4 -> 10250 | ... N34: =N32*0.4 -> 10250 | O34: Charges sociales | P34: =SUM(C34:N34) -> 123000
B35: Décaissement charges sociales | C35: ='N+2 '!P34 -> 10250 | D35: =C34 -> 10250 | E35: =D34 -> 10250 | F35: =E34 -> 10250 | G35: =F34 -> 10250 | H35: =G34 -> 10250 | I35: =H34 -> 10250 | J35: =I34 -> 10250 | K35: =J34 -> 10250 | ... N35: =M34 -> 10250 | O35: Dette URSSAF | P35: =N34 -> 10250
B38: Budget des autres frais, de l'IS et de l'emprunt N+1
C39: Janvier | D39: Février | E39: Mars | F39: Avril | G39: Mai | H39: Juin | I39: Juillet | J39: Août | K39: Septembre | L39: Octobre | M39: Novembre | N39: Décembre | O39: à reporter au bilan ou CDR
O40: élément | P40: Montant
B41: Impôts et taxes | L41: 8200 | O41: Frais généraux / impôts et taxes | P41: =SUM(C41:N41) -> 8200
B42: Règlement frais généraux | L42: 8200
B43: Intérêts | C43: =$P$43/12 -> 175 | D43: =$P$43/12 -> 175 | E43: =$P$43/12 -> 175 | F43: =$P$43/12 -> 175 | G43: =$P$43/12 -> 175 | H43: =$P$43/12 -> 175 | I43: =$P$43/12 -> 175 | J43: =$P$43/12 -> 175 | ... N43: =$P$43/12 -> 175 | O43: Intérêts et charges assimilés | P43: =Emprunt!D11 -> 2100
B44: Remboursement de l'emprunt | C44: =$P$44/12 -> 2500 | D44: =$P$44/12 -> 2500 | E44: =$P$44/12 -> 2500 | F44: =$P$44/12 -> 2500 | G44: =$P$44/12 -> 2500 | H44: =$P$44/12 -> 2500 | I44: =$P$44/12 -> 2500 | J44: =$P$44/12 -> 2500 | ... N44: =$P$44/12 -> 2500 | O44: Emprunt | P44: =Emprunt!E9 -> 30000 | Q44: a mettre en négatif sans changé le calcul
B45: Règlement | C45: =C43+C44 -> 2675 | D45: =D43+D44 -> 2675 | E45: =E43+E44 -> 2675 | F45: =F43+F44 -> 2675 | G45: =G43+G44 -> 2675 | H45: =H43+H44 -> 2675 | I45: =I43+I44 -> 2675 | J45: =J43+J44 -> 2675 | ... N45: =N43+N44 -> 2675
B48: Budget des investissements N+1
C49: Janvier | D49: Février | E49: Mars | F49: Avril | G49: Mai | H49: Juin | I49: Juillet | J49: Août | K49: Septembre | L49: Octobre | M49: Novembre | N49: Décembre | O49: à reporter au bilan ou CDR
O50: élément | P50: Montant
B51: Acquisitions HT | C51: =Emprunt!J28 -> 22400 | O51: Immobilisation | P51: =SUM(C51:N51) -> 22400
B52: TVA ded sur immo | C52: =C51*20% -> 4480 | D52: =D51*20% -> 0 | E52: =E51*20% -> 0 | F52: =F51*20% -> 0 | G52: =G51*20% -> 0 | H52: =H51*20% -> 0 | I52: =I51*20% -> 0 | J52: =J51*20% -> 0 | ... N52: =N51*20% -> 0
B53: Total TTC | C53: =C51+C52 -> 26880 | D53: =D51+D52 -> 0 | E53: =E51+E52 -> 0 | F53: =F51+F52 -> 0 | G53: =G51+G52 -> 0 | H53: =H51+H52 -> 0 | I53: =I51+I52 -> 0 | J53: =J51+J52 -> 0 | ... N53: =N51+N52 -> 0
B54: Règlement | C54: =C53 -> 26880 | D54: =D53 -> 0 | E54: =E53 -> 0 | F54: =F53 -> 0 | G54: =G53 -> 0 | H54: =H53 -> 0 | I54: =I53 -> 0 | J54: =J53 -> 0 | ... N54: =N53 -> 0 | O54: Fournisseurs Immobilisation | P54: 0
C55: /
B57: Budget de TVA N+1
C58: Janvier | D58: Février | E58: Mars | F58: Avril | G58: Mai | H58: Juin | I58: Juillet | J58: Août | K58: Septembre | L58: Octobre | M58: Novembre | N58: Décembre | O58: à reporter au bilan ou CDR
O59: élément | P59: Montant
B60: TVA collectée | C60: =C6 -> 1125.1885 | D60: =D6 -> 1125.1885 | E60: =E6 -> 1125.1885 | F60: =F6 -> 1125.1885 | G60: =G6 -> 1125.1885 | H60: =H6 -> 1125.1885 | I60: =I6 -> 1125.1885 | J60: =J6 -> 1125.1885 | ... N60: =N6 -> 1125.1885
B61: TVA ded sur achats | C61: =C15 -> 382.56408 | D61: =D15 -> 382.56408 | E61: =E15 -> 382.56408 | F61: =F15 -> 382.56408 | G61: =G15 -> 382.56408 | H61: =H15 -> 382.56408 | I61: =I15 -> 382.56408 | J61: =J15 -> 382.56408 | ... N61: =N15 -> 382.56408
B62: TVA sur CF | C62: =C24 -> 1420 | D62: =D24 -> 1420 | E62: =E24 -> 1420 | F62: =F24 -> 1420 | G62: =G24 -> 1420 | H62: =H24 -> 1420 | I62: =I24 -> 1420 | J62: =J24 -> 1420 | ... N62: =N24 -> 1420
B63: TVA ded sur immo | C63: =C52 -> 4480 | D63: =D52 -> 0 | E63: =E52 -> 0 | F63: =F52 -> 0 | G63: =G52 -> 0 | H63: =H52 -> 0 | I63: =I52 -> 0 | J63: =J52 -> 0 | ... N63: =N52 -> 0
B64: Total TVA déductible | C64: =C61+C62+C63 -> 6282.5641 | D64: =D61+D62+D63 -> 1802.5641 | E64: =E61+E62+E63 -> 1802.5641 | F64: =F61+F62+F63 -> 1802.5641 | G64: =G61+G62+G63 -> 1802.5641 | H64: =H61+H62+H63 -> 1802.5641 | I64: =I61+I62+I63 -> 1802.5641 | J64: =J61+J62+J63 -> 1802.5641 | ... N64: =N61+N62+N63 -> 1802.5641
B65: TVA à décaisser / crédit de TVA | C65: =C60-C64 -> -5157.3756 | D65: =D60-D64 -> -677.3756 | E65: =E60-E64 -> -677.3756 | F65: =F60-F64 -> -677.3756 | G65: =G60-G64 -> -677.3756 | H65: =H60-H64 -> -677.3756 | I65: =I60-I64 -> -677.3756 | J65: =J60-J64 -> -677.3756 | ... N65: =N60-N64 -> -677.3756
B66: Règlement | C66: ='N+2 '!P65 -> -684.29984 | D66: =C65 -> -5157.3756 | E66: =D65 -> -677.3756 | F66: =E65 -> -677.3756 | G66: =F65 -> -677.3756 | H66: =G65 -> -677.3756 | I66: =H65 -> -677.3756 | J66: =I65 -> -677.3756 | K66: =J65 -> -677.3756 | ... N66: =M65 -> -677.3756 | O66: TVA à décaisser / dettes fiscales | P66: =N65 -> -677.3756
B69: Budget de trésorerie N+1
C70: Janvier | D70: Février | E70: Mars | F70: Avril | G70: Mai | H70: Juin | I70: Juillet | J70: Août | K70: Septembre | L70: Octobre | M70: Novembre | N70: Décembre | O70: à reporter au bilan ou CDR
O71: élément | P71: Montant
B72: Ventes | C72: =C8 -> 6491.472 | D72: =D8 -> 6751.1309 | E72: =E8 -> 6751.1309 | F72: =F8 -> 6751.1309 | G72: =G8 -> 6751.1309 | H72: =H8 -> 6751.1309 | I72: =I8 -> 6751.1309 | J72: =J8 -> 6751.1309 | ... N72: =N8 -> 6751.1309
B73: Autres créances
B74: Encaissements des ventes | C74: =C73+C72 -> 6491.472 | D74: =D73+D72 -> 6751.1309 | E74: =E73+E72 -> 6751.1309 | F74: =F73+F72 -> 6751.1309 | G74: =G73+G72 -> 6751.1309 | H74: =H73+H72 -> 6751.1309 | I74: =I73+I72 -> 6751.1309 | J74: =J73+J72 -> 6751.1309 | ... N74: =N73+N72 -> 6751.1309
B75: Décaissements des achats | C75: =C17 -> 2295.3845 | D75: =D17 -> 2295.3845 | E75: =E17 -> 2295.3845 | F75: =F17 -> 2295.3845 | G75: =G17 -> 2295.3845 | H75: =H17 -> 2295.3845 | I75: =I17 -> 2295.3845 | J75: =J17 -> 2295.3845 | ... N75: =N17 -> 2295.3845
B76: Autres dettes
B77: Salaires nets | C77: =C33 -> 25625 | D77: =D33 -> 25625 | E77: =E33 -> 25625 | F77: =F33 -> 25625 | G77: =G33 -> 25625 | H77: =H33 -> 25625 | I77: =I33 -> 25625 | J77: =J33 -> 25625 | ... N77: =N33 -> 25625
B78: Charges sociales | C78: =C35 -> 10250 | D78: =D35 -> 10250 | E78: =E35 -> 10250 | F78: =F35 -> 10250 | G78: =G35 -> 10250 | H78: =H35 -> 10250 | I78: =I35 -> 10250 | J78: =J35 -> 10250 | ... N78: =N35 -> 10250
B79: Impôts et taxes | C79: =C42 -> 0 | D79: =D42 -> 0 | E79: =E42 -> 0 | F79: =F42 -> 0 | G79: =G42 -> 0 | H79: =H42 -> 0 | I79: =I42 -> 0 | J79: =J42 -> 0 | ... N79: =N42 -> 0
B80: Décaissements CF | C80: =C26 -> 8520 | D80: =D26 -> 8520 | E80: =E26 -> 8520 | F80: =F26 -> 8520 | G80: =G26 -> 8520 | H80: =H26 -> 8520 | I80: =I26 -> 8520 | J80: =J26 -> 8520 | ... N80: =N26 -> 8520
B81: Décaissements financiers | C81: =C45 -> 2675 | D81: =D45 -> 2675 | E81: =E45 -> 2675 | F81: =F45 -> 2675 | G81: =G45 -> 2675 | H81: =H45 -> 2675 | I81: =I45 -> 2675 | J81: =J45 -> 2675 | ... N81: =N45 -> 2675
B82: Décaissements investissements | C82: =C53 -> 26880 | D82: =D53 -> 0 | E82: =E53 -> 0 | F82: =F53 -> 0 | G82: =G53 -> 0 | H82: =H53 -> 0 | I82: =I53 -> 0 | J82: =J53 -> 0 | ... N82: =N53 -> 0
B83: Décaissements TVA | C83: =C66 -> -684.29984 | D83: =D66 -> -5157.3756 | E83: =E66 -> -677.3756 | F83: =F66 -> -677.3756 | G83: =G66 -> -677.3756 | H83: =H66 -> -677.3756 | I83: =I66 -> -677.3756 | J83: =J66 -> -677.3756 | ... N83: =N66 -> -677.3756
B84: Total décaissements | C84: =SUM(C75:C83) -> 75561.085 | D84: =SUM(D75:D83) -> 44208.009 | E84: =SUM(E75:E83) -> 48688.009 | F84: =SUM(F75:F83) -> 48688.009 | G84: =SUM(G75:G83) -> 48688.009 | H84: =SUM(H75:H83) -> 48688.009 | I84: =SUM(I75:I83) -> 48688.009 | J84: =SUM(J75:J83) -> 48688.009 | ... N84: =SUM(N75:N83) -> 48688.009
B85: Solde initial | C85: ='Bilan et CDR N+2'!I14 -> -1036467 | D85: =C87 -> -1105536.6 | E85: =D87 -> -1142993.5 | F85: =E87 -> -1184930.3 | G85: =F87 -> -1226867.2 | H85: =G87 -> -1268804.1 | I85: =H87 -> -1310741 | J85: =I87 -> -1352677.8 | K85: =J87 -> -1394614.7 | ... N85: =M87 -> -1528625.4
B86: Mouvement du mois | C86: =C74-C84 -> -69069.613 | D86: =D74-D84 -> -37456.878 | E86: =E74-E84 -> -41936.878 | F86: =F74-F84 -> -41936.878 | G86: =G74-G84 -> -41936.878 | H86: =H74-H84 -> -41936.878 | I86: =I74-I84 -> -41936.878 | J86: =J74-J84 -> -41936.878 | ... N86: =N74-N84 -> -41936.878
B87: Solde final | C87: =C85+C86 -> -1105536.6 | D87: =D85+D86 -> -1142993.5 | E87: =E85+E86 -> -1184930.3 | F87: =F85+F86 -> -1226867.2 | G87: =G85+G86 -> -1268804.1 | H87: =H85+H86 -> -1310741 | I87: =I85+I86 -> -1352677.8 | J87: =J85+J86 -> -1394614.7 | ... N87: =N85+N86 -> -1570562.2 | O87: Dispoonibilité | P87: =N87 -> -1570562.2

Sheet Bilan et CDR N+3
B4: Compte de résultat Société Red au 31.12.N+3 | F4: Bilan société Red au 31.12.N +3
B5: Prestation de services | C5: ='N+3'!P5 -> 67511.309 | F5: Actif | G5: Brut | H5: Amort et Dep | I5: Net | J5: Passif | K5: Net
B6: Subvention d'exploitation | C6: 0 | F6: Immobilisations | G6: =SUM(G7:G10) -> 275900 | H6: =SUM(H7:H8) -> 77134.524 | I6: =SUM(I7:I8) -> 198765.48 | J6: Capitaux propres | K6: =SUM(K7:K10) -> -1408640.3
B7: Total produits d'exploitation | C7: =C5+C6 -> 67511.309 | F7: Installations techniques, matériel et out. ind | G7: ='Bilan et CDR N+2'!G6 -> 176000 | H7: ='Bilan et CDR N+2'!H6+J25+'N+3'!N29 -> 27908.956 | I7: =G7-H7 -> 148091.04 | J7: Capital | K7: 50000
B8: Achats de MP | C8: ='N+3'!P14 -> 22953.845 | F8: Autres immobilisations corporelles | G8: ='Bilan et CDR N+2'!G7+'N+3'!P51 -> 99900 | H8: ='Bilan et CDR N+2'!H7+I24+'N+3'!N28+'N+3'!N30 -> 49225.567 | I8: =G8-H8 -> 50674.433 | J8: Réserve légale | K8: 5000
B9: Autres achats et charges externes | C9: ='N+3'!P23 -> 85200 | J9: Autres réserves et report à nouveau | K9: ='Bilan et CDR N+2'!K8+'Bilan et CDR N+2'!K9 -> -966583.43
B10: Impots, taxes et versements assimilés | C10: ='N+3'!P41 -> 8200 | J10: Résultat de l'exercice | K10: =C22 -> -497056.82
B11: Salaires et traitements | C11: ='N+3'!P33 -> 307500
B12: Charges sociales | C12: ='N+3'!P34 -> 123000 | F12: Actif circulant | G12: =SUM(G13:G15) -> -1548811.1 | H12: =SUM(H13:H15) -> 0 | I12: =SUM(I13:I15) -> -1548811.1 | J12: Dettes | K12: =SUM(K13:K16) -> 39572.624
B13: Dotations d'exploitation | C13: ='N+3'!P31 -> 15614.286 | F13: Stock de matières premières | G13: 15000 | I13: =G13-H13 -> 15000 | J13: Emprunts et dettes auprès des établiss. de crédit | K13: =Emprunt!G11 -> 30000
B14: Total charges d'exploitation | C14: =SUM(C8:C13) -> 562468.13 | F14: Créances clients et comptes rattachés | G14: ='N+3'!P8 -> 6751.1309 | I14: =G14-H14 -> 6751.1309 | J14: Dettes fournisseurs et comptes rattachés | K14: 0
B15: Résultat d'exploitation | C15: =C7-C14 -> -494956.82 | F15: Disponibilités | G15: ='N+3'!N87 -> -1570562.2 | I15: =G15-H15 -> -1570562.2 | J15: Dettes fiscales et sociales | K15: ='N+3'!P35+'N+3'!P66 -> 9572.6244
B16: Total produits financiers | C16: 0
B17: Intérêts et charges assimilées | C17: ='N+3'!P43 -> 2100 | F17: TOTAL ACTIF | G17: =G6+G12 -> -1272911.1 | H17: =H6 -> 77134.524 | I17: =G17-H17 -> -1350045.6 | J17: TOTAL PASSIF | K17: =K6+K12 -> -1369067.6
B18: Total charges financières | C18: =C17 -> 2100 | J18: ECART | K18: =I17-K17 -> 19022
B19: Résultat financier | C19: =C16-C18 -> -2100
B20: Résultat courant avant impôt | C20: =C15-(-C19) -> -497056.82
B21: Résultat exceptionnel | I21: repartion 7500 d amortissement immo
B22: Résultat net | C22: =C20 -> -497056.82 | I22: 55
J23: 159
I24: =I22/J24*7500 -> 1927.5701 | J24: 214
J25: =J23/J24*7500 -> 5572.4299

Sheet Emprunt
B2: Années | C2: Capital début de période | D2: Intérêts | E2: Amortissements | F2: Annuités | G2: Capital fin de période | I2: Véhicule du tourisme - Janvier N+1 | O2: Véhicule du tourisme - Janvier N+1 Crédit bail
B3: 1 | C3: 300000 | D3: =C3*0.035 -> 10500 | E3: =300000/10 -> 30000 | F3: =D3+E3 -> 40500 | G3: =C3-E3 -> 270000 | I3: Années | J3: Prix d'achat HT | K3: Amortissements | L3: Total | O3: Années | P3: Prix d'achat HT | Q3: Amortissements | R3: VNC? | S3: Loyer | T3: Rachat
B4: 2 | C4: =G3 -> 270000 | D4: =C4*0.035 -> 9450 | E4: =300000/10 -> 30000 | F4: =D4+E4 -> 39450 | G4: =C4-E4 -> 240000 | I4: 1 | J4: 22500 | K4: =J$4/7 -> 3214.2857 | L4: =J4-K4 -> 19285.714 | O4: 1 | P4: 22500 | Q4: =P$4/7 -> 3214.2857 | R4: =P4-Q4 -> 19285.714 | S4: =Q4*1.15 -> 3696.4286
B5: 3 | C5: =G4 -> 240000 | D5: =C5*0.035 -> 8400 | E5: =300000/10 -> 30000 | F5: =D5+E5 -> 38400 | G5: =C5-E5 -> 210000 | I5: 2 | J5: =L4 -> 19285.714 | K5: =J$4/7 -> 3214.2857 | L5: =J5-K5 -> 16071.429 | O5: 2 | P5: =R4 -> 19285.714 | Q5: =P$4/7 -> 3214.2857 | R5: =P5-Q5 -> 16071.429 | S5: =Q5*1.15 -> 3696.4286
B6: 4 | C6: =G5 -> 210000 | D6: =C6*0.035 -> 7350 | E6: =300000/10 -> 30000 | F6: =D6+E6 -> 37350 | G6: =C6-E6 -> 180000 | I6: 3 | J6: =L5 -> 16071.429 | K6: =J$4/7 -> 3214.2857 | L6: =J6-K6 -> 12857.143 | O6: 3 | P6: =R5 -> 16071.429 | Q6: =P$4/7 -> 3214.2857 | R6: =P6-Q6 -> 12857.143 | S6: =Q6*1.15 -> 3696.4286
B7: 5 | C7: =G6 -> 180000 | D7: =C7*0.035 -> 6300 | E7: =300000/10 -> 30000 | F7: =D7+E7 -> 36300 | G7: =C7-E7 -> 150000 | I7: 4 | J7: =L6 -> 12857.143 | K7: =J$4/7 -> 3214.2857 | L7: =J7-K7 -> 9642.8571 | O7: 4 | P7: =R6 -> 12857.143 | Q7: =P$4/7 -> 3214.2857 | R7: =P7-Q7 -> 9642.8571 | S7: =Q7*1.15 -> 3696.4286
A8: n | B8: 6 | C8: =G7 -> 150000 | D8: =C8*0.035 -> 5250 | E8: =300000/10 -> 30000 | F8: =D8+E8 -> 35250 | G8: =C8-E8 -> 120000 | I8: 5 | J8: =L7 -> 9642.8571 | K8: =J$4/7 -> 3214.2857 | L8: =J8-K8 -> 6428.5714 | O8: 5 | P8: =R7 -> 9642.8571 | Q8: =P$4/7 -> 3214.2857 | R8: =P8-Q8 -> 6428.5714 | S8: =Q8*1.15 -> 3696.4286 | T8: =R8 -> 6428.5714
A9: n+1 | B9: 7 | C9: =G8 -> 120000 | D9: =C9*0.035 -> 4200 | E9: =300000/10 -> 30000 | F9: =D9+E9 -> 34200 | G9: =C9-E9 -> 90000 | I9: 6 | J9: =L8 -> 6428.5714 | K9: =J$4/7 -> 3214.2857 | L9: =J9-K9 -> 3214.2857 | O9: 6 | P9: =R8 -> 6428.5714 | Q9: =P$4/7 -> 3214.2857 | R9: =P9-Q9 -> 3214.2857
A10: n+2 | B10: 8 | C10: =G9 -> 90000 | D10: =C10*0.035 -> 3150 | E10: =300000/10 -> 30000 | F10: =D10+E10 -> 33150 | G10: =C10-E10 -> 60000 | I10: 7 | J10: =L9 -> 3214.2857 | K10: =J$4/7 -> 3214.2857 | L10: =J10-K10 -> 0 | O10: 7 | P10: =R9 -> 3214.2857 | Q10: =P$4/7 -> 3214.2857 | R10: =P10-Q10 -> 0
A11: n+3 | B11: 9 | C11: =G10 -> 60000 | D11: =C11*0.035 -> 2100 | E11: =300000/10 -> 30000 | F11: =D11+E11 -> 32100 | G11: =C11-E11 -> 30000
A12: n+4 | B12: 10 | C12: =G11 -> 30000 | D12: =C12*0.035 -> 1050 | E12: =300000/10 -> 30000 | F12: =D12+E12 -> 31050 | G12: =C12-E12 -> 0 | I12: Matériel et outillage - Juin N+2 | O12: Matériel et outillage - Juin N+2 Crédit bail
I13: Années | J13: Prix d'achat HT | K13: Amortissements | L13: Total | O13: Années | P13: Prix d'achat HT | Q13: Amortissements | R13: Total | S13: Loyer | T13: Rachat
I14: 1 | J14: 17000 | K14: =J14/10*(7/12) -> 991.66667 | L14: =J14-K14 -> 16008.333 | O14: 1 | P14: 17000 | Q14: =P14/10*(7/12) -> 991.66667 | R14: =P14-Q14 -> 16008.333 | S14: =Q14*1.15 -> 1140.4167
C15: Délais de paiement FRS | D15: =('Bilan et CDR N'!K14)/(('Bilan et CDR N'!C8+'Bilan et CDR N'!C9)*1.2)*360 -> 177.49245 | I15: 2 | J15: =L14 -> 16008.333 | K15: =$J$14/10 -> 1700 | L15: =J15-K15 -> 14308.333 | O15: 2 | P15: =R14 -> 16008.333 | Q15: =$J$14/10 -> 1700 | R15: =P15-Q15 -> 14308.333 | S15: =Q15*1.15 -> 1955
C16: Délais de paiement Clients | D16: =('Bilan et CDR N'!I14+'Bilan et CDR N'!I15)/('Bilan et CDR N'!C5*1.2)*360 -> 382.21154 | I16: 3 | J16: =L15 -> 14308.333 | K16: =$J$14/10 -> 1700 | L16: =J16-K16 -> 12608.333 | O16: 3 | P16: =R15 -> 14308.333 | Q16: =$J$14/10 -> 1700 | R16: =P16-Q16 -> 12608.333 | S16: =Q16*1.15 -> 1955
I17: 4 | J17: =L16 -> 12608.333 | K17: =$J$14/10 -> 1700 | L17: =J17-K17 -> 10908.333 | O17: 4 | P17: =R16 -> 12608.333 | Q17: =$J$14/10 -> 1700 | R17: =P17-Q17 -> 10908.333 | S17: =Q17*1.15 -> 1955
I18: 5 | J18: =L17 -> 10908.333 | K18: =$J$14/10 -> 1700 | L18: =J18-K18 -> 9208.3333 | O18: 5 | P18: =R17 -> 10908.333 | Q18: =$J$14/10 -> 1700 | R18: =P18-Q18 -> 9208.3333 | S18: =Q18*1.15 -> 1955
I19: 6 | J19: =L18 -> 9208.3333 | K19: =$J$14/10 -> 1700 | L19: =J19-K19 -> 7508.3333 | O19: 6 | P19: =R18 -> 9208.3333 | Q19: =$J$14/10 -> 1700 | R19: =P19-Q19 -> 7508.3333 | S19: =Q19*1.15 -> 1955
I20: 7 | J20: =L19 -> 7508.3333 | K20: =$J$14/10 -> 1700 | L20: =J20-K20 -> 5808.3333 | O20: 7 | P20: =R19 -> 7508.3333 | Q20: =$J$14/10 -> 1700 | R20: =P20-Q20 -> 5808.3333 | S20: =Q20*1.15 -> 1955 | T20: =R20 -> 5808.3333
I21: 8 | J21: =L20 -> 5808.3333 | K21: =$J$14/10 -> 1700 | L21: =J21-K21 -> 4108.3333 | O21: 8 | P21: =R20 -> 5808.3333 | Q21: =$J$14/10 -> 1700 | R21: =P21-Q21 -> 4108.3333
I22: 9 | J22: =L21 -> 4108.3333 | K22: =$J$14/10 -> 1700 | L22: =J22-K22 -> 2408.3333 | O22: 9 | P22: =R21 -> 4108.3333 | Q22: =$J$14/10 -> 1700 | R22: =P22-Q22 -> 2408.3333
D23: =100000*(3.8/100) -> 3800 | I23: 10 | J23: =L22 -> 2408.3333 | K23: =$J$14/10 -> 1700 | L23: =J23-K23 -> 708.33333 | O23: 10 | P23: =R22 -> 2408.3333 | Q23: =$J$14/10 -> 1700 | R23: =P23-Q23 -> 708.33333
D24: =100000/5 -> 20000 | I24: 11 | J24: =L23 -> 708.33333 | K24: =J14/10*(5/12) -> 708.33333 | L24: =J24-K24 -> 0 | O24: 11 | P24: =R23 -> 708.33333 | Q24: =P14/10*(5/12) -> 708.33333 | R24: =P24-Q24 -> 0
I26: Camionette - Janvier N+3 | O26: Camionette - Janvier N+3 Crédit bail
I27: Années | J27: Prix d'achat HT | K27: Amortissements | L27: Total | O27: Années | P27: Prix d'achat HT | Q27: Amortissements | R27: Total | S27: Loyer | T27: Rachat
I28: 1 | J28: 22400 | K28: =J28/7 -> 3200 | L28: =+J28-K28 -> 19200 | O28: 1 | P28: 22400 | Q28: =P28/7 -> 3200 | R28: =+P28-Q28 -> 19200 | S28: =Q28*1.15 -> 3680
I29: 2 | J29: =L28 -> 19200 | K29: 3200 | L29: =+J29-K29 -> 16000 | O29: 2 | P29: =R28 -> 19200 | Q29: 3200 | R29: =+P29-Q29 -> 16000 | S29: =Q29*1.15 -> 3680
I30: 3 | J30: =L29 -> 16000 | K30: 3200 | L30: =+J30-K30 -> 12800 | O30: 3 | P30: =R29 -> 16000 | Q30: 3200 | R30: =+P30-Q30 -> 12800 | S30: =Q30*1.15 -> 3680
I31: 4 | J31: =L30 -> 12800 | K31: 3200 | L31: =+J31-K31 -> 9600 | O31: 4 | P31: =R30 -> 12800 | Q31: 3200 | R31: =+P31-Q31 -> 9600 | S31: =Q31*1.15 -> 3680
I32: 5 | J32: =L31 -> 9600 | K32: 3200 | L32: =+J32-K32 -> 6400 | O32: 5 | P32: =R31 -> 9600 | Q32: 3200 | R32: =+P32-Q32 -> 6400 | S32: =Q32*1.15 -> 3680 | T32: =R32 -> 6400
I33: 6 | J33: =L32 -> 6400 | K33: 3200 | L33: =+J33-K33 -> 3200 | O33: 6 | P33: =R32 -> 6400 | Q33: 3200 | R33: =+P33-Q33 -> 3200
I34: 7 | J34: =L33 -> 3200 | K34: 3200 | L34: =+J34-K34 -> 0 | O34: 7 | P34: =R33 -> 3200 | Q34: 3200 | R34: =+P34-Q34 -> 0

Sheet Informations
A2: → | B2: Réduire le délai de remboursement de l'emprunt
A3: → | B3: Réduire le délai de paiement des fournisseurs
B5: Hypothèse 1 (9ans) | J5: Emprunt initial
C6: Capital début de période | D6: Intérêts | E6: Amortissements | F6: Annuités | G6: Capital fin de période | K6: Capital début de période | L6: Intérêts | M6: Amortissements | N6: Annuités | O6: Capital fin de période
B7: 1 | C7: 300000 | D7: =C7*0.035 -> 10500 | E7: =300000/10 -> 30000 | F7: =D7+E7 -> 40500 | G7: =C7-E7 -> 270000 | J7: 1 | K7: 300000 | L7: =K7*0.035 -> 10500 | M7: =300000/10 -> 30000 | N7: =L7+M7 -> 40500 | O7: =K7-M7 -> 270000
B8: 2 | C8: =G7 -> 270000 | D8: =C8*0.035 -> 9450 | E8: =300000/10 -> 30000 | F8: =D8+E8 -> 39450 | G8: =C8-E8 -> 240000 | J8: 2 | K8: =O7 -> 270000 | L8: =K8*0.035 -> 9450 | M8: =300000/10 -> 30000 | N8: =L8+M8 -> 39450 | O8: =K8-M8 -> 240000
B9: 3 | C9: =G8 -> 240000 | D9: =C9*0.035 -> 8400 | E9: =300000/10 -> 30000 | F9: =D9+E9 -> 38400 | G9: =C9-E9 -> 210000 | J9: 3 | K9: =O8 -> 240000 | L9: =K9*0.035 -> 8400 | M9: =300000/10 -> 30000 | N9: =L9+M9 -> 38400 | O9: =K9-M9 -> 210000
B10: 4 | C10: =G9 -> 210000 | D10: =C10*0.035 -> 7350 | E10: =300000/10 -> 30000 | F10: =D10+E10 -> 37350 | G10: =C10-E10 -> 180000 | J10: 4 | K10: =O9 -> 210000 | L10: =K10*0.035 -> 7350 | M10: =300000/10 -> 30000 | N10: =L10+M10 -> 37350 | O10: =K10-M10 -> 180000
B11: 5 | C11: =G10 -> 180000 | D11: =C11*0.035 -> 6300 | E11: =300000/10 -> 30000 | F11: =D11+E11 -> 36300 | G11: =C11-E11 -> 150000 | J11: 5 | K11: =O10 -> 180000 | L11: =K11*0.035 -> 6300 | M11: =300000/10 -> 30000 | N11: =L11+M11 -> 36300 | O11: =K11-M11 -> 150000
B12: N | C12: =G11 -> 150000 | D12: =C12*0.035 -> 5250 | E12: =300000/10 -> 30000 | F12: =D12+E12 -> 35250 | G12: =C12-E12 -> 120000 | J12: N | K12: =O11 -> 150000 | L12: =K12*0.035 -> 5250 | M12: =300000/10 -> 30000 | N12: =L12+M12 -> 35250 | O12: =K12-M12 -> 120000
B13: N+1 | C13: =G12 -> 120000 | D13: =C13*0.035 -> 4200 | E13: =(300000/10)*(1+1/3) -> 40000 | F13: =D13+E13 -> 44200 | G13: =C13-E13 -> 80000 | J13: N+1 | K13: =O12 -> 120000 | L13: =K13*0.035 -> 4200 | M13: =300000/10 -> 30000 | N13: =L13+M13 -> 34200 | O13: =K13-M13 -> 90000
B14: N+2 | C14: =G13 -> 80000 | D14: =C14*0.035 -> 2800 | E14: =(300000/10)*(1+1/3) -> 40000 | F14: =D14+E14 -> 42800 | G14: =C14-E14 -> 40000 | J14: N+2 | K14: =O13 -> 90000 | L14: =K14*0.035 -> 3150 | M14: =300000/10 -> 30000 | N14: =L14+M14 -> 33150 | O14: =K14-M14 -> 60000
B15: N+3 | C15: =G14 -> 40000 | D15: =C15*0.035 -> 1400 | E15: =(300000/10)*(1+1/3) -> 40000 | F15: =D15+E15 -> 41400 | G15: =C15-E15 -> 0 | J15: N+3 | K15: =O14 -> 60000 | L15: =K15*0.035 -> 2100 | M15: =300000/10 -> 30000 | N15: =L15+M15 -> 32100 | O15: =K15-M15 -> 30000
B16: N+4 | C16: =G15 -> 0 | D16: =C16*0.035 -> 0 | F16: =D16+E16 -> 0 | G16: =C16-E16 -> 0 | J16: N+4 | K16: =O15 -> 30000 | L16: =K16*0.035 -> 1050 | M16: =300000/10 -> 30000 | N16: =L16+M16 -> 31050 | O16: =K16-M16 -> 0
D17: =SUM(D7:D16) -> 55650 | L17: =SUM(L7:L16) -> 57750
B18: Hypothèse 2 (8ans)
C19: Capital début de période | D19: Intérêts | E19: Amortissements | F19: Annuités | G19: Capital fin de période
B20: 1 | C20: 300000 | D20: =C20*0.035 -> 10500 | E20: =300000/10 -> 30000 | F20: =D20+E20 -> 40500 | G20: =C20-E20 -> 270000
B21: 2 | C21: =G20 -> 270000 | D21: =C21*0.035 -> 9450 | E21: =300000/10 -> 30000 | F21: =D21+E21 -> 39450 | G21: =C21-E21 -> 240000
B22: 3 | C22: =G21 -> 240000 | D22: =C22*0.035 -> 8400 | E22: =300000/10 -> 30000 | F22: =D22+E22 -> 38400 | G22: =C22-E22 -> 210000
B23: 4 | C23: =G22 -> 210000 | D23: =C23*0.035 -> 7350 | E23: =300000/10 -> 30000 | F23: =D23+E23 -> 37350 | G23: =C23-E23 -> 180000
B24: 5 | C24: =G23 -> 180000 | D24: =C24*0.035 -> 6300 | E24: =300000/10 -> 30000 | F24: =D24+E24 -> 36300 | G24: =C24-E24 -> 150000
B25: N | C25: =G24 -> 150000 | D25: =C25*0.035 -> 5250 | E25: =300000/10 -> 30000 | F25: =D25+E25 -> 35250 | G25: =C25-E25 -> 120000
B26: N+1 | C26: =G25 -> 120000 | D26: =C26*0.035 -> 4200 | E26: =(300000/10)*2 -> 60000 | F26: =D26+E26 -> 64200 | G26: =C26-E26 -> 60000
B27: N+2 | C27: =G26 -> 60000 | D27: =C27*0.035 -> 2100 | E27: =(300000/10)*2 -> 60000 | F27: =D27+E27 -> 62100 | G27: =C27-E27 -> 0 | AE27: =D14/12 -> 233.33333
B28: N+3 | C28: =G27 -> 0 | D28: =C28*0.035 -> 0 | F28: =D28+E28 -> 0 | G28: =C28-E28 -> 0
B29: N+4 | C29: =G28 -> 0 | D29: =C29*0.035 -> 0 | F29: =D29+E29 -> 0 | G29: =C29-E29 -> 0
D30: =SUM(D20:D29) -> 53550

Sheet Hyp1
B1: N+1
B2: Budget de ventes N+1
C3: Janvier | D3: Février | E3: Mars | F3: Avril | G3: Mai | H3: Juin | I3: Juillet | J3: Août | K3: Septembre | L3: Octobre | M3: Novembre | N3: Décembre | O3: à reporter au bilan ou CDR | S3: Equilibrage de la trésorerie | T3: Janvier | U3: Février | V3: Mars | W3: Avril | X3: Mai | Y3: Juin | Z3: Juillet | AA3: Août | AB3: Septembre | AC3: Octobre | AD3: Novembre | AE3: Décembre
O4: élément | P4: Montant
B5: CA HT | C5: ='Bilan et CDR N'!$C$5*1.02/12 -> 5304 | D5: ='Bilan et CDR N'!$C$5*1.02/12 -> 5304 | E5: ='Bilan et CDR N'!$C$5*1.02/12 -> 5304 | F5: ='Bilan et CDR N'!$C$5*1.02/12 -> 5304 | G5: ='Bilan et CDR N'!$C$5*1.02/12 -> 5304 | H5: ='Bilan et CDR N'!$C$5*1.02/12 -> 5304 | I5: ='Bilan et CDR N'!$C$5*1.02/12 -> 5304 | J5: ='Bilan et CDR N'!$C$5*1.02/12 -> 5304 | ... N5: ='Bilan et CDR N'!$C$5*1.02/12 -> 5304 | O5: Prestation de services | P5: =SUM(C5:N5) -> 63648 | S5: Encaissement des ventes | T5: =C8 -> 78000 | U5: =D8 -> 6364.8 | V5: =E8 -> 6364.8 | W5: =F8 -> 6364.8 | X5: =G8 -> 6364.8 | Y5: =H8 -> 6364.8 | Z5: =I8 -> 6364.8 | AA5: =J8 -> 6364.8 | ... AE5: =N8 -> 6364.8
B6: TVA collectée | C6: =C5*20% -> 1060.8 | D6: =D5*20% -> 1060.8 | E6: =E5*20% -> 1060.8 | F6: =F5*20% -> 1060.8 | G6: =G5*20% -> 1060.8 | H6: =H5*20% -> 1060.8 | I6: =I5*20% -> 1060.8 | J6: =J5*20% -> 1060.8 | ... N6: =N5*20% -> 1060.8 | S6: Effets escoomptés | U6: =-U5*0.9 -> -5728.32 | V6: =-V5*0.92 -> -5855.616 | W6: =-W5*0.99 -> -6301.152 | X6: =-X5 -> -6364.8 | Y6: =-Y5 -> -6364.8 | Z6: =-Z5 -> -6364.8 | AA6: =-AA5 -> -6364.8 | AB6: =-AB5 -> -6364.8 | AC6: =-AC5 -> -6364.8 | AD6: =-AD5 -> -6364.8 | AE6: =-AE5 -> -6364.8
B7: CA TTC | C7: =C5+C6 -> 6364.8 | D7: =D5+D6 -> 6364.8 | E7: =E5+E6 -> 6364.8 | F7: =F5+F6 -> 6364.8 | G7: =G5+G6 -> 6364.8 | H7: =H5+H6 -> 6364.8 | I7: =I5+I6 -> 6364.8 | J7: =J5+J6 -> 6364.8 | ... N7: =N5+N6 -> 6364.8 | S7: Effets remis à l'escompte | T7: =-U6/1.05 -> 5455.5429 | U7: =-V6/1.05 -> 5576.7771 | V7: =-W6/1.05 -> 6001.0971 | W7: =-X6/1.05 -> 6061.7143 | X7: =-Y6/1.05 -> 6061.7143 | Y7: =-Z6/1.05 -> 6061.7143 | Z7: =-AA6/1.05 -> 6061.7143 | AA7: =-AB6/1.05 -> 6061.7143 | ... AD7: =-AE6/1.05 -> 6061.7143 | AE7: 76306
B8: Règlement reçu | C8: ='Bilan et CDR N'!I14 -> 78000 | D8: =C7 -> 6364.8 | E8: =D7 -> 6364.8 | F8: =E7 -> 6364.8 | G8: =F7 -> 6364.8 | H8: =G7 -> 6364.8 | I8: =H7 -> 6364.8 | J8: =I7 -> 6364.8 | K8: =J7 -> 6364.8 | ... N8: =M7 -> 6364.8 | O8: Clients | P8: =N7 -> 6364.8 | S8: Découvert bancaire | W8: 4360 | X8: 6083 | Y8: 6204 | Z8: 6212 | AA8: 6213 | AB8: 6213 | AC8: 14413 | AD8: 6787 | AE8: 6253
B9: Apport en capital | E9: 30000 | O9: Capital | P9: 30000 | S9: Somme totale des encaissements | T9: =SUM(T5:T8) -> 83455.543 | U9: =SUM(U5:U8) -> 6213.2571 | V9: =SUM(V5:V8) -> 6510.2811 | W9: =SUM(W5:W8) -> 10485.362 | X9: =SUM(X5:X8) -> 12144.714 | Y9: =SUM(Y5:Y8) -> 12265.714 | Z9: =SUM(Z5:Z8) -> 12273.714 | AA9: =SUM(AA5:AA8) -> 12274.714 | ... AE9: =SUM(AE5:AE8) -> 82559
S10: Total décaissement hors agios | T10: =C82 -> 130779.44 | U10: =D82 -> 46852 | V10: =E82 -> 51352 | W10: =F82 -> 51352 | X10: =G82 -> 51352 | Y10: =H82 -> 51352 | Z10: =I82 -> 51352 | AA10: =J82 -> 51352 | ... AE10: =N82 -> 51352
B11: Budget de achats N+1 | S11: Agios | U11: =T8*0.07 -> 0 | V11: =U8*0.07 -> 0 | W11: =V8*0.07 -> 0 | X11: =W8*0.07 -> 305.2 | Y11: =X8*0.07 -> 425.81 | Z11: =Y8*0.07 -> 434.28 | AA11: =Z8*0.07 -> 434.84 | AB11: =AA8*0.07 -> 434.91 | ... AE11: =AD8*0.07 -> 475.09
C12: Janvier | D12: Février | E12: Mars | F12: Avril | G12: Mai | H12: Juin | I12: Juillet | J12: Août | K12: Septembre | L12: Octobre | M12: Novembre | N12: Décembre | O12: à reporter au bilan ou CDR | S12: Somme totale des décaissements | T12: =T10+T11 -> 130779.44 | U12: =U10+U11 -> 46852 | V12: =V10+V11 -> 51352 | W12: =W10+W11 -> 51352 | X12: =X10+X11 -> 51657.2 | Y12: =Y10+Y11 -> 51777.81 | Z12: =Z10+Z11 -> 51786.28 | AA12: =AA10+AA11 -> 51786.84 | ... AE12: =AE10+AE11 -> 51827.09
O13: élément | P13: Montant | S13: Solde initial | T13: ='Bilan et CDR N'!I16 -> 6350 | U13: =T15 -> -40973.897 | V13: =U15 -> -81612.64 | W13: =V15 -> -126454.36 | X13: =W15 -> -167321 | Y13: =X15 -> -206833.48 | Z13: =Y15 -> -246345.58 | AA13: =Z15 -> -285858.14 | AB13: =AA15 -> -325370.27 | ... AE13: =AD15 -> -443906.86
B14: ACHATS HT | C14: =C5*30% -> 1591.2 | D14: =D5*30% -> 1591.2 | E14: =E5*30% -> 1591.2 | F14: =F5*30% -> 1591.2 | G14: =G5*30% -> 1591.2 | H14: =H5*30% -> 1591.2 | I14: =I5*30% -> 1591.2 | J14: =J5*30% -> 1591.2 | ... N14: =N5*30% -> 1591.2 | O14: Achats | P14: =SUM(C14:N14) -> 19094.4 | S14: Mouvement du mois | T14: =T9-T12 -> -47323.897 | U14: =U9-U12 -> -40638.743 | V14: =V9-V12 -> -44841.719 | W14: =W9-W12 -> -40866.638 | X14: =X9-X12 -> -39512.486 | Y14: =Y9-Y12 -> -39512.096 | Z14: =Z9-Z12 -> -39512.566 | AA14: =AA9-AA12 -> -39512.126 | ... AE14: =AE9-AE12 -> 30731.91
B15: TVA ded sur achats | C15: =C14*20% -> 318.24 | D15: =D14*20% -> 318.24 | E15: =E14*20% -> 318.24 | F15: =F14*20% -> 318.24 | G15: =G14*20% -> 318.24 | H15: =H14*20% -> 318.24 | I15: =I14*20% -> 318.24 | J15: =J14*20% -> 318.24 | ... N15: =N14*20% -> 318.24 | S15: Solde final | T15: =T13+T14 -> -40973.897 | U15: =U13+U14 -> -81612.64 | V15: =V13+V14 -> -126454.36 | W15: =W13+W14 -> -167321 | X15: =X13+X14 -> -206833.48 | Y15: =Y13+Y14 -> -246345.58 | Z15: =Z13+Z14 -> -285858.14 | AA15: =AA13+AA14 -> -325370.27 | ... AE15: =AE13+AE14 -> -413174.95
B16: Total achat TTC | C16: =C14+C15 -> 1909.44 | D16: =D14+D15 -> 1909.44 | E16: =E14+E15 -> 1909.44 | F16: =F14+F15 -> 1909.44 | G16: =G14+G15 -> 1909.44 | H16: =H14+H15 -> 1909.44 | I16: =I14+I15 -> 1909.44 | J16: =J14+J15 -> 1909.44 | ... N16: =N14+N15 -> 1909.44
B17: Règlement | C17: =C16+'Bilan et CDR N'!K15 -> 32909.44 | D17: =D16 -> 1909.44 | E17: =E16 -> 1909.44 | F17: =F16 -> 1909.44 | G17: =G16 -> 1909.44 | H17: =H16 -> 1909.44 | I17: =I16 -> 1909.44 | J17: =J16 -> 1909.44 | K17: =K16 -> 1909.44 | ... N17: =N16 -> 1909.44 | O17: Fournisseurs | P17: 0
B20: Budget de production N+1
C21: Janvier | D21: Février | E21: Mars | F21: Avril | G21: Mai | H21: Juin | I21: Juillet | J21: Août | K21: Septembre | L21: Octobre | M21: Novembre | N21: Décembre | O21: à reporter au bilan ou CDR
O22: élément | P22: Montant
B23: Coûts fixes HT | C23: 7100 | D23: 7100 | E23: 7100 | F23: 7100 | G23: 7100 | H23: 7100 | I23: 7100 | J23: 7100 | K23: 7100 | L23: 7100 | M23: 7100 | N23: 7100 | O23: Autres achats & charges externes | P23: =SUM(C23:N23) -> 85200
B24: TVA sur CF | C24: =C23*20% -> 1420 | D24: =D23*20% -> 1420 | E24: =E23*20% -> 1420 | F24: =F23*20% -> 1420 | G24: =G23*20% -> 1420 | H24: =H23*20% -> 1420 | I24: =I23*20% -> 1420 | J24: =J23*20% -> 1420 | ... N24: =N23*20% -> 1420
B25: Total TTC des CF hors amortissement | C25: =C23+C24 -> 8520 | D25: =D23+D24 -> 8520 | E25: =E23+E24 -> 8520 | F25: =F23+F24 -> 8520 | G25: =G23+G24 -> 8520 | H25: =H23+H24 -> 8520 | I25: =I23+I24 -> 8520 | J25: =J23+J24 -> 8520 | ... N25: =N23+N24 -> 8520
B26: Règlement | C26: =+C23+C24 -> 8520 | D26: =+D23+D24 -> 8520 | E26: =+E23+E24 -> 8520 | F26: =+F23+F24 -> 8520 | G26: =+G23+G24 -> 8520 | H26: =+H23+H24 -> 8520 | I26: =+I23+I24 -> 8520 | J26: =+J23+J24 -> 8520 | ... N26: =+N23+N24 -> 8520
B27: Amortissemements | N27: 7500
B28: Nouvel amortissement | N28: =P28 -> 3214.2857 | O28: Amortissement nouveau mat | P28: =Emprunt!K5 -> 3214.2857
B29: Total des amortissements | C29: =C27+C28 -> 0 | D29: =D27+D28 -> 0 | E29: =E27+E28 -> 0 | F29: =F27+F28 -> 0 | G29: =G27+G28 -> 0 | H29: =H27+H28 -> 0 | I29: =I27+I28 -> 0 | J29: =J27+J28 -> 0 | ... N29: =N27+N28 -> 10714.286 | O29: Dotations aux amortissements | P29: =SUM(C29:N29) -> 10714.286
B30: Salaire Net | C30: =307500/12 -> 25625 | D30: =307500/12 -> 25625 | E30: =307500/12 -> 25625 | F30: =307500/12 -> 25625 | G30: =307500/12 -> 25625 | H30: =307500/12 -> 25625 | I30: =307500/12 -> 25625 | J30: =307500/12 -> 25625 | ... N30: =307500/12 -> 25625
B31: Décaissement salaires nets | C31: =C30 -> 25625 | D31: =D30 -> 25625 | E31: =E30 -> 25625 | F31: =F30 -> 25625 | G31: =G30 -> 25625 | H31: =H30 -> 25625 | I31: =I30 -> 25625 | J31: =J30 -> 25625 | ... N31: =N30 -> 25625 | O31: Salaire | P31: =SUM(C31:N31) -> 307500
B32: Charges sociales | C32: =C30*0.4 -> 10250 | D32: =D30*0.4 -> 10250 | E32: =E30*0.4 -> 10250 | F32: =F30*0.4 -> 10250 | G32: =G30*0.4 -> 10250 | H32: =H30*0.4 -> 10250 | I32: =I30*0.4 -> 10250 | J32: =J30*0.4 -> 10250 | ... N32: =N30*0.4 -> 10250 | O32: Charges sociales | P32: =SUM(C32:N32) -> 123000
B33: Décaissement charges sociales | C33: 16000 | D33: =C32 -> 10250 | E33: =D32 -> 10250 | F33: =E32 -> 10250 | G33: =F32 -> 10250 | H33: =G32 -> 10250 | I33: =H32 -> 10250 | J33: =I32 -> 10250 | K33: =J32 -> 10250 | ... N33: =M32 -> 10250 | O33: Dette URSSAF | P33: =N32 -> 10250
B36: Budget des autres frais, de l'IS et de l'emprunt N+1
C37: Janvier | D37: Février | E37: Mars | F37: Avril | G37: Mai | H37: Juin | I37: Juillet | J37: Août | K37: Septembre | L37: Octobre | M37: Novembre | N37: Décembre | O37: à reporter au bilan ou CDR
O38: élément | P38: Montant
B39: Impôts et taxes | L39: 8200 | O39: Frais généraux / impôts et taxes | P39: =SUM(C39:N39) -> 8200
B40: Règlement frais généraux | L40: 8200
B41: Intérêts | C41: =$P$41/12 -> 350 | D41: =$P$41/12 -> 350 | E41: =$P$41/12 -> 350 | F41: =$P$41/12 -> 350 | G41: =$P$41/12 -> 350 | H41: =$P$41/12 -> 350 | I41: =$P$41/12 -> 350 | J41: =$P$41/12 -> 350 | ... N41: =$P$41/12 -> 350 | O41: Intérêts et charges assimilés | P41: =Informations!D26 -> 4200
B42: Remboursement de l'emprunt | C42: =$P$42/12 -> 5000 | D42: =$P$42/12 -> 5000 | E42: =$P$42/12 -> 5000 | F42: =$P$42/12 -> 5000 | G42: =$P$42/12 -> 5000 | H42: =$P$42/12 -> 5000 | I42: =$P$42/12 -> 5000 | J42: =$P$42/12 -> 5000 | ... N42: =$P$42/12 -> 5000 | O42: Emprunt | P42: =Informations!E26 -> 60000
B43: Règlement | C43: =C41+C42 -> 5350 | D43: =D41+D42 -> 5350 | E43: =E41+E42 -> 5350 | F43: =F41+F42 -> 5350 | G43: =G41+G42 -> 5350 | H43: =H41+H42 -> 5350 | I43: =I41+I42 -> 5350 | J43: =J41+J42 -> 5350 | ... N43: =N41+N42 -> 5350
S45: Equilibrage de la trésorerie | T45: Janvier | U45: Février | V45: Mars | W45: Avril | X45: Mai | Y45: Juin | Z45: Juillet | AA45: Août | AB45: Septembre | AC45: Octobre | AD45: Novembre | AE45: Décembre
B46: Budget des investissements N+1
C47: Janvier | D47: Février | E47: Mars | F47: Avril | G47: Mai | H47: Juin | I47: Juillet | J47: Août | K47: Septembre | L47: Octobre | M47: Novembre | N47: Décembre | O47: à reporter au bilan ou CDR | S47: Encaissement des ventes | T47: =C72 -> 78000 | U47: =D72 -> 6364.8 | V47: =E72 -> 36364.8 | W47: =F72 -> 6364.8 | X47: =G72 -> 6364.8 | Y47: =H72 -> 7864.8 | Z47: =I72 -> 6364.8 | AA47: =J72 -> 6364.8 | ... AE47: =N72 -> 6364.8
O48: élément | P48: Montant | S48: Effets escoomptés
B49: Acquisitions HT | C49: =Emprunt!J4 -> 22500 | O49: Immobilisation | P49: =SUM(C49:N49) -> 22500 | S49: Effets remis à l'escompte
B50: TVA ded sur immo | C50: =C49*20% -> 4500 | S50: Découvert bancaire | T50: =68556 -> 68556 | U50: =2262 -> 2262
B51: Total TTC | C51: =C49+C50 -> 27000 | S51: Somme totale des encaissements | T51: =T47+T50 -> 146556 | U51: =SUM(U47:U50) -> 8626.8 | V51: =SUM(V47:V50) -> 36364.8 | W51: =SUM(W47:W50) -> 6364.8 | X51: =SUM(X47:X50) -> 6364.8 | Y51: =SUM(Y47:Y50) -> 7864.8 | Z51: =SUM(Z47:Z50) -> 6364.8 | AA51: =SUM(AA47:AA50) -> 6364.8 | AB51: =SUM(AB47:AB50) -> 6364.8 | ... AE51: =SUM(AE47:AE50) -> 6364.8
B52: Règlement | C52: =C51 -> 27000 | O52: Fournisseurs Immobilisation | P52: 0 | S52: Total décaissement hors agios | T52: =C82 -> 130779.44 | U52: =D82 -> 46852 | V52: =E82 -> 51352 | W52: =F82 -> 51352 | X52: =G82 -> 51352 | Y52: =H82 -> 51352 | Z52: =I82 -> 51352 | AA52: =J82 -> 51352 | ... AE52: =N82 -> 51352
C53: / | S53: Agios | U53: =T50*0.07 -> 4798.92 | V53: =U50*0.07 -> 158.34 | W53: =V50*0.07 -> 0 | X53: =W50*0.07 -> 0 | Y53: =X50*0.07 -> 0 | Z53: =Y50*0.07 -> 0 | AA53: =Z50*0.07 -> 0 | AB53: =AA50*0.07 -> 0 | ... AE53: =AD50*0.07 -> 0
S54: Somme totale des décaissements | T54: =T52+T53 -> 130779.44 | U54: =U52+U53 -> 51650.92 | V54: =V52+V53 -> 51510.34 | W54: =W52+W53 -> 51352 | X54: =X52+X53 -> 51352 | Y54: =Y52+Y53 -> 51352 | Z54: =Z52+Z53 -> 51352 | AA54: =AA52+AA53 -> 51352 | ... AE54: =AE52+AE53 -> 51352
B55: Budget de TVA N+1 | S55: Solde initial | T55: =C83 -> 6350 | U55: =T57 -> 22126.56 | V55: =U57 -> -20897.56 | W55: =V57 -> -36043.1 | X55: =W57 -> -81030.3 | Y55: =X57 -> -126017.5 | Z55: =Y57 -> -169504.7 | AA55: =Z57 -> -214491.9 | AB55: =AA57 -> -259479.1 | ... AE55: =AD57 -> -402640.7
C56: Janvier | D56: Février | E56: Mars | F56: Avril | G56: Mai | H56: Juin | I56: Juillet | J56: Août | K56: Septembre | L56: Octobre | M56: Novembre | N56: Décembre | O56: à reporter au bilan ou CDR | S56: Mouvement du mois | T56: =T51-T54 -> 15776.56 | U56: =U51-U54 -> -43024.12 | V56: =V51-V54 -> -15145.54 | W56: =W51-W54 -> -44987.2 | X56: =X51-X54 -> -44987.2 | Y56: =Y51-Y54 -> -43487.2 | Z56: =Z51-Z54 -> -44987.2 | AA56: =AA51-AA54 -> -44987.2 | ... AE56: =AE51-AE54 -> -44987.2
O57: élément | P57: Montant | S57: Solde final | T57: =T55+T56 -> 22126.56 | U57: =U55+U56 -> -20897.56 | V57: =V55+V56 -> -36043.1 | W57: =W55+W56 -> -81030.3 | X57: =X55+X56 -> -126017.5 | Y57: =Y55+Y56 -> -169504.7 | Z57: =Z55+Z56 -> -214491.9 | AA57: =AA55+AA56 -> -259479.1 | ... AE57: =AE55+AE56 -> -447627.9
B58: TVA collectée | C58: =C6 -> 1060.8 | D58: =D6 -> 1060.8 | E58: =E6 -> 1060.8 | F58: =F6 -> 1060.8 | G58: =G6 -> 1060.8 | H58: =H6 -> 1060.8 | I58: =I6 -> 1060.8 | J58: =J6 -> 1060.8 | ... N58: =N6 -> 1060.8
B59: TVA ded sur achats | C59: =C15 -> 318.24 | D59: =D15 -> 318.24 | E59: =E15 -> 318.24 | F59: =F15 -> 318.24 | G59: =G15 -> 318.24 | H59: =H15 -> 318.24 | I59: =I15 -> 318.24 | J59: =J15 -> 318.24 | ... N59: =N15 -> 318.24
B60: TVA sur CF | C60: =C24 -> 1420 | D60: =D24 -> 1420 | E60: =E24 -> 1420 | F60: =F24 -> 1420 | G60: =G24 -> 1420 | H60: =H24 -> 1420 | I60: =I24 -> 1420 | J60: =J24 -> 1420 | ... N60: =N24 -> 1420
B61: TVA ded sur immo | C61: =C50 -> 4500 | D61: =D50 -> 0 | E61: =E50 -> 0 | F61: =F50 -> 0 | G61: =G50 -> 0 | H61: =H50 -> 0 | I61: =I50 -> 0 | J61: =J50 -> 0 | ... N61: =N50 -> 0
B62: Total TVA déductible | C62: =C59+C60+C61 -> 6238.24 | D62: =D59+D60+D61 -> 1738.24 | E62: =E59+E60+E61 -> 1738.24 | F62: =F59+F60+F61 -> 1738.24 | G62: =G59+G60+G61 -> 1738.24 | H62: =H59+H60+H61 -> 1738.24 | I62: =I59+I60+I61 -> 1738.24 | J62: =J59+J60+J61 -> 1738.24 | ... N62: =N59+N60+N61 -> 1738.24
B63: TVA à décaisser / crédit de TVA | C63: =C58-C62 -> -5177.44 | D63: =D58-D62 -> -677.44 | E63: =E58-E62 -> -677.44 | F63: =F58-F62 -> -677.44 | G63: =G58-G62 -> -677.44 | H63: =H58-H62 -> -677.44 | I63: =I58-I62 -> -677.44 | J63: =J58-J62 -> -677.44 | ... N63: =N58-N62 -> -677.44
B64: Règlement | C64: 15000 | D64: =C63 -> -5177.44 | E64: =D63 -> -677.44 | F64: =E63 -> -677.44 | G64: =F63 -> -677.44 | H64: =G63 -> -677.44 | I64: =H63 -> -677.44 | J64: =I63 -> -677.44 | K64: =J63 -> -677.44 | ... N64: =M63 -> -677.44 | O64: TVA à décaisser / dettes fiscales | P64: =N63 -> -677.44
B67: Budget de trésorerie N+1 | S67: Compte de résultat | V67: Bilan société Red au 31.12.N +1
C68: Janvier | D68: Février | E68: Mars | F68: Avril | G68: Mai | H68: Juin | I68: Juillet | J68: Août | K68: Septembre | L68: Octobre | M68: Novembre | N68: Décembre | O68: à reporter au bilan ou CDR | S68: Prestation de services | T68: =P5 -> 63648 | V68: Actif | W68: Brut | X68: Amort et Dep | Y68: Net | Z68: Passif | AA68: Net
O69: élément | P69: Montant | S69: Subvention d'exploitation | T69: 0 | V69: Immobilisations | W69: =SUM(W70:W73) -> 236500 | X69: =SUM(X70:X71) -> 49814.286 | Y69: =SUM(Y70:Y71) -> 186685.71 | Z69: Capitaux propres | AA69: =SUM(AA70:AA73) -> -363310.69
B70: Ventes | C70: ='Bilan et CDR N'!I14 -> 78000 | D70: =D8 -> 6364.8 | E70: =E8 -> 6364.8 | F70: =F8 -> 6364.8 | G70: =G8 -> 6364.8 | H70: =H8 -> 6364.8 | I70: =I8 -> 6364.8 | J70: =J8 -> 6364.8 | K70: =K8 -> 6364.8 | ... N70: =N8 -> 6364.8 | S70: Total produits d'exploitation | T70: =T68+T69 -> 63648 | V70: Installations techniques, matériel et out. ind | W70: ='Bilan et CDR N+1'!G7 -> 159000 | X70: ='Bilan et CDR N+1'!H7 -> 14072.43 | Y70: =W70-X70 -> 144927.57 | Z70: Capital | AA70: =50000+30000 -> 80000
B71: Autres créances | E71: =E9 -> 30000 | H71: 1500 | S71: Achats de MP | T71: =P14 -> 19094.4 | V71: Autres immobilisations corporelles | W71: ='Bilan et CDR N+1'!G8 -> 77500 | X71: ='Bilan et CDR N+1'!H8 -> 35741.856 | Y71: =W71-X71 -> 41758.144 | Z71: Réserve légale | AA71: 5000
B72: Encaissements des ventes | C72: =C71+C70 -> 78000 | D72: =D71+D70 -> 6364.8 | E72: =E71+E70 -> 36364.8 | F72: =F71+F70 -> 6364.8 | G72: =G71+G70 -> 6364.8 | H72: =H71+H70 -> 7864.8 | I72: =I71+I70 -> 6364.8 | J72: =J71+J70 -> 6364.8 | ... N72: =N71+N70 -> 6364.8 | S72: Autres achats et charges externes | T72: =P23 -> 85200 | Z72: Autres réserves et report à nouveau | AA72: ='Bilan et CDR N'!K9+'Bilan et CDR N'!K10 -> 41750
B73: Décaissements des achats | C73: =C17 -> 32909.44 | D73: =D17 -> 1909.44 | E73: =E17 -> 1909.44 | F73: =F17 -> 1909.44 | G73: =G17 -> 1909.44 | H73: =H17 -> 1909.44 | I73: =I17 -> 1909.44 | J73: =J17 -> 1909.44 | ... N73: =N17 -> 1909.44 | S73: Impots, taxes et versements assimilés | T73: =P39 -> 8200 | Z73: Résultat de l'exercice | AA73: =T85 -> -490060.69
B74: Autres dettes | C74: ='Bilan et CDR N'!$K$16/12 -> 375 | D74: ='Bilan et CDR N'!$K$16/12 -> 375 | E74: ='Bilan et CDR N'!$K$16/12 -> 375 | F74: ='Bilan et CDR N'!$K$16/12 -> 375 | G74: ='Bilan et CDR N'!$K$16/12 -> 375 | H74: ='Bilan et CDR N'!$K$16/12 -> 375 | I74: ='Bilan et CDR N'!$K$16/12 -> 375 | J74: ='Bilan et CDR N'!$K$16/12 -> 375 | ... N74: ='Bilan et CDR N'!$K$16/12 -> 375 | S74: Salaires et traitements | T74: =P31 -> 307500
B75: Salaires nets | C75: =C31 -> 25625 | D75: =D31 -> 25625 | E75: =E31 -> 25625 | F75: =F31 -> 25625 | G75: =G31 -> 25625 | H75: =H31 -> 25625 | I75: =I31 -> 25625 | J75: =J31 -> 25625 | ... N75: =N31 -> 25625 | S75: Charges sociales | T75: =P32 -> 123000 | V75: Actif circulant | W75: =SUM(W76:W78) -> -492123.84 | X75: =SUM(X76:X78) -> 0 | Y75: =SUM(Y76:Y78) -> -492123.84 | Z75: Dettes | AA75: =SUM(AA76:AA79) -> 69572.56
B76: Charges sociales | C76: =C33 -> 16000 | D76: =D33 -> 10250 | E76: =E33 -> 10250 | F76: =F33 -> 10250 | G76: =G33 -> 10250 | H76: =H33 -> 10250 | I76: =I33 -> 10250 | J76: =J33 -> 10250 | ... N76: =N33 -> 10250 | S76: Dotations d'exploitation | T76: =P29 -> 10714.286 | V76: Stock de matières premières | W76: 15000 | Y76: =W76-X76 -> 15000 | Z76: Emprunts et dettes auprès des établiss. de crédit | AA76: 60000
B77: Impôts et taxes | C77: =C40 -> 0 | D77: =D40 -> 0 | E77: =E40 -> 0 | F77: =F40 -> 0 | G77: =G40 -> 0 | H77: =H40 -> 0 | I77: =I40 -> 0 | J77: =J40 -> 0 | ... N77: =N40 -> 0 | S77: Total charges d'exploitation | T77: =SUM(T71:T76) -> 553708.69 | V77: Créances clients et comptes rattachés | W77: =P8 -> 6364.8 | Y77: =W77-X77 -> 6364.8 | Z77: Dettes fournisseurs et comptes rattachés | AA77: 0
B78: Décaissements CF | C78: =C26 -> 8520 | D78: =D26 -> 8520 | E78: =E26 -> 8520 | F78: =F26 -> 8520 | G78: =G26 -> 8520 | H78: =H26 -> 8520 | I78: =I26 -> 8520 | J78: =J26 -> 8520 | ... N78: =N26 -> 8520 | S78: Résultat d'exploitation | T78: =T70-T77 -> -490060.69 | V78: Disponibilités | W78: =N85 -> -513488.64 | Y78: =W78-X78 -> -513488.64 | Z78: Dettes fiscales et sociales (2) | AA78: =P33+P64 -> 9572.56
B79: Décaissements financiers | C79: =C43 -> 5350 | D79: =D43 -> 5350 | E79: =E43 -> 5350 | F79: =F43 -> 5350 | G79: =G43 -> 5350 | H79: =H43 -> 5350 | I79: =I43 -> 5350 | J79: =J43 -> 5350 | ... N79: =N43 -> 5350 | S79: Total produits financiers | T79: 0
B80: Décaissements investissements | C80: =C51 -> 27000 | D80: =D51 -> 0 | E80: =E51 -> 0 | F80: =F51 -> 0 | G80: =G51 -> 0 | H80: =H51 -> 0 | I80: =I51 -> 0 | J80: =J51 -> 0 | ... N80: =N51 -> 0 | S80: Intérêts et charges assimilées | T80: ='Budget Prev 3 années SANS PRECO'!W106 -> 0 | V80: TOTAL ACTIF | W80: =W69+W75 -> -255623.84 | X80: =X69 -> 49814.286 | Y80: =W80-X80 -> -305438.13 | Z80: TOTAL PASSIF | AA80: =AA69+AA75 -> -293738.13
B81: Décaissements TVA | C81: =C64 -> 15000 | D81: =D64 -> -5177.44 | E81: =E64 -> -677.44 | F81: =F64 -> -677.44 | G81: =G64 -> -677.44 | H81: =H64 -> -677.44 | I81: =I64 -> -677.44 | J81: =J64 -> -677.44 | ... N81: =N64 -> -677.44 | S81: Total charges financières | T81: =T80 -> 0 | Z81: ECART | AA81: =Y80-AA80 -> -11700
B82: Total décaissements | C82: =SUM(C73:C81) -> 130779.44 | D82: =SUM(D73:D81) -> 46852 | E82: =SUM(E73:E81) -> 51352 | F82: =SUM(F73:F81) -> 51352 | G82: =SUM(G73:G81) -> 51352 | H82: =SUM(H73:H81) -> 51352 | I82: =SUM(I73:I81) -> 51352 | J82: =SUM(J73:J81) -> 51352 | ... N82: =SUM(N73:N81) -> 51352 | S82: Résultat financier | T82: =T79-T81 -> 0
B83: Solde initial | C83: ='Bilan et CDR N'!I16 -> 6350 | D83: =C85 -> -46429.44 | E83: =D85 -> -86916.64 | F83: =E85 -> -101903.84 | G83: =F85 -> -146891.04 | H83: =G85 -> -191878.24 | I83: =H85 -> -235365.44 | J83: =I85 -> -280352.64 | K83: =J85 -> -325339.84 | ... N83: =M85 -> -468501.44 | S83: Résultat courant avant impôt | T83: =T78-(-T82) -> -490060.69
B84: Mouvement du mois | C84: =C72-C82 -> -52779.44 | D84: =D72-D82 -> -40487.2 | E84: =E72-E82 -> -14987.2 | F84: =F72-F82 -> -44987.2 | G84: =G72-G82 -> -44987.2 | H84: =H72-H82 -> -43487.2 | I84: =I72-I82 -> -44987.2 | J84: =J72-J82 -> -44987.2 | ... N84: =N72-N82 -> -44987.2 | S84: Résultat exceptionnel
B85: Solde final | C85: =C83+C84 -> -46429.44 | D85: =D83+D84 -> -86916.64 | E85: =E83+E84 -> -101903.84 | F85: =F83+F84 -> -146891.04 | G85: =G83+G84 -> -191878.24 | H85: =H83+H84 -> -235365.44 | I85: =I83+I84 -> -280352.64 | J85: =J83+J84 -> -325339.84 | ... N85: =N83+N84 -> -513488.64 | O85: Dispoonibilité | P85: =N85 -> -513488.64 | S85: Résultat net | T85: =T83 -> -490060.69
B89: N+2
B92: Budget de ventes N+2
C93: Janvier | D93: Février | E93: Mars | F93: Avril | G93: Mai | H93: Juin | I93: Juillet | J93: Août | K93: Septembre | L93: Octobre | M93: Novembre | N93: Décembre | O93: à reporter au bilan ou CDR
O94: élément | P94: Montant
B95: CA HT | C95: ='Bilan et CDR N+1'!$C$5*1.03/12 -> 5409.56 | D95: ='Bilan et CDR N+1'!$C$5*1.03/12 -> 5409.56 | E95: ='Bilan et CDR N+1'!$C$5*1.03/12 -> 5409.56 | F95: ='Bilan et CDR N+1'!$C$5*1.03/12 -> 5409.56 | G95: ='Bilan et CDR N+1'!$C$5*1.03/12 -> 5409.56 | H95: ='Bilan et CDR N+1'!$C$5*1.03/12 -> 5409.56 | I95: ='Bilan et CDR N+1'!$C$5*1.03/12 -> 5409.56 | J95: ='Bilan et CDR N+1'!$C$5*1.03/12 -> 5409.56 | ... N95: ='Bilan et CDR N+1'!$C$5*1.03/12 -> 5409.56 | O95: Prestation de services | P95: =SUM(C95:N95) -> 64914.72
B96: TVA collectée | C96: =C95*20% -> 1081.912 | D96: =D95*20% -> 1081.912 | E96: =E95*20% -> 1081.912 | F96: =F95*20% -> 1081.912 | G96: =G95*20% -> 1081.912 | H96: =H95*20% -> 1081.912 | I96: =I95*20% -> 1081.912 | J96: =J95*20% -> 1081.912 | ... N96: =N95*20% -> 1081.912
B97: CA TTC | C97: =C95+C96 -> 6491.472 | D97: =D95+D96 -> 6491.472 | E97: =E95+E96 -> 6491.472 | F97: =F95+F96 -> 6491.472 | G97: =G95+G96 -> 6491.472 | H97: =H95+H96 -> 6491.472 | I97: =I95+I96 -> 6491.472 | J97: =J95+J96 -> 6491.472 | ... N97: =N95+N96 -> 6491.472
B98: Règlement reçu | C98: =P8 -> 6364.8 | D98: =C97 -> 6491.472 | E98: =D97 -> 6491.472 | F98: =E97 -> 6491.472 | G98: =F97 -> 6491.472 | H98: =G97 -> 6491.472 | I98: =H97 -> 6491.472 | J98: =I97 -> 6491.472 | K98: =J97 -> 6491.472 | ... N98: =M97 -> 6491.472 | O98: Clients | P98: =N97 -> 6491.472
B101: Budget de achats N+2
C102: Janvier | D102: Février | E102: Mars | F102: Avril | G102: Mai | H102: Juin | I102: Juillet | J102: Août | K102: Septembre | L102: Octobre | M102: Novembre | N102: Décembre | O102: à reporter au bilan ou CDR
O103: élément | P103: Montant
B104: ACHATS HT | C104: =C95*32% -> 1731.0592 | D104: =D95*32% -> 1731.0592 | E104: =E95*32% -> 1731.0592 | F104: =F95*32% -> 1731.0592 | G104: =G95*32% -> 1731.0592 | H104: =H95*32% -> 1731.0592 | I104: =I95*32% -> 1731.0592 | J104: =J95*32% -> 1731.0592 | ... N104: =N95*32% -> 1731.0592 | O104: Achats | P104: =SUM(C104:N104) -> 20772.71
B105: TVA ded sur achats | C105: =C104*20% -> 346.21184 | D105: =D104*20% -> 346.21184 | E105: =E104*20% -> 346.21184 | F105: =F104*20% -> 346.21184 | G105: =G104*20% -> 346.21184 | H105: =H104*20% -> 346.21184 | I105: =I104*20% -> 346.21184 | J105: =J104*20% -> 346.21184 | ... N105: =N104*20% -> 346.21184
B106: Total achat TTC | C106: =C104+C105 -> 2077.271 | D106: =D104+D105 -> 2077.271 | E106: =E104+E105 -> 2077.271 | F106: =F104+F105 -> 2077.271 | G106: =G104+G105 -> 2077.271 | H106: =H104+H105 -> 2077.271 | I106: =I104+I105 -> 2077.271 | J106: =J104+J105 -> 2077.271 | ... N106: =N104+N105 -> 2077.271
B107: Règlement | C107: =C106 -> 2077.271 | D107: =D106 -> 2077.271 | E107: =E106 -> 2077.271 | F107: =F106 -> 2077.271 | G107: =G106 -> 2077.271 | H107: =H106 -> 2077.271 | I107: =I106 -> 2077.271 | J107: =J106 -> 2077.271 | ... N107: =N106 -> 2077.271 | O107: Fournisseurs | P107: 0
B110: Budget de prouduction N+1
C111: Janvier | D111: Février | E111: Mars | F111: Avril | G111: Mai | H111: Juin | I111: Juillet | J111: Août | K111: Septembre | L111: Octobre | M111: Novembre | N111: Décembre | O111: à reporter au bilan ou CDR
O112: élément | P112: Montant
B113: Coûts fixes HT | C113: 7100 | D113: 7100 | E113: 7100 | F113: 7100 | G113: 7100 | H113: 7100 | I113: 7100 | J113: 7100 | K113: 7100 | L113: 7100 | M113: 7100 | N113: 7100 | O113: Autres achats & charges externes | P113: =SUM(C113:N113) -> 85200
B114: TVA sur CF | C114: =C113*20% -> 1420 | D114: =D113*20% -> 1420 | E114: =E113*20% -> 1420 | F114: =F113*20% -> 1420 | G114: =G113*20% -> 1420 | H114: =H113*20% -> 1420 | I114: =I113*20% -> 1420 | J114: =J113*20% -> 1420 | ... N114: =N113*20% -> 1420
B115: Total TTC des CF hors amortissement | C115: =C113+C114 -> 8520 | D115: =D113+D114 -> 8520 | E115: =E113+E114 -> 8520 | F115: =F113+F114 -> 8520 | G115: =G113+G114 -> 8520 | H115: =H113+H114 -> 8520 | I115: =I113+I114 -> 8520 | J115: =J113+J114 -> 8520 | ... N115: =N113+N114 -> 8520
B116: Règlement | C116: =+C113+C114 -> 8520 | D116: =+D113+D114 -> 8520 | E116: =+E113+E114 -> 8520 | F116: =+F113+F114 -> 8520 | G116: =+G113+G114 -> 8520 | H116: =+H113+H114 -> 8520 | I116: =+I113+I114 -> 8520 | J116: =+J113+J114 -> 8520 | ... N116: =+N113+N114 -> 8520
...

Sheet Hypothèse | 2 ans
B1: N+1
B2: Budget de ventes N+1
C3: Janvier | D3: Février | E3: Mars | F3: Avril | G3: Mai | H3: Juin | I3: Juillet | J3: Août | K3: Septembre | L3: Octobre | M3: Novembre | N3: Décembre | O3: à reporter au bilan ou CDR
O4: élément | P4: Montant
B5: CA HT | C5: ='Bilan et CDR N'!$C$5*1.02/12 -> 5304 | D5: ='Bilan et CDR N'!$C$5*1.02/12 -> 5304 | E5: ='Bilan et CDR N'!$C$5*1.02/12 -> 5304 | F5: ='Bilan et CDR N'!$C$5*1.02/12 -> 5304 | G5: ='Bilan et CDR N'!$C$5*1.02/12 -> 5304 | H5: ='Bilan et CDR N'!$C$5*1.02/12 -> 5304 | I5: ='Bilan et CDR N'!$C$5*1.02/12 -> 5304 | J5: ='Bilan et CDR N'!$C$5*1.02/12 -> 5304 | ... N5: ='Bilan et CDR N'!$C$5*1.02/12 -> 5304 | O5: Prestation de services | P5: =SUM(C5:N5) -> 63648
B6: TVA collectée | C6: =C5*20% -> 1060.8 | D6: =D5*20% -> 1060.8 | E6: =E5*20% -> 1060.8 | F6: =F5*20% -> 1060.8 | G6: =G5*20% -> 1060.8 | H6: =H5*20% -> 1060.8 | I6: =I5*20% -> 1060.8 | J6: =J5*20% -> 1060.8 | ... N6: =N5*20% -> 1060.8
B7: CA TTC | C7: =C5+C6 -> 6364.8 | D7: =D5+D6 -> 6364.8 | E7: =E5+E6 -> 6364.8 | F7: =F5+F6 -> 6364.8 | G7: =G5+G6 -> 6364.8 | H7: =H5+H6 -> 6364.8 | I7: =I5+I6 -> 6364.8 | J7: =J5+J6 -> 6364.8 | ... N7: =N5+N6 -> 6364.8
B8: Règlement reçu | C8: ='Bilan et CDR N'!I14 -> 78000 | D8: =C7 -> 6364.8 | E8: =D7 -> 6364.8 | F8: =E7 -> 6364.8 | G8: =F7 -> 6364.8 | H8: =G7 -> 6364.8 | I8: =H7 -> 6364.8 | J8: =I7 -> 6364.8 | K8: =J7 -> 6364.8 | ... N8: =M7 -> 6364.8 | O8: Clients | P8: =N7 -> 6364.8
B9: Apport en capital | E9: 30000 | O9: Capital | P9: 30000
B11: Budget de achats N+1
C12: Janvier | D12: Février | E12: Mars | F12: Avril | G12: Mai | H12: Juin | I12: Juillet | J12: Août | K12: Septembre | L12: Octobre | M12: Novembre | N12: Décembre | O12: à reporter au bilan ou CDR
O13: élément | P13: Montant
B14: ACHATS HT | C14: =C5*30% -> 1591.2 | D14: =D5*30% -> 1591.2 | E14: =E5*30% -> 1591.2 | F14: =F5*30% -> 1591.2 | G14: =G5*30% -> 1591.2 | H14: =H5*30% -> 1591.2 | I14: =I5*30% -> 1591.2 | J14: =J5*30% -> 1591.2 | ... N14: =N5*30% -> 1591.2 | O14: Achats | P14: =SUM(C14:N14) -> 19094.4
B15: TVA ded sur achats | C15: =C14*20% -> 318.24 | D15: =D14*20% -> 318.24 | E15: =E14*20% -> 318.24 | F15: =F14*20% -> 318.24 | G15: =G14*20% -> 318.24 | H15: =H14*20% -> 318.24 | I15: =I14*20% -> 318.24 | J15: =J14*20% -> 318.24 | ... N15: =N14*20% -> 318.24
B16: Total achat TTC | C16: =C14+C15 -> 1909.44 | D16: =D14+D15 -> 1909.44 | E16: =E14+E15 -> 1909.44 | F16: =F14+F15 -> 1909.44 | G16: =G14+G15 -> 1909.44 | H16: =H14+H15 -> 1909.44 | I16: =I14+I15 -> 1909.44 | J16: =J14+J15 -> 1909.44 | ... N16: =N14+N15 -> 1909.44
B17: Règlement | C17: =C16+'Bilan et CDR N'!K14 -> 25409.44 | D17: =D16 -> 1909.44 | E17: =E16 -> 1909.44 | F17: =F16 -> 1909.44 | G17: =G16 -> 1909.44 | H17: =H16 -> 1909.44 | I17: =I16 -> 1909.44 | J17: =J16 -> 1909.44 | K17: =K16 -> 1909.44 | ... N17: =N16 -> 1909.44 | O17: Fournisseurs | P17: 0
B20: Budget de production N+1
C21: Janvier | D21: Février | E21: Mars | F21: Avril | G21: Mai | H21: Juin | I21: Juillet | J21: Août | K21: Septembre | L21: Octobre | M21: Novembre | N21: Décembre | O21: à reporter au bilan ou CDR
O22: élément | P22: Montant
B23: Coûts fixes HT | C23: 7100 | D23: 7100 | E23: 7100 | F23: 7100 | G23: 7100 | H23: 7100 | I23: 7100 | J23: 7100 | K23: 7100 | L23: 7100 | M23: 7100 | N23: 7100 | O23: Autres achats & charges externes | P23: =SUM(C23:N23) -> 85200
B24: TVA sur CF | C24: =C23*20% -> 1420 | D24: =D23*20% -> 1420 | E24: =E23*20% -> 1420 | F24: =F23*20% -> 1420 | G24: =G23*20% -> 1420 | H24: =H23*20% -> 1420 | I24: =I23*20% -> 1420 | J24: =J23*20% -> 1420 | ... N24: =N23*20% -> 1420
B25: Total TTC des CF hors amortissement | C25: =C23+C24 -> 8520 | D25: =D23+D24 -> 8520 | E25: =E23+E24 -> 8520 | F25: =F23+F24 -> 8520 | G25: =G23+G24 -> 8520 | H25: =H23+H24 -> 8520 | I25: =I23+I24 -> 8520 | J25: =J23+J24 -> 8520 | ... N25: =N23+N24 -> 8520
B26: Règlement | C26: =+C23+C24 -> 8520 | D26: =+D23+D24 -> 8520 | E26: =+E23+E24 -> 8520 | F26: =+F23+F24 -> 8520 | G26: =+G23+G24 -> 8520 | H26: =+H23+H24 -> 8520 | I26: =+I23+I24 -> 8520 | J26: =+J23+J24 -> 8520 | ... N26: =+N23+N24 -> 8520
B27: Amortissemements | N27: 7500
B28: Amortissement Véhicule de tourisme | N28: =P28 -> 3214.2857 | O28: Amortissement Véhicule de tourisme | P28: =Emprunt!K5 -> 3214.2857
B29: Total des amortissements | C29: =C27+C28 -> 0 | D29: =D27+D28 -> 0 | E29: =E27+E28 -> 0 | F29: =F27+F28 -> 0 | G29: =G27+G28 -> 0 | H29: =H27+H28 -> 0 | I29: =I27+I28 -> 0 | J29: =J27+J28 -> 0 | ... N29: =N27+N28 -> 10714.286 | O29: Dotations aux amortissements | P29: =SUM(C29:N29) -> 10714.286
B30: Salaire Net | C30: =307500/12 -> 25625 | D30: =307500/12 -> 25625 | E30: =307500/12 -> 25625 | F30: =307500/12 -> 25625 | G30: =307500/12 -> 25625 | H30: =307500/12 -> 25625 | I30: =307500/12 -> 25625 | J30: =307500/12 -> 25625 | ... N30: =307500/12 -> 25625
B31: Décaissement salaires nets | C31: =C30 -> 25625 | D31: =D30 -> 25625 | E31: =E30 -> 25625 | F31: =F30 -> 25625 | G31: =G30 -> 25625 | H31: =H30 -> 25625 | I31: =I30 -> 25625 | J31: =J30 -> 25625 | ... N31: =N30 -> 25625 | O31: Salaire | P31: =SUM(C31:N31) -> 307500
B32: Charges sociales | C32: =C30*0.4 -> 10250 | D32: =D30*0.4 -> 10250 | E32: =E30*0.4 -> 10250 | F32: =F30*0.4 -> 10250 | G32: =G30*0.4 -> 10250 | H32: =H30*0.4 -> 10250 | I32: =I30*0.4 -> 10250 | J32: =J30*0.4 -> 10250 | ... N32: =N30*0.4 -> 10250 | O32: Charges sociales | P32: =SUM(C32:N32) -> 123000
B33: Décaissement charges sociales | C33: 16000 | D33: =C32 -> 10250 | E33: =D32 -> 10250 | F33: =E32 -> 10250 | G33: =F32 -> 10250 | H33: =G32 -> 10250 | I33: =H32 -> 10250 | J33: =I32 -> 10250 | K33: =J32 -> 10250 | ... N33: =M32 -> 10250 | O33: Dette URSSAF | P33: =N32 -> 10250
B36: Budget des autres frais, de l'IS et de l'emprunt N+1
C37: Janvier | D37: Février | E37: Mars | F37: Avril | G37: Mai | H37: Juin | I37: Juillet | J37: Août | K37: Septembre | L37: Octobre | M37: Novembre | N37: Décembre | O37: à reporter au bilan ou CDR
O38: élément | P38: Montant
B39: Impôts et taxes | L39: 8200 | O39: Frais généraux / impôts et taxes | P39: =SUM(C39:N39) -> 8200
B40: Règlement frais généraux | L40: 8200
B41: Intérêts | C41: =$P$41/12 -> 350 | D41: =$P$41/12 -> 350 | E41: =$P$41/12 -> 350 | F41: =$P$41/12 -> 350 | G41: =$P$41/12 -> 350 | H41: =$P$41/12 -> 350 | I41: =$P$41/12 -> 350 | J41: =$P$41/12 -> 350 | ... N41: =$P$41/12 -> 350 | O41: Intérêts et charges assimilés | P41: =Informations!D26 -> 4200
B42: Remboursement de l'emprunt | C42: =$P$42/12 -> 5000 | D42: =$P$42/12 -> 5000 | E42: =$P$42/12 -> 5000 | F42: =$P$42/12 -> 5000 | G42: =$P$42/12 -> 5000 | H42: =$P$42/12 -> 5000 | I42: =$P$42/12 -> 5000 | J42: =$P$42/12 -> 5000 | ... N42: =$P$42/12 -> 5000 | O42: Emprunt | P42: =Informations!E26 -> 60000
B43: Remb emprunt avancé | C43: =Informations!$I31 -> 0 | D43: =Informations!$I31 -> 0 | E43: =Informations!$I31 -> 0 | F43: =Informations!$I31 -> 0 | G43: =Informations!$I31 -> 0 | H43: =Informations!$I31 -> 0 | I43: =Informations!$I31 -> 0 | J43: =Informations!$I31 -> 0 | ... N43: =Informations!$I31 -> 0 | O43: Nouvel emprunt | P43: =SUM(C43:N43) -> 0
B44: Règlement | C44: =C41+C42+C43 -> 5350 | D44: =D41+D42+D43 -> 5350 | E44: =E41+E42+E43 -> 5350 | F44: =F41+F42+F43 -> 5350 | G44: =G41+G42+G43 -> 5350 | H44: =H41+H42+H43 -> 5350 | I44: =I41+I42+I43 -> 5350 | J44: =J41+J42+J43 -> 5350 | ... N44: =N41+N42+N43 -> 5350
S46: Equilibrage de la trésorerie | T46: Janvier | U46: Février | V46: Mars | W46: Avril | X46: Mai | Y46: Juin | Z46: Juillet | AA46: Août | AB46: Septembre | AC46: Octobre | AD46: Novembre | AE46: Décembre
B47: Budget des investissements N+1
C48: Janvier | D48: Février | E48: Mars | F48: Avril | G48: Mai | H48: Juin | I48: Juillet | J48: Août | K48: Septembre | L48: Octobre | M48: Novembre | N48: Décembre | O48: à reporter au bilan ou CDR | S48: Encaissement des ventes | T48: =C73 -> 78000 | U48: =D73 -> 6364.8 | V48: =E73 -> 36364.8 | W48: =F73 -> 6364.8 | X48: =G73 -> 6364.8 | Y48: =H73 -> 7864.8 | Z48: =I73 -> 6364.8 | AA48: =J73 -> 6364.8 | ... AE48: =N73 -> 6364.8
O49: élément | P49: Montant | S49: Effets escoomptés
B50: Acquisitions HT | C50: =Emprunt!J4 -> 22500 | O50: Immobilisation | P50: =SUM(C50:N50) -> 22500 | S50: Effets remis à l'escompte
B51: TVA ded sur immo | C51: =C50*20% -> 4500 | S51: Découvert bancaire | T51: 61056 | U51: 1737 | AE51: 1062
B52: Total TTC | C52: =C50+C51 -> 27000 | S52: Somme totale des encaissements | T52: =T48+T51 -> 139056 | U52: =SUM(U48:U51) -> 8101.8 | V52: =SUM(V48:V51) -> 36364.8 | W52: =SUM(W48:W51) -> 6364.8 | X52: =SUM(X48:X51) -> 6364.8 | Y52: =SUM(Y48:Y51) -> 7864.8 | Z52: =SUM(Z48:Z51) -> 6364.8 | AA52: =SUM(AA48:AA51) -> 6364.8 | AB52: =SUM(AB48:AB51) -> 6364.8 | ... AE52: =SUM(AE48:AE51) -> 7426.8
B53: Règlement | C53: =C52 -> 27000 | O53: Fournisseurs Immo | P53: 0 | S53: Total décaissement hors agios | T53: =C83 -> 123279.44 | U53: =D83 -> 46852 | V53: =E83 -> 51352 | W53: =F83 -> 51352 | X53: =G83 -> 51352 | Y53: =H83 -> 51352 | Z53: =I83 -> 51352 | AA53: =J83 -> 51352 | ... AE53: =N83 -> 51352
S54: Agios | U54: =T51*0.07 -> 4273.92 | V54: =U51*0.07 -> 121.59 | W54: =V51*0.07 -> 0 | X54: =W51*0.07 -> 0 | Y54: =X51*0.07 -> 0 | Z54: =Y51*0.07 -> 0 | AA54: =Z51*0.07 -> 0 | AB54: =AA51*0.07 -> 0 | ... AE54: =AD51*0.07 -> 0
S55: Somme totale des décaissements | T55: =T53+T54 -> 123279.44 | U55: =U53+U54 -> 51125.92 | V55: =V53+V54 -> 51473.59 | W55: =W53+W54 -> 51352 | X55: =X53+X54 -> 51352 | Y55: =Y53+Y54 -> 51352 | Z55: =Z53+Z54 -> 51352 | AA55: =AA53+AA54 -> 51352 | ... AE55: =AE53+AE54 -> 51352
B56: Budget de TVA N+1 | S56: Solde initial | T56: =C84 -> 6350 | U56: =T58 -> 22126.56 | V56: =U58 -> -20897.56 | W56: =V58 -> -36006.35 | X56: =W58 -> -80993.55 | Y56: =X58 -> -125980.75 | Z56: =Y58 -> -169467.95 | AA56: =Z58 -> -214455.15 | AB56: =AA58 -> -259442.35 | ... AE56: =AD58 -> -402603.95
C57: Janvier | D57: Février | E57: Mars | F57: Avril | G57: Mai | H57: Juin | I57: Juillet | J57: Août | K57: Septembre | L57: Octobre | M57: Novembre | N57: Décembre | O57: à reporter au bilan ou CDR | S57: Mouvement du mois | T57: =T52-T55 -> 15776.56 | U57: =U52-U55 -> -43024.12 | V57: =V52-V55 -> -15108.79 | W57: =W52-W55 -> -44987.2 | X57: =X52-X55 -> -44987.2 | Y57: =Y52-Y55 -> -43487.2 | Z57: =Z52-Z55 -> -44987.2 | AA57: =AA52-AA55 -> -44987.2 | ... AE57: =AE52-AE55 -> -43925.2
O58: élément | P58: Montant | S58: Solde final | T58: =T56+T57 -> 22126.56 | U58: =U56+U57 -> -20897.56 | V58: =V56+V57 -> -36006.35 | W58: =W56+W57 -> -80993.55 | X58: =X56+X57 -> -125980.75 | Y58: =Y56+Y57 -> -169467.95 | Z58: =Z56+Z57 -> -214455.15 | AA58: =AA56+AA57 -> -259442.35 | ... AE58: =AE56+AE57 -> -446529.15
B59: TVA collectée | C59: =C6 -> 1060.8 | D59: =D6 -> 1060.8 | E59: =E6 -> 1060.8 | F59: =F6 -> 1060.8 | G59: =G6 -> 1060.8 | H59: =H6 -> 1060.8 | I59: =I6 -> 1060.8 | J59: =J6 -> 1060.8 | ... N59: =N6 -> 1060.8
B60: TVA ded sur achats | C60: =C15 -> 318.24 | D60: =D15 -> 318.24 | E60: =E15 -> 318.24 | F60: =F15 -> 318.24 | G60: =G15 -> 318.24 | H60: =H15 -> 318.24 | I60: =I15 -> 318.24 | J60: =J15 -> 318.24 | ... N60: =N15 -> 318.24
B61: TVA sur CF | C61: =C24 -> 1420 | D61: =D24 -> 1420 | E61: =E24 -> 1420 | F61: =F24 -> 1420 | G61: =G24 -> 1420 | H61: =H24 -> 1420 | I61: =I24 -> 1420 | J61: =J24 -> 1420 | ... N61: =N24 -> 1420
B62: TVA ded sur immo | C62: =C51 -> 4500 | D62: =D51 -> 0 | E62: =E51 -> 0 | F62: =F51 -> 0 | G62: =G51 -> 0 | H62: =H51 -> 0 | I62: =I51 -> 0 | J62: =J51 -> 0 | ... N62: =N51 -> 0
B63: Total TVA déductible | C63: =C60+C61+C62 -> 6238.24 | D63: =D60+D61+D62 -> 1738.24 | E63: =E60+E61+E62 -> 1738.24 | F63: =F60+F61+F62 -> 1738.24 | G63: =G60+G61+G62 -> 1738.24 | H63: =H60+H61+H62 -> 1738.24 | I63: =I60+I61+I62 -> 1738.24 | J63: =J60+J61+J62 -> 1738.24 | ... N63: =N60+N61+N62 -> 1738.24
B64: TVA à décaisser / crédit de TVA | C64: =C59-C63 -> -5177.44 | D64: =D59-D63 -> -677.44 | E64: =E59-E63 -> -677.44 | F64: =F59-F63 -> -677.44 | G64: =G59-G63 -> -677.44 | H64: =H59-H63 -> -677.44 | I64: =I59-I63 -> -677.44 | J64: =J59-J63 -> -677.44 | ... N64: =N59-N63 -> -677.44
B65: Règlement | C65: 15000 | D65: =C64 -> -5177.44 | E65: =D64 -> -677.44 | F65: =E64 -> -677.44 | G65: =F64 -> -677.44 | H65: =G64 -> -677.44 | I65: =H64 -> -677.44 | J65: =I64 -> -677.44 | K65: =J64 -> -677.44 | ... N65: =M64 -> -677.44 | O65: TVA à décaisser / dettes fiscales | P65: =N64 -> -677.44
B68: Budget de trésorerie N+1
C69: Janvier | D69: Février | E69: Mars | F69: Avril | G69: Mai | H69: Juin | I69: Juillet | J69: Août | K69: Septembre | L69: Octobre | M69: Novembre | N69: Décembre | O69: à reporter au bilan ou CDR | S69: Compte de résultat Société Red au 31.12.N+1 | V69: Bilan société Red au 31.12.N +1
O70: élément | P70: Montant | S70: Prestation de services | T70: =P5 -> 63648 | V70: Actif | W70: Brut | X70: Amort et Dep | Y70: Net | Z70: Passif | AA70: Net
B71: Ventes | C71: =C8 -> 78000 | D71: =D8 -> 6364.8 | E71: =E8 -> 6364.8 | F71: =F8 -> 6364.8 | G71: =G8 -> 6364.8 | H71: =H8 -> 6364.8 | I71: =I8 -> 6364.8 | J71: =J8 -> 6364.8 | ... N71: =N8 -> 6364.8 | S71: Subvention d'exploitation | T71: 0 | V71: Immobilisations | X71: =X73+X72 -> 49814.286 | Z71: Capitaux propres
B72: Autres créances | E72: =E9 -> 30000 | H72: 1500 | S72: Total produits d'exploitation | T72: =T70+T71 -> 63648 | V72: Installations techniques, matériel et out. ind | W72: ='Bilan et CDR N'!G7 -> 159000 | X72: ='Bilan et CDR N'!H7+P29*0.75 -> 16535.714 | Y72: =W72-X72 -> 142464.29 | Z72: Capital | AA72: ='Bilan et CDR N'!K7+'Hypothèse | 2 ans'!P9 -> 80000
B73: Encaissements des ventes | C73: =C72+C71 -> 78000 | D73: =D72+D71 -> 6364.8 | E73: =E72+E71 -> 36364.8 | F73: =F72+F71 -> 6364.8 | G73: =G72+G71 -> 6364.8 | H73: =H72+H71 -> 7864.8 | I73: =I72+I71 -> 6364.8 | J73: =J72+J71 -> 6364.8 | ... N73: =N72+N71 -> 6364.8 | S73: Achats de MP | T73: =P14 -> 19094.4 | V73: Autres immobilisations corporelles | W73: =P50+'Bilan et CDR N'!G8 -> 77500 | X73: ='Bilan et CDR N'!H8+P29*0.25 -> 33278.571 | Y73: =W73-X73 -> 44221.429 | Z73: Réserve légale | AA73: ='Bilan et CDR N'!K8 -> 5000
B74: Décaissements des achats | C74: =C17 -> 25409.44 | D74: =D17 -> 1909.44 | E74: =E17 -> 1909.44 | F74: =F17 -> 1909.44 | G74: =G17 -> 1909.44 | H74: =H17 -> 1909.44 | I74: =I17 -> 1909.44 | J74: =J17 -> 1909.44 | ... N74: =N17 -> 1909.44 | S74: Autres achats et charges externes | T74: =P23 -> 85200 | Z74: Autres réserves et report à nouveau | AA74: ='Bilan et CDR N'!K9+'Bilan et CDR N'!C23 -> 22728
B75: Autres dettes | C75: ='Bilan et CDR N'!$K$16/12 -> 375 | D75: ='Bilan et CDR N'!$K$16/12 -> 375 | E75: ='Bilan et CDR N'!$K$16/12 -> 375 | F75: ='Bilan et CDR N'!$K$16/12 -> 375 | G75: ='Bilan et CDR N'!$K$16/12 -> 375 | H75: ='Bilan et CDR N'!$K$16/12 -> 375 | I75: ='Bilan et CDR N'!$K$16/12 -> 375 | J75: ='Bilan et CDR N'!$K$16/12 -> 375 | ... N75: ='Bilan et CDR N'!$K$16/12 -> 375 | S75: Impots, taxes et versements assimilés | T75: =P39 -> 8200 | Z75: Résultat de l'exercice | AA75: =T87 -> -498656.2
B76: Salaires nets | C76: =C31 -> 25625 | D76: =D31 -> 25625 | E76: =E31 -> 25625 | F76: =F31 -> 25625 | G76: =G31 -> 25625 | H76: =H31 -> 25625 | I76: =I31 -> 25625 | J76: =J31 -> 25625 | ... N76: =N31 -> 25625 | S76: Salaires et traitements | T76: =P31 -> 307500
B77: Charges sociales | C77: =C33 -> 16000 | D77: =D33 -> 10250 | E77: =E33 -> 10250 | F77: =F33 -> 10250 | G77: =G33 -> 10250 | H77: =H33 -> 10250 | I77: =I33 -> 10250 | J77: =J33 -> 10250 | ... N77: =N33 -> 10250 | S77: Charges sociales | T77: =P32 -> 123000 | V77: Actif circulant | Z77: Dettes
B78: Impôts et taxes | C78: =C40 -> 0 | D78: =D40 -> 0 | E78: =E40 -> 0 | F78: =F40 -> 0 | G78: =G40 -> 0 | H78: =H40 -> 0 | I78: =I40 -> 0 | J78: =J40 -> 0 | ... N78: =N40 -> 0 | S78: Dotations d'exploitation | T78: =P29 -> 10714.286 | V78: Stock de matières premières | W78: ='Bilan et CDR N'!G13 -> 15000 | Y78: =W78 -> 15000 | Z78: Emprunts et dettes auprès des établiss. de crédit | AA78: ='Bilan et CDR N'!K13-P42 -> 60000
B79: Décaissements CF | C79: =C26 -> 8520 | D79: =D26 -> 8520 | E79: =E26 -> 8520 | F79: =F26 -> 8520 | G79: =G26 -> 8520 | H79: =H26 -> 8520 | I79: =I26 -> 8520 | J79: =J26 -> 8520 | ... N79: =N26 -> 8520 | S79: Total charges d'exploitation | T79: =SUM(T73:T78) -> 553708.69 | V79: Créances clients et comptes rattachés | W79: =P8 -> 6364.8 | Y79: =W79 -> 6364.8 | Z79: Dettes fournisseurs et comptes rattachés | AA79: =P17 -> 0
B80: Décaissements financiers | C80: =C44 -> 5350 | D80: =D44 -> 5350 | E80: =E44 -> 5350 | F80: =F44 -> 5350 | G80: =G44 -> 5350 | H80: =H44 -> 5350 | I80: =I44 -> 5350 | J80: =J44 -> 5350 | ... N80: =N44 -> 5350 | S80: Résultat d'exploitation | T80: =T72-T79 -> -490060.69 | V80: Disponibilités | W80: =AE58 -> -446529.15 | Y80: =W80 -> -446529.15 | Z80: Dettes fiscales et sociales (2) | AA80: =P65+P33 -> 9572.56
B81: Décaissements investissements | C81: =C52 -> 27000 | D81: =D52 -> 0 | E81: =E52 -> 0 | F81: =F52 -> 0 | G81: =G52 -> 0 | H81: =H52 -> 0 | I81: =I52 -> 0 | J81: =J52 -> 0 | ... N81: =N52 -> 0 | S81: Total produits financiers | T81: 0 | Z81: CBC | AA81: =SUM(T51:AE51) -> 63855
B82: Décaissements TVA | C82: =C65 -> 15000 | D82: =D65 -> -5177.44 | E82: =E65 -> -677.44 | F82: =F65 -> -677.44 | G82: =G65 -> -677.44 | H82: =H65 -> -677.44 | I82: =I65 -> -677.44 | J82: =J65 -> -677.44 | ... N82: =N65 -> -677.44 | S82: Intérêts et charges assimilées | T82: =P41+SUM(T54:AE54) -> 8595.51 | V82: TOTAL ACTIF | W82: =SUM(W72:W80) -> -188664.35 | Y82: =SUM(Y72:Y81) -> -238478.64 | Z82: TOTAL PASSIF | AA82: =SUM(AA72:AA81) -> -257500.64
B83: Total décaissements | C83: =SUM(C74:C82) -> 123279.44 | D83: =SUM(D74:D82) -> 46852 | E83: =SUM(E74:E82) -> 51352 | F83: =SUM(F74:F82) -> 51352 | G83: =SUM(G74:G82) -> 51352 | H83: =SUM(H74:H82) -> 51352 | I83: =SUM(I74:I82) -> 51352 | J83: =SUM(J74:J82) -> 51352 | ... N83: =SUM(N74:N82) -> 51352 | S83: Total charges financières | T83: =T82 -> 8595.51 | Z83: ECART | AA83: =Y82-AA82 -> 19022
B84: Solde initial | C84: ='Bilan et CDR N'!I16 -> 6350 | D84: =C86 -> -38929.44 | E84: =D86 -> -79416.64 | F84: =E86 -> -94403.84 | G84: =F86 -> -139391.04 | H84: =G86 -> -184378.24 | I84: =H86 -> -227865.44 | J84: =I86 -> -272852.64 | K84: =J86 -> -317839.84 | ... N84: =M86 -> -461001.44 | S84: Résultat financier | T84: =T81-T83 -> -8595.51
B85: Mouvement du mois | C85: =C73-C83 -> -45279.44 | D85: =D73-D83 -> -40487.2 | E85: =E73-E83 -> -14987.2 | F85: =F73-F83 -> -44987.2 | G85: =G73-G83 -> -44987.2 | H85: =H73-H83 -> -43487.2 | I85: =I73-I83 -> -44987.2 | J85: =J73-J83 -> -44987.2 | ... N85: =N73-N83 -> -44987.2 | S85: Résultat courant avant impôt | T85: =T80-(-T84) -> -498656.2
B86: Solde final | C86: =C84+C85 -> -38929.44 | D86: =D84+D85 -> -79416.64 | E86: =E84+E85 -> -94403.84 | F86: =F84+F85 -> -139391.04 | G86: =G84+G85 -> -184378.24 | H86: =H84+H85 -> -227865.44 | I86: =I84+I85 -> -272852.64 | J86: =J84+J85 -> -317839.84 | ... N86: =N84+N85 -> -505988.64 | O86: Disponibilité | P86: =N86 -> -505988.64 | S86: Résultat exceptionnel
S87: Résultat net | T87: =T85 -> -498656.2
B90: N+2
B93: Budget de ventes N+2
C94: Janvier | D94: Février | E94: Mars | F94: Avril | G94: Mai | H94: Juin | I94: Juillet | J94: Août | K94: Septembre | L94: Octobre | M94: Novembre | N94: Décembre | O94: à reporter au bilan ou CDR
O95: élément | P95: Montant
B96: CA HT | C96: =$P$5*1.03/12 -> 5463.12 | D96: =$P$5*1.03/12 -> 5463.12 | E96: =$P$5*1.03/12 -> 5463.12 | F96: =$P$5*1.03/12 -> 5463.12 | G96: =$P$5*1.03/12 -> 5463.12 | H96: =$P$5*1.03/12 -> 5463.12 | I96: =$P$5*1.03/12 -> 5463.12 | J96: =$P$5*1.03/12 -> 5463.12 | ... N96: =$P$5*1.03/12 -> 5463.12 | O96: Prestation de services | P96: =SUM(C96:N96) -> 65557.44
B97: TVA collectée | C97: =C96*20% -> 1092.624 | D97: =D96*20% -> 1092.624 | E97: =E96*20% -> 1092.624 | F97: =F96*20% -> 1092.624 | G97: =G96*20% -> 1092.624 | H97: =H96*20% -> 1092.624 | I97: =I96*20% -> 1092.624 | J97: =J96*20% -> 1092.624 | ... N97: =N96*20% -> 1092.624
B98: CA TTC | C98: =C96+C97 -> 6555.744 | D98: =D96+D97 -> 6555.744 | E98: =E96+E97 -> 6555.744 | F98: =F96+F97 -> 6555.744 | G98: =G96+G97 -> 6555.744 | H98: =H96+H97 -> 6555.744 | I98: =I96+I97 -> 6555.744 | J98: =J96+J97 -> 6555.744 | ... N98: =N96+N97 -> 6555.744
B99: Règlement reçu | C99: =P8 -> 6364.8 | D99: =C98 -> 6555.744 | E99: =D98 -> 6555.744 | F99: =E98 -> 6555.744 | G99: =F98 -> 6555.744 | H99: =G98 -> 6555.744 | I99: =H98 -> 6555.744 | J99: =I98 -> 6555.744 | K99: =J98 -> 6555.744 | ... N99: =M98 -> 6555.744 | O99: Clients | P99: =N98 -> 6555.744
B102: Budget de achats N+2
C103: Janvier | D103: Février | E103: Mars | F103: Avril | G103: Mai | H103: Juin | I103: Juillet | J103: Août | K103: Septembre | L103: Octobre | M103: Novembre | N103: Décembre | O103: à reporter au bilan ou CDR
O104: élément | P104: Montant
B105: ACHATS HT | C105: =C96*32% -> 1748.1984 | D105: =D96*32% -> 1748.1984 | E105: =E96*32% -> 1748.1984 | F105: =F96*32% -> 1748.1984 | G105: =G96*32% -> 1748.1984 | H105: =H96*32% -> 1748.1984 | I105: =I96*32% -> 1748.1984 | J105: =J96*32% -> 1748.1984 | ... N105: =N96*32% -> 1748.1984 | O105: Achats | P105: =SUM(C105:N105) -> 20978.381
B106: TVA ded sur achats | C106: =C105*20% -> 349.63968 | D106: =D105*20% -> 349.63968 | E106: =E105*20% -> 349.63968 | F106: =F105*20% -> 349.63968 | G106: =G105*20% -> 349.63968 | H106: =H105*20% -> 349.63968 | I106: =I105*20% -> 349.63968 | J106: =J105*20% -> 349.63968 | ... N106: =N105*20% -> 349.63968
B107: Total achat TTC | C107: =C105+C106 -> 2097.8381 | D107: =D105+D106 -> 2097.8381 | E107: =E105+E106 -> 2097.8381 | F107: =F105+F106 -> 2097.8381 | G107: =G105+G106 -> 2097.8381 | H107: =H105+H106 -> 2097.8381 | I107: =I105+I106 -> 2097.8381 | J107: =J105+J106 -> 2097.8381 | ... N107: =N105+N106 -> 2097.8381
B108: Règlement | C108: =C107 -> 2097.8381 | D108: =D107 -> 2097.8381 | E108: =E107 -> 2097.8381 | F108: =F107 -> 2097.8381 | G108: =G107 -> 2097.8381 | H108: =H107 -> 2097.8381 | I108: =I107 -> 2097.8381 | J108: =J107 -> 2097.8381 | ... N108: =N107 -> 2097.8381 | O108: Fournisseurs | P108: 0
B111: Budget de prouduction N+2
C112: Janvier | D112: Février | E112: Mars | F112: Avril | G112: Mai | H112: Juin | I112: Juillet | J112: Août | K112: Septembre | L112: Octobre | M112: Novembre | N112: Décembre | O112: à reporter au bilan ou CDR
O113: élément | P113: Montant
B114: Coûts fixes HT | C114: 7100 | D114: 7100 | E114: 7100 | F114: 7100 | G114: 7100 | H114: 7100 | I114: 7100 | J114: 7100 | K114: 7100 | L114: 7100 | M114: 7100 | N114: 7100 | O114: Autres achats & charges externes | P114: =SUM(C114:N114) -> 85200
B115: TVA sur CF | C115: =C114*20% -> 1420 | D115: =D114*20% -> 1420 | E115: =E114*20% -> 1420 | F115: =F114*20% -> 1420 | G115: =G114*20% -> 1420 | H115: =H114*20% -> 1420 | I115: =I114*20% -> 1420 | J115: =J114*20% -> 1420 | ... N115: =N114*20% -> 1420
B116: Total TTC des CF hors amortissement | C116: =C114+C115 -> 8520 | D116: =D114+D115 -> 8520 | E116: =E114+E115 -> 8520 | F116: =F114+F115 -> 8520 | G116: =G114+G115 -> 8520 | H116: =H114+H115 -> 8520 | I116: =I114+I115 -> 8520 | J116: =J114+J115 -> 8520 | ... N116: =N114+N115 -> 8520
...

Sheet Hyp | 2 ans + Crédit Bail
B1: N+1
B2: Budget de ventes N+1
C3: Janvier | D3: Février | E3: Mars | F3: Avril | G3: Mai | H3: Juin | I3: Juillet | J3: Août | K3: Septembre | L3: Octobre | M3: Novembre | N3: Décembre | O3: à reporter au bilan ou CDR
O4: élément | P4: Montant
B5: CA HT | C5: ='Bilan et CDR N'!$C$5*1.02/12 -> 5304 | D5: ='Bilan et CDR N'!$C$5*1.02/12 -> 5304 | E5: ='Bilan et CDR N'!$C$5*1.02/12 -> 5304 | F5: ='Bilan et CDR N'!$C$5*1.02/12 -> 5304 | G5: ='Bilan et CDR N'!$C$5*1.02/12 -> 5304 | H5: ='Bilan et CDR N'!$C$5*1.02/12 -> 5304 | I5: ='Bilan et CDR N'!$C$5*1.02/12 -> 5304 | J5: ='Bilan et CDR N'!$C$5*1.02/12 -> 5304 | ... N5: ='Bilan et CDR N'!$C$5*1.02/12 -> 5304 | O5: Prestation de services | P5: =SUM(C5:N5) -> 63648
B6: TVA collectée | C6: =C5*20% -> 1060.8 | D6: =D5*20% -> 1060.8 | E6: =E5*20% -> 1060.8 | F6: =F5*20% -> 1060.8 | G6: =G5*20% -> 1060.8 | H6: =H5*20% -> 1060.8 | I6: =I5*20% -> 1060.8 | J6: =J5*20% -> 1060.8 | ... N6: =N5*20% -> 1060.8
B7: CA TTC | C7: =C5+C6 -> 6364.8 | D7: =D5+D6 -> 6364.8 | E7: =E5+E6 -> 6364.8 | F7: =F5+F6 -> 6364.8 | G7: =G5+G6 -> 6364.8 | H7: =H5+H6 -> 6364.8 | I7: =I5+I6 -> 6364.8 | J7: =J5+J6 -> 6364.8 | ... N7: =N5+N6 -> 6364.8
B8: Règlement reçu | C8: ='Bilan et CDR N'!I14 -> 78000 | D8: =C7 -> 6364.8 | E8: =D7 -> 6364.8 | F8: =E7 -> 6364.8 | G8: =F7 -> 6364.8 | H8: =G7 -> 6364.8 | I8: =H7 -> 6364.8 | J8: =I7 -> 6364.8 | K8: =J7 -> 6364.8 | ... N8: =M7 -> 6364.8 | O8: Clients | P8: =N7 -> 6364.8
B9: Apport en capital | E9: 30000 | O9: Capital | P9: 30000
B11: Budget de achats N+1
C12: Janvier | D12: Février | E12: Mars | F12: Avril | G12: Mai | H12: Juin | I12: Juillet | J12: Août | K12: Septembre | L12: Octobre | M12: Novembre | N12: Décembre | O12: à reporter au bilan ou CDR
O13: élément | P13: Montant
B14: ACHATS HT | C14: =C5*30% -> 1591.2 | D14: =D5*30% -> 1591.2 | E14: =E5*30% -> 1591.2 | F14: =F5*30% -> 1591.2 | G14: =G5*30% -> 1591.2 | H14: =H5*30% -> 1591.2 | I14: =I5*30% -> 1591.2 | J14: =J5*30% -> 1591.2 | ... N14: =N5*30% -> 1591.2 | O14: Achats | P14: =SUM(C14:N14) -> 19094.4
B15: TVA ded sur achats | C15: =C14*20% -> 318.24 | D15: =D14*20% -> 318.24 | E15: =E14*20% -> 318.24 | F15: =F14*20% -> 318.24 | G15: =G14*20% -> 318.24 | H15: =H14*20% -> 318.24 | I15: =I14*20% -> 318.24 | J15: =J14*20% -> 318.24 | ... N15: =N14*20% -> 318.24
B16: Total achat TTC | C16: =C14+C15 -> 1909.44 | D16: =D14+D15 -> 1909.44 | E16: =E14+E15 -> 1909.44 | F16: =F14+F15 -> 1909.44 | G16: =G14+G15 -> 1909.44 | H16: =H14+H15 -> 1909.44 | I16: =I14+I15 -> 1909.44 | J16: =J14+J15 -> 1909.44 | ... N16: =N14+N15 -> 1909.44
B17: Règlement | C17: =C16+'Bilan et CDR N'!K14 -> 25409.44 | D17: =D16 -> 1909.44 | E17: =E16 -> 1909.44 | F17: =F16 -> 1909.44 | G17: =G16 -> 1909.44 | H17: =H16 -> 1909.44 | I17: =I16 -> 1909.44 | J17: =J16 -> 1909.44 | K17: =K16 -> 1909.44 | ... N17: =N16 -> 1909.44 | O17: Fournisseurs | P17: 0
B20: Budget de production N+1
C21: Janvier | D21: Février | E21: Mars | F21: Avril | G21: Mai | H21: Juin | I21: Juillet | J21: Août | K21: Septembre | L21: Octobre | M21: Novembre | N21: Décembre | O21: à reporter au bilan ou CDR
O22: élément | P22: Montant
B23: Coûts fixes HT | C23: 7100 | D23: 7100 | E23: 7100 | F23: 7100 | G23: 7100 | H23: 7100 | I23: 7100 | J23: 7100 | K23: 7100 | L23: 7100 | M23: 7100 | N23: 7100 | O23: Autres achats & charges externes | P23: =SUM(C23:N23) -> 85200
B24: TVA sur CF | C24: =C23*20% -> 1420 | D24: =D23*20% -> 1420 | E24: =E23*20% -> 1420 | F24: =F23*20% -> 1420 | G24: =G23*20% -> 1420 | H24: =H23*20% -> 1420 | I24: =I23*20% -> 1420 | J24: =J23*20% -> 1420 | ... N24: =N23*20% -> 1420
B25: Loyer Crédit bail véhicule de tourisme | C25: =$P$25/12 -> 308.03571 | D25: =$P$25/12 -> 308.03571 | E25: =$P$25/12 -> 308.03571 | F25: =$P$25/12 -> 308.03571 | G25: =$P$25/12 -> 308.03571 | H25: =$P$25/12 -> 308.03571 | I25: =$P$25/12 -> 308.03571 | J25: =$P$25/12 -> 308.03571 | ... N25: =$P$25/12 -> 308.03571 | O25: Crédit bail véhicule tourisme | P25: =Emprunt!S4 -> 3696.4286
B26: TVA sur crédit bail | C26: =C25*0.2 -> 61.607143 | D26: =D25*0.2 -> 61.607143 | E26: =E25*0.2 -> 61.607143 | F26: =F25*0.2 -> 61.607143 | G26: =G25*0.2 -> 61.607143 | H26: =H25*0.2 -> 61.607143 | I26: =I25*0.2 -> 61.607143 | J26: =J25*0.2 -> 61.607143 | ... N26: =N25*0.2 -> 61.607143
B27: Total TTC des CF hors amortissement | C27: =SUM(C23:C26) -> 8889.6429 | D27: =SUM(D23:D26) -> 8889.6429 | E27: =SUM(E23:E26) -> 8889.6429 | F27: =SUM(F23:F26) -> 8889.6429 | G27: =SUM(G23:G26) -> 8889.6429 | H27: =SUM(H23:H26) -> 8889.6429 | I27: =SUM(I23:I26) -> 8889.6429 | J27: =SUM(J23:J26) -> 8889.6429 | ... N27: =SUM(N23:N26) -> 8889.6429
B28: Règlement | C28: =C27 -> 8889.6429 | D28: =D27 -> 8889.6429 | E28: =E27 -> 8889.6429 | F28: =F27 -> 8889.6429 | G28: =G27 -> 8889.6429 | H28: =H27 -> 8889.6429 | I28: =I27 -> 8889.6429 | J28: =J27 -> 8889.6429 | ... N28: =N27 -> 8889.6429
B29: Amortissemements | N29: 7500
B30: Nouvel amortissement
B31: Total des amortissements | C31: =C29+C30 -> 0 | D31: =D29+D30 -> 0 | E31: =E29+E30 -> 0 | F31: =F29+F30 -> 0 | G31: =G29+G30 -> 0 | H31: =H29+H30 -> 0 | I31: =I29+I30 -> 0 | J31: =J29+J30 -> 0 | ... N31: =N29+N30 -> 7500 | O31: Dotations aux amortissements | P31: =SUM(C31:N31) -> 7500
B32: Salaire Net | C32: =307500/12 -> 25625 | D32: =307500/12 -> 25625 | E32: =307500/12 -> 25625 | F32: =307500/12 -> 25625 | G32: =307500/12 -> 25625 | H32: =307500/12 -> 25625 | I32: =307500/12 -> 25625 | J32: =307500/12 -> 25625 | ... N32: =307500/12 -> 25625
B33: Décaissement salaires nets | C33: =C32 -> 25625 | D33: =D32 -> 25625 | E33: =E32 -> 25625 | F33: =F32 -> 25625 | G33: =G32 -> 25625 | H33: =H32 -> 25625 | I33: =I32 -> 25625 | J33: =J32 -> 25625 | ... N33: =N32 -> 25625 | O33: Salaire | P33: =SUM(C33:N33) -> 307500
B34: Charges sociales | C34: =C32*0.4 -> 10250 | D34: =D32*0.4 -> 10250 | E34: =E32*0.4 -> 10250 | F34: =F32*0.4 -> 10250 | G34: =G32*0.4 -> 10250 | H34: =H32*0.4 -> 10250 | I34: =I32*0.4 -> 10250 | J34: =J32*0.4 -> 10250 | ... N34: =N32*0.4 -> 10250 | O34: Charges sociales | P34: =SUM(C34:N34) -> 123000
B35: Décaissement charges sociales | C35: 16000 | D35: =C34 -> 10250 | E35: =D34 -> 10250 | F35: =E34 -> 10250 | G35: =F34 -> 10250 | H35: =G34 -> 10250 | I35: =H34 -> 10250 | J35: =I34 -> 10250 | K35: =J34 -> 10250 | ... N35: =M34 -> 10250 | O35: Dette URSSAF | P35: =N34 -> 10250
B38: Budget des autres frais, de l'IS et de l'emprunt N+1
C39: Janvier | D39: Février | E39: Mars | F39: Avril | G39: Mai | H39: Juin | I39: Juillet | J39: Août | K39: Septembre | L39: Octobre | M39: Novembre | N39: Décembre | O39: à reporter au bilan ou CDR
O40: élément | P40: Montant
B41: Impôts et taxes | L41: 8200 | O41: Frais généraux / impôts et taxes | P41: =SUM(C41:N41) -> 8200
B42: Règlement frais généraux | L42: 8200
B43: Intérêts | C43: =$P$43/12 -> 350 | D43: =$P$43/12 -> 350 | E43: =$P$43/12 -> 350 | F43: =$P$43/12 -> 350 | G43: =$P$43/12 -> 350 | H43: =$P$43/12 -> 350 | I43: =$P$43/12 -> 350 | J43: =$P$43/12 -> 350 | ... N43: =$P$43/12 -> 350 | O43: Intérêts et charges assimilés | P43: =Informations!D26 -> 4200
B44: Remboursement de l'emprunt | C44: =$P$44/12 -> 5000 | D44: =$P$44/12 -> 5000 | E44: =$P$44/12 -> 5000 | F44: =$P$44/12 -> 5000 | G44: =$P$44/12 -> 5000 | H44: =$P$44/12 -> 5000 | I44: =$P$44/12 -> 5000 | J44: =$P$44/12 -> 5000 | ... N44: =$P$44/12 -> 5000 | O44: Emprunt | P44: =Informations!E26 -> 60000
B45: Remb emprunt avancé | C45: =Informations!$I31 -> 0 | D45: =Informations!$I31 -> 0 | E45: =Informations!$I31 -> 0 | F45: =Informations!$I31 -> 0 | G45: =Informations!$I31 -> 0 | H45: =Informations!$I31 -> 0 | I45: =Informations!$I31 -> 0 | J45: =Informations!$I31 -> 0 | ... N45: =Informations!$I31 -> 0 | O45: Nvx emprunt | P45: =SUM(C45:N45) -> 0
B46: Règlement | C46: =C43+C44+C45 -> 5350 | D46: =D43+D44+D45 -> 5350 | E46: =E43+E44+E45 -> 5350 | F46: =F43+F44+F45 -> 5350 | G46: =G43+G44+G45 -> 5350 | H46: =H43+H44+H45 -> 5350 | I46: =I43+I44+I45 -> 5350 | J46: =J43+J44+J45 -> 5350 | ... N46: =N43+N44+N45 -> 5350
S48: Equilibrage de la trésorerie | T48: Janvier | U48: Février | V48: Mars | W48: Avril | X48: Mai | Y48: Juin | Z48: Juillet | AA48: Août | AB48: Septembre | AC48: Octobre | AD48: Novembre | AE48: Décembre
B49: Budget des investissements N+1
C50: Janvier | D50: Février | E50: Mars | F50: Avril | G50: Mai | H50: Juin | I50: Juillet | J50: Août | K50: Septembre | L50: Octobre | M50: Novembre | N50: Décembre | O50: à reporter au bilan ou CDR | S50: Encaissement des ventes | T50: =C75 -> 78000 | U50: =D75 -> 6364.8 | V50: =E75 -> 36364.8 | W50: =F75 -> 6364.8 | X50: =G75 -> 6364.8 | Y50: =H75 -> 7864.8 | Z50: =I75 -> 6364.8 | AA50: =J75 -> 6364.8 | ... AE50: =N75 -> 6364.8
O51: élément | P51: Montant | S51: Effets escoomptés
B52: Acquisitions HT | O52: Immo | P52: =SUM(C52:N52) -> 0 | S52: Effets remis à l'escompte
B53: TVA ded sur immo | C53: =C52*20% -> 0 | S53: Découvert bancaire | T53: 34426 | U53: 4681 | AD53: 1619 | AE53: 2842
B54: Total TTC | C54: =C52+C53 -> 0 | S54: Somme totale des encaissements | T54: =T50+T53 -> 112426 | U54: =SUM(U50:U53) -> 11045.8 | V54: =SUM(V50:V53) -> 36364.8 | W54: =SUM(W50:W53) -> 6364.8 | X54: =SUM(X50:X53) -> 6364.8 | Y54: =SUM(Y50:Y53) -> 7864.8 | Z54: =SUM(Z50:Z53) -> 6364.8 | AA54: =SUM(AA50:AA53) -> 6364.8 | AB54: =SUM(AB50:AB53) -> 6364.8 | ... AE54: =SUM(AE50:AE53) -> 9206.8
B55: Règlement | C55: =C54 -> 0 | O55: Fournisseurs Immo | P55: 0 | S55: Total décaissement hors agios | T55: =C85 -> 96649.083 | U55: =D85 -> 51660.036 | V55: =E85 -> 51660.036 | W55: =F85 -> 51660.036 | X55: =G85 -> 51660.036 | Y55: =H85 -> 51660.036 | Z55: =I85 -> 51660.036 | AA55: =J85 -> 51660.036 | ... AE55: =N85 -> 51660.036
S56: Agios | U56: =T53*0.07 -> 2409.82 | V56: =U53*0.07 -> 327.67 | W56: =V53*0.07 -> 0 | X56: =W53*0.07 -> 0 | Y56: =X53*0.07 -> 0 | Z56: =Y53*0.07 -> 0 | AA56: =Z53*0.07 -> 0 | AB56: =AA53*0.07 -> 0 | ... AE56: =AD53*0.07 -> 113.33
S57: Somme totale des décaissements | T57: =T55+T56 -> 96649.083 | U57: =U55+U56 -> 54069.856 | V57: =V55+V56 -> 51987.706 | W57: =W55+W56 -> 51660.036 | X57: =X55+X56 -> 51660.036 | Y57: =Y55+Y56 -> 51660.036 | Z57: =Z55+Z56 -> 51660.036 | AA57: =AA55+AA56 -> 51660.036 | ... AE57: =AE55+AE56 -> 51773.366
B58: Budget de TVA N+1 | S58: Solde initial | T58: =C86 -> 6350 | U58: =T60 -> 22126.917 | V58: =U60 -> -20897.139 | W58: =V60 -> -36520.044 | X58: =W60 -> -81815.28 | Y58: =X60 -> -127110.52 | Z58: =Y60 -> -170905.75 | AA58: =Z60 -> -216200.99 | AB58: =AA60 -> -261496.22 | ... AE58: =AD60 -> -403962.93
C59: Janvier | D59: Février | E59: Mars | F59: Avril | G59: Mai | H59: Juin | I59: Juillet | J59: Août | K59: Septembre | L59: Octobre | M59: Novembre | N59: Décembre | O59: à reporter au bilan ou CDR | S59: Mouvement du mois | T59: =T54-T57 -> 15776.917 | U59: =U54-U57 -> -43024.056 | V59: =V54-V57 -> -15622.906 | W59: =W54-W57 -> -45295.236 | X59: =X54-X57 -> -45295.236 | Y59: =Y54-Y57 -> -43795.236 | Z59: =Z54-Z57 -> -45295.236 | AA59: =AA54-AA57 -> -45295.236 | ... AE59: =AE54-AE57 -> -42566.566
O60: élément | P60: Montant | S60: Solde final | T60: =T58+T59 -> 22126.917 | U60: =U58+U59 -> -20897.139 | V60: =V58+V59 -> -36520.044 | W60: =W58+W59 -> -81815.28 | X60: =X58+X59 -> -127110.52 | Y60: =Y58+Y59 -> -170905.75 | Z60: =Z58+Z59 -> -216200.99 | AA60: =AA58+AA59 -> -261496.22 | ... AE60: =AE58+AE59 -> -446529.5
B61: TVA collectée | C61: =C6 -> 1060.8 | D61: =D6 -> 1060.8 | E61: =E6 -> 1060.8 | F61: =F6 -> 1060.8 | G61: =G6 -> 1060.8 | H61: =H6 -> 1060.8 | I61: =I6 -> 1060.8 | J61: =J6 -> 1060.8 | ... N61: =N6 -> 1060.8
B62: TVA ded sur achats | C62: =C15 -> 318.24 | D62: =D15 -> 318.24 | E62: =E15 -> 318.24 | F62: =F15 -> 318.24 | G62: =G15 -> 318.24 | H62: =H15 -> 318.24 | I62: =I15 -> 318.24 | J62: =J15 -> 318.24 | ... N62: =N15 -> 318.24
B63: TVA sur CF | C63: =C24+C26 -> 1481.6071 | D63: =D24+D26 -> 1481.6071 | E63: =E24+E26 -> 1481.6071 | F63: =F24+F26 -> 1481.6071 | G63: =G24+G26 -> 1481.6071 | H63: =H24+H26 -> 1481.6071 | I63: =I24+I26 -> 1481.6071 | J63: =J24+J26 -> 1481.6071 | ... N63: =N24+N26 -> 1481.6071
B64: TVA ded sur immo | C64: =C53 -> 0 | D64: =D53 -> 0 | E64: =E53 -> 0 | F64: =F53 -> 0 | G64: =G53 -> 0 | H64: =H53 -> 0 | I64: =I53 -> 0 | J64: =J53 -> 0 | ... N64: =N53 -> 0
B65: Total TVA déductible | C65: =C62+C63+C64 -> 1799.8471 | D65: =D62+D63+D64 -> 1799.8471 | E65: =E62+E63+E64 -> 1799.8471 | F65: =F62+F63+F64 -> 1799.8471 | G65: =G62+G63+G64 -> 1799.8471 | H65: =H62+H63+H64 -> 1799.8471 | I65: =I62+I63+I64 -> 1799.8471 | J65: =J62+J63+J64 -> 1799.8471 | ... N65: =N62+N63+N64 -> 1799.8471
B66: TVA à décaisser / crédit de TVA | C66: =C61-C65 -> -739.04714 | D66: =D61-D65 -> -739.04714 | E66: =E61-E65 -> -739.04714 | F66: =F61-F65 -> -739.04714 | G66: =G61-G65 -> -739.04714 | H66: =H61-H65 -> -739.04714 | I66: =I61-I65 -> -739.04714 | J66: =J61-J65 -> -739.04714 | ... N66: =N61-N65 -> -739.04714
B67: Règlement | C67: 15000 | D67: =C66 -> -739.04714 | E67: =D66 -> -739.04714 | F67: =E66 -> -739.04714 | G67: =F66 -> -739.04714 | H67: =G66 -> -739.04714 | I67: =H66 -> -739.04714 | J67: =I66 -> -739.04714 | K67: =J66 -> -739.04714 | ... N67: =M66 -> -739.04714 | O67: TVA à décaisser / dettes fiscales | P67: =N66 -> -739.04714
B70: Budget de trésorerie N+1
C71: Janvier | D71: Février | E71: Mars | F71: Avril | G71: Mai | H71: Juin | I71: Juillet | J71: Août | K71: Septembre | L71: Octobre | M71: Novembre | N71: Décembre | O71: à reporter au bilan ou CDR | S71: Compte de résultat Société Red au 31.12.N+1 | V71: Bilan société Red au 31.12.N+1
O72: élément | P72: Montant | S72: Prestation de services | T72: =P5 -> 63648 | V72: Actif | W72: Brut | X72: Amort et Dep | Y72: Net | Z72: Passif | AA72: Net
B73: Ventes | C73: =C8 -> 78000 | D73: =D8 -> 6364.8 | E73: =E8 -> 6364.8 | F73: =F8 -> 6364.8 | G73: =G8 -> 6364.8 | H73: =H8 -> 6364.8 | I73: =I8 -> 6364.8 | J73: =J8 -> 6364.8 | ... N73: =N8 -> 6364.8 | S73: Subvention d'exploitation | T73: 0 | V73: Immobilisations | X73: =X75+X74 -> 46600 | Z73: Capitaux propres
B74: Autres créances | E74: =E9 -> 30000 | H74: 1500 | S74: Total produits d'exploitation | T74: =T72+T73 -> 63648 | V74: Installations techniques, matériel et out. ind | W74: ='Bilan et CDR N'!G7 -> 159000 | X74: ='Bilan et CDR N'!H7+P31*0.75 -> 14125 | Y74: =W74-X74 -> 144875 | Z74: Capital | AA74: ='Bilan et CDR N'!K7+'Hyp | 2 ans + Crédit Bail'!P9 -> 80000
B75: Encaissements des ventes | C75: =C74+C73 -> 78000 | D75: =D74+D73 -> 6364.8 | E75: =E74+E73 -> 36364.8 | F75: =F74+F73 -> 6364.8 | G75: =G74+G73 -> 6364.8 | H75: =H74+H73 -> 7864.8 | I75: =I74+I73 -> 6364.8 | J75: =J74+J73 -> 6364.8 | ... N75: =N74+N73 -> 6364.8 | S75: Achats de MP | T75: =P14 -> 19094.4 | V75: Autres immobilisations corporelles | W75: =P52+'Bilan et CDR N'!G8 -> 55000 | X75: ='Bilan et CDR N'!H8+P31*0.25 -> 32475 | Y75: =W75-X75 -> 22525 | Z75: Réserve légale | AA75: ='Bilan et CDR N'!K8 -> 5000
B76: Décaissements des achats | C76: =C17 -> 25409.44 | D76: =D17 -> 1909.44 | E76: =E17 -> 1909.44 | F76: =F17 -> 1909.44 | G76: =G17 -> 1909.44 | H76: =H17 -> 1909.44 | I76: =I17 -> 1909.44 | J76: =J17 -> 1909.44 | ... N76: =N17 -> 1909.44 | S76: Autres achats et charges externes | T76: =P23+P25 -> 88896.429 | Z76: Autres réserves et report à nouveau | AA76: ='Bilan et CDR N'!K9+'Bilan et CDR N'!C23 -> 22728
B77: Autres dettes | C77: ='Bilan et CDR N'!$K$16/12 -> 375 | D77: ='Bilan et CDR N'!$K$16/12 -> 375 | E77: ='Bilan et CDR N'!$K$16/12 -> 375 | F77: ='Bilan et CDR N'!$K$16/12 -> 375 | G77: ='Bilan et CDR N'!$K$16/12 -> 375 | H77: ='Bilan et CDR N'!$K$16/12 -> 375 | I77: ='Bilan et CDR N'!$K$16/12 -> 375 | J77: ='Bilan et CDR N'!$K$16/12 -> 375 | ... N77: ='Bilan et CDR N'!$K$16/12 -> 375 | S77: Impots, taxes et versements assimilés | T77: =P41 -> 8200 | Z77: Résultat de l'exercice | AA77: =T89 -> -497593.65
B78: Salaires nets | C78: =C33 -> 25625 | D78: =D33 -> 25625 | E78: =E33 -> 25625 | F78: =F33 -> 25625 | G78: =G33 -> 25625 | H78: =H33 -> 25625 | I78: =I33 -> 25625 | J78: =J33 -> 25625 | ... N78: =N33 -> 25625 | S78: Salaires et traitements | T78: =P33 -> 307500
B79: Charges sociales | C79: =C35 -> 16000 | D79: =D35 -> 10250 | E79: =E35 -> 10250 | F79: =F35 -> 10250 | G79: =G35 -> 10250 | H79: =H35 -> 10250 | I79: =I35 -> 10250 | J79: =J35 -> 10250 | ... N79: =N35 -> 10250 | S79: Charges sociales | T79: =P34 -> 123000 | V79: Actif circulant | Z79: Dettes
B80: Impôts et taxes | C80: =C42 -> 0 | D80: =D42 -> 0 | E80: =E42 -> 0 | F80: =F42 -> 0 | G80: =G42 -> 0 | H80: =H42 -> 0 | I80: =I42 -> 0 | J80: =J42 -> 0 | ... N80: =N42 -> 0 | S80: Dotations d'exploitation | T80: =P31 -> 7500 | V80: Stock de matières premières | W80: ='Bilan et CDR N'!G13 -> 15000 | Y80: =W80 -> 15000 | Z80: Emprunts et dettes auprès des établiss. de crédit | AA80: ='Bilan et CDR N'!K13-P44 -> 60000
B81: Décaissements CF | C81: =C28 -> 8889.6429 | D81: =D28 -> 8889.6429 | E81: =E28 -> 8889.6429 | F81: =F28 -> 8889.6429 | G81: =G28 -> 8889.6429 | H81: =H28 -> 8889.6429 | I81: =I28 -> 8889.6429 | J81: =J28 -> 8889.6429 | ... N81: =N28 -> 8889.6429 | S81: Total charges d'exploitation | T81: =SUM(T75:T80) -> 554190.83 | V81: Créances clients et comptes rattachés | W81: =P8 -> 6364.8 | Y81: =W81 -> 6364.8 | Z81: Dettes fournisseurs et comptes rattachés | AA81: =P17 -> 0
B82: Décaissements financiers | C82: =C46 -> 5350 | D82: =D46 -> 5350 | E82: =E46 -> 5350 | F82: =F46 -> 5350 | G82: =G46 -> 5350 | H82: =H46 -> 5350 | I82: =I46 -> 5350 | J82: =J46 -> 5350 | ... N82: =N46 -> 5350 | S82: Résultat d'exploitation | T82: =T74-T81 -> -490542.83 | V82: Disponibilités | W82: =AE60 -> -446529.5 | Y82: =W82 -> -446529.5 | Z82: Dettes fiscales et sociales (2) | AA82: =P67+P35 -> 9510.9529
B83: Décaissements investissements | C83: =C54 -> 0 | D83: =D54 -> 0 | E83: =E54 -> 0 | F83: =F54 -> 0 | G83: =G54 -> 0 | H83: =H54 -> 0 | I83: =I54 -> 0 | J83: =J54 -> 0 | ... N83: =N54 -> 0 | S83: Total produits financiers | T83: 0 | Z83: CBC | AA83: =SUM(T53:AE53) -> 43568
B84: Décaissements TVA | C84: =C67 -> 15000 | D84: =D67 -> -739.04714 | E84: =E67 -> -739.04714 | F84: =F67 -> -739.04714 | G84: =G67 -> -739.04714 | H84: =H67 -> -739.04714 | I84: =I67 -> -739.04714 | J84: =J67 -> -739.04714 | ... N84: =N67 -> -739.04714 | S84: Intérêts et charges assimilées | T84: =P43+SUM(T56:AE56) -> 7050.82 | V84: TOTAL ACTIF | W84: =SUM(W74:W82) -> -211164.7 | Y84: =SUM(Y74:Y83) -> -257764.7 | Z84: TOTAL PASSIF | AA84: =SUM(AA74:AA83) -> -276786.7
B85: Total décaissements | C85: =SUM(C76:C84) -> 96649.083 | D85: =SUM(D76:D84) -> 51660.036 | E85: =SUM(E76:E84) -> 51660.036 | F85: =SUM(F76:F84) -> 51660.036 | G85: =SUM(G76:G84) -> 51660.036 | H85: =SUM(H76:H84) -> 51660.036 | I85: =SUM(I76:I84) -> 51660.036 | J85: =SUM(J76:J84) -> 51660.036 | ... N85: =SUM(N76:N84) -> 51660.036 | S85: Total charges financières | T85: =T84 -> 7050.82 | Z85: ECART | AA85: =Y84-AA84 -> 19022
B86: Solde initial | C86: ='Bilan et CDR N'!I16 -> 6350 | D86: =C88 -> -12299.083 | E86: =D88 -> -57594.319 | F86: =E88 -> -72889.554 | G86: =F88 -> -118184.79 | H86: =G88 -> -163480.03 | I86: =H88 -> -207275.26 | J86: =I88 -> -252570.5 | K86: =J88 -> -297865.73 | ... N86: =M88 -> -441951.44 | S86: Résultat financier | T86: =T83-T85 -> -7050.82
B87: Mouvement du mois | C87: =C75-C85 -> -18649.083 | D87: =D75-D85 -> -45295.236 | E87: =E75-E85 -> -15295.236 | F87: =F75-F85 -> -45295.236 | G87: =G75-G85 -> -45295.236 | H87: =H75-H85 -> -43795.236 | I87: =I75-I85 -> -45295.236 | J87: =J75-J85 -> -45295.236 | ... N87: =N75-N85 -> -45295.236 | S87: Résultat courant avant impôt | T87: =T82-(-T86) -> -497593.65
B88: Solde final | C88: =C86+C87 -> -12299.083 | D88: =D86+D87 -> -57594.319 | E88: =E86+E87 -> -72889.554 | F88: =F86+F87 -> -118184.79 | G88: =G86+G87 -> -163480.03 | H88: =H86+H87 -> -207275.26 | I88: =I86+I87 -> -252570.5 | J88: =J86+J87 -> -297865.73 | ... N88: =N86+N87 -> -487246.68 | O88: Disponibilité | P88: =N88 -> -487246.68 | S88: Résultat exceptionnel
S89: Résultat net | T89: =T87 -> -497593.65
B92: N+2
B95: Budget de ventes N+2
C96: Janvier | D96: Février | E96: Mars | F96: Avril | G96: Mai | H96: Juin | I96: Juillet | J96: Août | K96: Septembre | L96: Octobre | M96: Novembre | N96: Décembre | O96: à reporter au bilan ou CDR
O97: élément | P97: Montant
B98: CA HT | C98: =$P$5*1.03/12 -> 5463.12 | D98: =$P$5*1.03/12 -> 5463.12 | E98: =$P$5*1.03/12 -> 5463.12 | F98: =$P$5*1.03/12 -> 5463.12 | G98: =$P$5*1.03/12 -> 5463.12 | H98: =$P$5*1.03/12 -> 5463.12 | I98: =$P$5*1.03/12 -> 5463.12 | J98: =$P$5*1.03/12 -> 5463.12 | ... N98: =$P$5*1.03/12 -> 5463.12 | O98: Prestation de services | P98: =SUM(C98:N98) -> 65557.44
B99: TVA collectée | C99: =C98*20% -> 1092.624 | D99: =D98*20% -> 1092.624 | E99: =E98*20% -> 1092.624 | F99: =F98*20% -> 1092.624 | G99: =G98*20% -> 1092.624 | H99: =H98*20% -> 1092.624 | I99: =I98*20% -> 1092.624 | J99: =J98*20% -> 1092.624 | ... N99: =N98*20% -> 1092.624
B100: CA TTC | C100: =C98+C99 -> 6555.744 | D100: =D98+D99 -> 6555.744 | E100: =E98+E99 -> 6555.744 | F100: =F98+F99 -> 6555.744 | G100: =G98+G99 -> 6555.744 | H100: =H98+H99 -> 6555.744 | I100: =I98+I99 -> 6555.744 | J100: =J98+J99 -> 6555.744 | ... N100: =N98+N99 -> 6555.744
B101: Règlement reçu | C101: =P8 -> 6364.8 | D101: =C100 -> 6555.744 | E101: =D100 -> 6555.744 | F101: =E100 -> 6555.744 | G101: =F100 -> 6555.744 | H101: =G100 -> 6555.744 | I101: =H100 -> 6555.744 | J101: =I100 -> 6555.744 | K101: =J100 -> 6555.744 | ... N101: =M100 -> 6555.744 | O101: Clients | P101: =N100 -> 6555.744
B104: Budget de achats N+2
C105: Janvier | D105: Février | E105: Mars | F105: Avril | G105: Mai | H105: Juin | I105: Juillet | J105: Août | K105: Septembre | L105: Octobre | M105: Novembre | N105: Décembre | O105: à reporter au bilan ou CDR
O106: élément | P106: Montant
B107: ACHATS HT | C107: =C98*32% -> 1748.1984 | D107: =D98*32% -> 1748.1984 | E107: =E98*32% -> 1748.1984 | F107: =F98*32% -> 1748.1984 | G107: =G98*32% -> 1748.1984 | H107: =H98*32% -> 1748.1984 | I107: =I98*32% -> 1748.1984 | J107: =J98*32% -> 1748.1984 | ... N107: =N98*32% -> 1748.1984 | O107: Achats | P107: =SUM(C107:N107) -> 20978.381
B108: TVA ded sur achats | C108: =C107*20% -> 349.63968 | D108: =D107*20% -> 349.63968 | E108: =E107*20% -> 349.63968 | F108: =F107*20% -> 349.63968 | G108: =G107*20% -> 349.63968 | H108: =H107*20% -> 349.63968 | I108: =I107*20% -> 349.63968 | J108: =J107*20% -> 349.63968 | ... N108: =N107*20% -> 349.63968
B109: Total achat TTC | C109: =C107+C108 -> 2097.8381 | D109: =D107+D108 -> 2097.8381 | E109: =E107+E108 -> 2097.8381 | F109: =F107+F108 -> 2097.8381 | G109: =G107+G108 -> 2097.8381 | H109: =H107+H108 -> 2097.8381 | I109: =I107+I108 -> 2097.8381 | J109: =J107+J108 -> 2097.8381 | ... N109: =N107+N108 -> 2097.8381
B110: Règlement | C110: =C109 -> 2097.8381 | D110: =D109 -> 2097.8381 | E110: =E109 -> 2097.8381 | F110: =F109 -> 2097.8381 | G110: =G109 -> 2097.8381 | H110: =H109 -> 2097.8381 | I110: =I109 -> 2097.8381 | J110: =J109 -> 2097.8381 | ... N110: =N109 -> 2097.8381 | O110: Fournisseurs | P110: 0
B113: Budget de prouduction N+2
C114: Janvier | D114: Février | E114: Mars | F114: Avril | G114: Mai | H114: Juin | I114: Juillet | J114: Août | K114: Septembre | L114: Octobre | M114: Novembre | N114: Décembre | O114: à reporter au bilan ou CDR
O115: élément | P115: Montant
B116: Coûts fixes HT | C116: 7100 | D116: 7100 | E116: 7100 | F116: 7100 | G116: 7100 | H116: 7100 | I116: 7100 | J116: 7100 | K116: 7100 | L116: 7100 | M116: 7100 | N116: 7100 | O116: Autres achats & charges externes | P116: =SUM(C116:N116) -> 85200
...

Sheet Hyp | 2 ans + CB + Comptant
B1: N+1
B2: Budget de ventes N+1
C3: Janvier | D3: Février | E3: Mars | F3: Avril | G3: Mai | H3: Juin | I3: Juillet | J3: Août | K3: Septembre | L3: Octobre | M3: Novembre | N3: Décembre | O3: à reporter au bilan ou CDR
O4: élément | P4: Montant
B5: CA HT | C5: ='Bilan et CDR N'!$C$5*1.01/12 -> 5252 | D5: ='Bilan et CDR N'!$C$5*1.01/12 -> 5252 | E5: ='Bilan et CDR N'!$C$5*1.01/12 -> 5252 | F5: ='Bilan et CDR N'!$C$5*1.01/12 -> 5252 | G5: ='Bilan et CDR N'!$C$5*1.01/12 -> 5252 | H5: ='Bilan et CDR N'!$C$5*1.01/12 -> 5252 | I5: ='Bilan et CDR N'!$C$5*1.01/12 -> 5252 | J5: ='Bilan et CDR N'!$C$5*1.01/12 -> 5252 | ... N5: ='Bilan et CDR N'!$C$5*1.01/12 -> 5252 | O5: Prestation de services | P5: =SUM(C5:N5) -> 63024
B6: TVA collectée | C6: =C5*20% -> 1050.4 | D6: =D5*20% -> 1050.4 | E6: =E5*20% -> 1050.4 | F6: =F5*20% -> 1050.4 | G6: =G5*20% -> 1050.4 | H6: =H5*20% -> 1050.4 | I6: =I5*20% -> 1050.4 | J6: =J5*20% -> 1050.4 | ... N6: =N5*20% -> 1050.4
B7: CA TTC | C7: =C5+C6 -> 6302.4 | D7: =D5+D6 -> 6302.4 | E7: =E5+E6 -> 6302.4 | F7: =F5+F6 -> 6302.4 | G7: =G5+G6 -> 6302.4 | H7: =H5+H6 -> 6302.4 | I7: =I5+I6 -> 6302.4 | J7: =J5+J6 -> 6302.4 | ... N7: =N5+N6 -> 6302.4
B8: Règlement reçu | C8: ='Bilan et CDR N'!I14+C7/2 -> 81151.2 | D8: =C7/2+D7/2 -> 6302.4 | E8: =D7/2+E7/2 -> 6302.4 | F8: =E7/2+F7/2 -> 6302.4 | G8: =F7/2+G7/2 -> 6302.4 | H8: =G7/2+H7/2 -> 6302.4 | I8: =H7/2+I7/2 -> 6302.4 | J8: =I7/2+J7/2 -> 6302.4 | K8: =J7/2+K7/2 -> 6302.4 | ... N8: =M7/2+N7/2 -> 6302.4 | O8: Clients | P8: =N7/2 -> 3151.2
B9: Apport en capital | E9: 30000 | O9: Capital | P9: 30000
B11: Budget de achats N+1
C12: Janvier | D12: Février | E12: Mars | F12: Avril | G12: Mai | H12: Juin | I12: Juillet | J12: Août | K12: Septembre | L12: Octobre | M12: Novembre | N12: Décembre | O12: à reporter au bilan ou CDR
O13: élément | P13: Montant
B14: ACHATS HT | C14: =C5*30% -> 1575.6 | D14: =D5*30% -> 1575.6 | E14: =E5*30% -> 1575.6 | F14: =F5*30% -> 1575.6 | G14: =G5*30% -> 1575.6 | H14: =H5*30% -> 1575.6 | I14: =I5*30% -> 1575.6 | J14: =J5*30% -> 1575.6 | ... N14: =N5*30% -> 1575.6 | O14: Achats | P14: =SUM(C14:N14) -> 18907.2
B15: TVA ded sur achats | C15: =C14*20% -> 315.12 | D15: =D14*20% -> 315.12 | E15: =E14*20% -> 315.12 | F15: =F14*20% -> 315.12 | G15: =G14*20% -> 315.12 | H15: =H14*20% -> 315.12 | I15: =I14*20% -> 315.12 | J15: =J14*20% -> 315.12 | ... N15: =N14*20% -> 315.12
B16: Total achat TTC | C16: =C14+C15 -> 1890.72 | D16: =D14+D15 -> 1890.72 | E16: =E14+E15 -> 1890.72 | F16: =F14+F15 -> 1890.72 | G16: =G14+G15 -> 1890.72 | H16: =H14+H15 -> 1890.72 | I16: =I14+I15 -> 1890.72 | J16: =J14+J15 -> 1890.72 | ... N16: =N14+N15 -> 1890.72
B17: Règlement | C17: =C16+'Bilan et CDR N'!K14 -> 25390.72 | D17: =D16 -> 1890.72 | E17: =E16 -> 1890.72 | F17: =F16 -> 1890.72 | G17: =G16 -> 1890.72 | H17: =H16 -> 1890.72 | I17: =I16 -> 1890.72 | J17: =J16 -> 1890.72 | K17: =K16 -> 1890.72 | ... N17: =N16 -> 1890.72 | O17: Fournisseurs | P17: 0
B20: Budget de production N+1
C21: Janvier | D21: Février | E21: Mars | F21: Avril | G21: Mai | H21: Juin | I21: Juillet | J21: Août | K21: Septembre | L21: Octobre | M21: Novembre | N21: Décembre | O21: à reporter au bilan ou CDR
O22: élément | P22: Montant
B23: Coûts fixes HT | C23: 7100 | D23: 7100 | E23: 7100 | F23: 7100 | G23: 7100 | H23: 7100 | I23: 7100 | J23: 7100 | K23: 7100 | L23: 7100 | M23: 7100 | N23: 7100 | O23: Autres achats & charges externes | P23: =SUM(C23:N23) -> 85200
B24: TVA sur CF | C24: =C23*20% -> 1420 | D24: =D23*20% -> 1420 | E24: =E23*20% -> 1420 | F24: =F23*20% -> 1420 | G24: =G23*20% -> 1420 | H24: =H23*20% -> 1420 | I24: =I23*20% -> 1420 | J24: =J23*20% -> 1420 | ... N24: =N23*20% -> 1420
B25: Loyer Crédit bail véhicule de tourisme | C25: =$P$25/12 -> 308.03571 | D25: =$P$25/12 -> 308.03571 | E25: =$P$25/12 -> 308.03571 | F25: =$P$25/12 -> 308.03571 | G25: =$P$25/12 -> 308.03571 | H25: =$P$25/12 -> 308.03571 | I25: =$P$25/12 -> 308.03571 | J25: =$P$25/12 -> 308.03571 | ... N25: =$P$25/12 -> 308.03571 | O25: Crédit bail véhicule tourisme | P25: =Emprunt!S4 -> 3696.4286
B26: TVA sur crédit bail | C26: =C25*0.2 -> 61.607143 | D26: =D25*0.2 -> 61.607143 | E26: =E25*0.2 -> 61.607143 | F26: =F25*0.2 -> 61.607143 | G26: =G25*0.2 -> 61.607143 | H26: =H25*0.2 -> 61.607143 | I26: =I25*0.2 -> 61.607143 | J26: =J25*0.2 -> 61.607143 | ... N26: =N25*0.2 -> 61.607143
B27: Total TTC des CF hors amortissement | C27: =SUM(C23:C26) -> 8889.6429 | D27: =SUM(D23:D26) -> 8889.6429 | E27: =SUM(E23:E26) -> 8889.6429 | F27: =SUM(F23:F26) -> 8889.6429 | G27: =SUM(G23:G26) -> 8889.6429 | H27: =SUM(H23:H26) -> 8889.6429 | I27: =SUM(I23:I26) -> 8889.6429 | J27: =SUM(J23:J26) -> 8889.6429 | ... N27: =SUM(N23:N26) -> 8889.6429
B28: Règlement | C28: =C27 -> 8889.6429 | D28: =D27 -> 8889.6429 | E28: =E27 -> 8889.6429 | F28: =F27 -> 8889.6429 | G28: =G27 -> 8889.6429 | H28: =H27 -> 8889.6429 | I28: =I27 -> 8889.6429 | J28: =J27 -> 8889.6429 | ... N28: =N27 -> 8889.6429
B29: Amortissemements | N29: 7500
B30: Nouvel amortissement
B31: Total des amortissements | C31: =C29+C30 -> 0 | D31: =D29+D30 -> 0 | E31: =E29+E30 -> 0 | F31: =F29+F30 -> 0 | G31: =G29+G30 -> 0 | H31: =H29+H30 -> 0 | I31: =I29+I30 -> 0 | J31: =J29+J30 -> 0 | ... N31: =N29+N30 -> 7500 | O31: Dotations aux amortissements | P31: =SUM(C31:N31) -> 7500
B32: Salaire Net | C32: =307500/12 -> 25625 | D32: =307500/12 -> 25625 | E32: =307500/12 -> 25625 | F32: =307500/12 -> 25625 | G32: =307500/12 -> 25625 | H32: =307500/12 -> 25625 | I32: =307500/12 -> 25625 | J32: =307500/12 -> 25625 | ... N32: =307500/12 -> 25625
B33: Décaissement salaires nets | C33: =C32 -> 25625 | D33: =D32 -> 25625 | E33: =E32 -> 25625 | F33: =F32 -> 25625 | G33: =G32 -> 25625 | H33: =H32 -> 25625 | I33: =I32 -> 25625 | J33: =J32 -> 25625 | ... N33: =N32 -> 25625 | O33: Salaire | P33: =SUM(C33:N33) -> 307500
B34: Charges sociales | C34: =C32*0.4 -> 10250 | D34: =D32*0.4 -> 10250 | E34: =E32*0.4 -> 10250 | F34: =F32*0.4 -> 10250 | G34: =G32*0.4 -> 10250 | H34: =H32*0.4 -> 10250 | I34: =I32*0.4 -> 10250 | J34: =J32*0.4 -> 10250 | ... N34: =N32*0.4 -> 10250 | O34: Charges sociales | P34: =SUM(C34:N34) -> 123000
B35: Décaissement charges sociales | C35: 16000 | D35: =C34 -> 10250 | E35: =D34 -> 10250 | F35: =E34 -> 10250 | G35: =F34 -> 10250 | H35: =G34 -> 10250 | I35: =H34 -> 10250 | J35: =I34 -> 10250 | K35: =J34 -> 10250 | ... N35: =M34 -> 10250 | O35: Dette URSSAF | P35: =N34 -> 10250
B38: Budget des autres frais, de l'IS et de l'emprunt N+1
C39: Janvier | D39: Février | E39: Mars | F39: Avril | G39: Mai | H39: Juin | I39: Juillet | J39: Août | K39: Septembre | L39: Octobre | M39: Novembre | N39: Décembre | O39: à reporter au bilan ou CDR
O40: élément | P40: Montant
B41: Impôts et taxes | L41: 8200 | O41: Frais généraux / impôts et taxes | P41: =SUM(C41:N41) -> 8200
B42: Règlement frais généraux | L42: 8200
B43: Intérêts | C43: =$P$43/12 -> 350 | D43: =$P$43/12 -> 350 | E43: =$P$43/12 -> 350 | F43: =$P$43/12 -> 350 | G43: =$P$43/12 -> 350 | H43: =$P$43/12 -> 350 | I43: =$P$43/12 -> 350 | J43: =$P$43/12 -> 350 | ... N43: =$P$43/12 -> 350 | O43: Intérêts et charges assimilés | P43: =Informations!D26 -> 4200
B44: Remboursement de l'emprunt | C44: =$P$44/12 -> 5000 | D44: =$P$44/12 -> 5000 | E44: =$P$44/12 -> 5000 | F44: =$P$44/12 -> 5000 | G44: =$P$44/12 -> 5000 | H44: =$P$44/12 -> 5000 | I44: =$P$44/12 -> 5000 | J44: =$P$44/12 -> 5000 | ... N44: =$P$44/12 -> 5000 | O44: Emprunt | P44: =Informations!E26 -> 60000
B45: Remb emprunt avancé | C45: =Informations!$I31 -> 0 | D45: =Informations!$I31 -> 0 | E45: =Informations!$I31 -> 0 | F45: =Informations!$I31 -> 0 | G45: =Informations!$I31 -> 0 | H45: =Informations!$I31 -> 0 | I45: =Informations!$I31 -> 0 | J45: =Informations!$I31 -> 0 | ... N45: =Informations!$I31 -> 0 | O45: Nvx emprunt | P45: =SUM(C45:N45) -> 0
B46: Règlement | C46: =C43+C44+C45 -> 5350 | D46: =D43+D44+D45 -> 5350 | E46: =E43+E44+E45 -> 5350 | F46: =F43+F44+F45 -> 5350 | G46: =G43+G44+G45 -> 5350 | H46: =H43+H44+H45 -> 5350 | I46: =I43+I44+I45 -> 5350 | J46: =J43+J44+J45 -> 5350 | ... N46: =N43+N44+N45 -> 5350
S48: Equilibrage de la trésorerie | T48: Janvier | U48: Février | V48: Mars | W48: Avril | X48: Mai | Y48: Juin | Z48: Juillet | AA48: Août | AB48: Septembre | AC48: Octobre | AD48: Novembre | AE48: Décembre
B49: Budget des investissements N+1
C50: Janvier | D50: Février | E50: Mars | F50: Avril | G50: Mai | H50: Juin | I50: Juillet | J50: Août | K50: Septembre | L50: Octobre | M50: Novembre | N50: Décembre | O50: à reporter au bilan ou CDR | S50: Encaissement des ventes | T50: =C75 -> 81151.2 | U50: =D75 -> 6302.4 | V50: =E75 -> 36302.4 | W50: =F75 -> 6302.4 | X50: =G75 -> 6302.4 | Y50: =H75 -> 7802.4 | Z50: =I75 -> 6302.4 | AA50: =J75 -> 6302.4 | ... AE50: =N75 -> 6302.4
O51: élément | P51: Montant | S51: Effets escoomptés
B52: Acquisitions HT | O52: Immobilisation | P52: =SUM(C52:N52) -> 0 | S52: Effets remis à l'escompte
B53: TVA ded sur immo | C53: =C52*20% -> 0 | S53: Découvert bancaire | AE53: 1241
B54: Total TTC | C54: =C52+C53 -> 0 | S54: Somme totale des encaissements | T54: =T50+T53 -> 81151.2 | U54: =SUM(U50:U53) -> 6302.4 | V54: =SUM(V50:V53) -> 36302.4 | W54: =SUM(W50:W53) -> 6302.4 | X54: =SUM(X50:X53) -> 6302.4 | Y54: =SUM(Y50:Y53) -> 7802.4 | Z54: =SUM(Z50:Z53) -> 6302.4 | AA54: =SUM(AA50:AA53) -> 6302.4 | AB54: =SUM(AB50:AB53) -> 6302.4 | ... AE54: =SUM(AE50:AE53) -> 7543.4
B55: Règlement | C55: =C54 -> 0 | O55: Fournisseurs Immo | P55: 0 | S55: Total décaissement hors agios | T55: =C85 -> 96630.363 | U55: =D85 -> 51634.036 | V55: =E85 -> 51634.036 | W55: =F85 -> 51634.036 | X55: =G85 -> 51634.036 | Y55: =H85 -> 51634.036 | Z55: =I85 -> 51634.036 | AA55: =J85 -> 51634.036 | ... AE55: =N85 -> 51634.036
S56: Agios | U56: =T53*0.07 -> 0 | V56: =U53*0.07 -> 0 | W56: =V53*0.07 -> 0 | X56: =W53*0.07 -> 0 | Y56: =X53*0.07 -> 0 | Z56: =Y53*0.07 -> 0 | AA56: =Z53*0.07 -> 0 | AB56: =AA53*0.07 -> 0 | ... AE56: =AD53*0.07 -> 0
